Workbook
Name AP: 予算!$P$2:$P$193
Name calc1: 予算!$J$2:$J$193
Name D: 見積D!$F$2:$F$2030
Name DNP: 予算!$N$2:$N$193
Name EC: 予算!$M$2:$M$193
Name EU13_: 実績!$J$2:$J$147
Name LABEU: 予算!$T$2:$T$193
Name LAB業者: 予算!$U$2:$U$193
Name recno: 予算!$A$2:$A$193
Name SP: 予算!$Q$2:$Q$193
Name TB: 予算!$R$2:$R$193
Name その他: 予算!$S$2:$S$193
Name ナンバー13D: 実績D!$T$2:$T$932
Name ナンバーD: 見積D!$O$2:$O$2030
Name ラボ13: 実績!$Q$2:$Q$147
Name ラボ13D: 実績D!$Q$2:$Q$932
Name ラボ見積: 見積!$J$2:$J$490
Name ラボ見積D: 見積D!$M$2:$M$2030
Name リピート判別13: 実績!$P$2:$P$147
Name リピート判別13D: 実績D!$N$2:$N$932
Name 案件状況: 見積!$F$2:$F$490
Name 案件状況13: 実績!$F$2:$F$147
Name 案件状況13D: 実績D!$F$2:$F$932
Name 開始時間: 行動!$A$2:$A$137
Name 活動目的: 行動!$D$2:$D$137
Name 期中内13: 実績!$S$2:$S$147
Name 期中内13D: 実績D!$P$2:$P$932
Name 期中内見積: 見積!$L$2:$L$490
Name 期中内見積D: 見積D!$K$2:$K$2030
Name 繰返し_1: 見積!$A$2:$P$2
Name 繰返し_2: 予算!$A$2:$W$2
Name 繰返し_3: 実績!$A$2:$U$2
Name 繰返し_4: 行動!$A$2:$I$2
Name 繰返し_5: 見積D!$A$2:$O$2
Name 繰返し_6: 実績D!$A$2:$T$2
Name 繰返し_7: 顧客!$A$2:$F$2
Name 月: 見積!$O$2:$O$490
Name 月13: 実績!$U$2:$U$147
Name 月行動: 行動!$I$2:$I$137
Name 件数行動: 行動!$F$2:$F$137
Name 見積額: 見積!$C$2:$C$490
Name 見積額13: 実績!$E$2:$E$147
Name 見積額13D: 実績D!$E$2:$E$932
Name 見積額D: 見積D!$C$2:$C$2030
Name 見積数: 見積!$D$2:$D$490
Name 見積数13: 実績!$H$2:$H$147
Name 見積数13D: 実績D!$H$2:$H$932
Name 見積数D: 見積D!$D$2:$D$2030
Name 顧客側担当者No: 顧客!$E$2:$E$1387
Name 顧客担当者名: 見積!$H$2:$H$490
Name 顧客担当者名13: 実績!$L$2:$L$147
Name 顧客担当者名13D: 実績D!$J$2:$J$932
Name 顧客担当者名D: 見積D!$H$2:$H$2030
Name 顧客名: 顧客!$B$2:$B$1387
Name 顧客名13: 実績!$I$2:$I$147
Name 顧客名13D: 実績D!$I$2:$I$932
Name 顧客名見積: 見積!$M$2:$M$490
Name 顧客名見積D: 見積D!$L$2:$L$2030
Name 顧客名行動: 行動!$E$2:$E$137
Name 工事日: 見積!$E$2:$E$490

Sheet 1課合計
A1: 方針会議資料案（Ver1.00） | I1: 【1課】 | O1: 対象日： | R1: 45596 | V1: 対象MTG名： | Z1: 【営業方針会議】
A13: ■個人実績
G14: 合計 | L14: 10月 | Q14: 11月 | V14: 12月 | AA14: 1Q小計 | AF14: 1月 | AK14: 2月 | AP14: 3月 | AU14: 2Q小計 | AZ14: 4月 | BE14: 5月 | BJ14: 6月 | BO14: 3Q小計 | BT14: 7月 | BY14: 8月 | CD14: 9月 | CI14: 4Q小計
G15: 実績 | J15: 比率 | L15: 実績 | O15: 比率 | Q15: 実績 | T15: 比率 | V15: 実績 | Y15: 比率 | AA15: 実績 | AD15: 比率 | AF15: 実績 | AI15: 比率 | AK15: 実績 | AN15: 比率 | AP15: 実績 | AS15: 比率 | AU15: 実績 | AX15: 比率 | AZ15: 実績 | BC15: 比率 | BE15: 実績 | BH15: 比率 | BJ15: 実績 | BM15: 比率 | BO15: 実績 | BR15: 比率 | BT15: 実績 | BW15: 比率 | BY15: 実績 | CB15: 比率 | CD15: 実績 | CG15: 比率 | CI15: 実績 | CL15: 比率
A16: 行動数目標 | G16: =A!G16+B!G16+'C'!G16+D!G16 -> 0 | L16: =A!L16+B!L16+'C'!L16+D!L16 -> 0 | Q16: =A!Q16+B!Q16+'C'!Q16+D!Q16 -> 0 | V16: =A!V16+B!V16+'C'!V16+D!V16 -> 0 | AA16: =A!AA16+B!AA16+'C'!AA16+D!AA16 -> 0 | AF16: =A!AF16+B!AF16+'C'!AF16+D!AF16 -> 0 | AK16: =A!AK16+B!AK16+'C'!AK16+D!AK16 -> 0 | AP16: =A!AP16+B!AP16+'C'!AP16+D!AP16 -> 0 | AU16: =A!AU16+B!AU16+'C'!AU16+D!AU16 -> 0 | AZ16: =A!AZ16+B!AZ16+'C'!AZ16+D!AZ16 -> 0 | BE16: =A!BE16+B!BE16+'C'!BE16+D!BE16 -> 0 | BJ16: =A!BJ16+B!BJ16+'C'!BJ16+D!BJ16 -> 0 | BO16: =A!BO16+B!BO16+'C'!BO16+D!BO16 -> 0 | BT16: =A!BT16+B!BT16+'C'!BT16+D!BT16 -> 0 | BY16: =A!BY16+B!BY16+'C'!BY16+D!BY16 -> 0 | CD16: =A!CD16+B!CD16+'C'!CD16+D!CD16 -> 0 | CI16: =A!CI16+B!CI16+'C'!CI16+D!CI16 -> 0
A17: 行動数 | G17: =A!G17+B!G17+'C'!G17+D!G17 -> 0 | J17: =G17/G16 -> #DIV/0! | L17: =A!L17+B!L17+'C'!L17+D!L17 -> 0 | O17: =L17/L16 -> #DIV/0! | Q17: =A!Q17+B!Q17+'C'!Q17+D!Q17 -> 0 | T17: =Q17/Q16 -> #DIV/0! | V17: =A!V17+B!V17+'C'!V17+D!V17 -> 0 | Y17: =V17/V16 -> #DIV/0! | AA17: =A!AA17+B!AA17+'C'!AA17+D!AA17 -> 0 | AD17: =AA17/AA16 -> #DIV/0! | AF17: =A!AF17+B!AF17+'C'!AF17+D!AF17 -> 0 | AI17: =AF17/AF16 -> #DIV/0! | AK17: =A!AK17+B!AK17+'C'!AK17+D!AK17 -> 0 | AN17: =AK17/AK16 -> #DIV/0! | AP17: =A!AP17+B!AP17+'C'!AP17+D!AP17 -> 0 | AS17: =AP17/AP16 -> #DIV/0! | AU17: =A!AU17+B!AU17+'C'!AU17+D!AU17 -> 0 | AX17: =AU17/AU16 -> #DIV/0! | AZ17: =A!AZ17+B!AZ17+'C'!AZ17+D!AZ17 -> 0 | BC17: =AZ17/AZ16 -> #DIV/0! | BE17: =A!BE17+B!BE17+'C'!BE17+D!BE17 -> 0 | BH17: =BE17/BE16 -> #DIV/0! | BJ17: =A!BJ17+B!BJ17+'C'!BJ17+D!BJ17 -> 0 | BM17: =BJ17/BJ16 -> #DIV/0! | BO17: =A!BO17+B!BO17+'C'!BO17+D!BO17 -> 0 | BR17: =BO17/BO16 -> #DIV/0! | BT17: =A!BT17+B!BT17+'C'!BT17+D!BT17 -> 0 | BW17: =BT17/BT16 -> #DIV/0! | BY17: =A!BY17+B!BY17+'C'!BY17+D!BY17 -> 0 | CB17: =BY17/BY16 -> #DIV/0! | CD17: =A!CD17+B!CD17+'C'!CD17+D!CD17 -> 0 | CG17: =CD17/CD16 -> #DIV/0! | CI17: =A!CI17+B!CI17+'C'!CI17+D!CI17 -> 0 | CL17: =CI17/CI16 -> #DIV/0!
A18: 見積数目標 | G18: =A!G18+B!G18+'C'!G18+D!G18 -> 0 | L18: =A!L18+B!L18+'C'!L18+D!L18 -> 0 | Q18: =A!Q18+B!Q18+'C'!Q18+D!Q18 -> 0 | V18: =A!V18+B!V18+'C'!V18+D!V18 -> 0 | AA18: =A!AA18+B!AA18+'C'!AA18+D!AA18 -> 0 | AF18: =A!AF18+B!AF18+'C'!AF18+D!AF18 -> 0 | AK18: =A!AK18+B!AK18+'C'!AK18+D!AK18 -> 0 | AP18: =A!AP18+B!AP18+'C'!AP18+D!AP18 -> 0 | AU18: =A!AU18+B!AU18+'C'!AU18+D!AU18 -> 0 | AZ18: =A!AZ18+B!AZ18+'C'!AZ18+D!AZ18 -> 0 | BE18: =A!BE18+B!BE18+'C'!BE18+D!BE18 -> 0 | BJ18: =A!BJ18+B!BJ18+'C'!BJ18+D!BJ18 -> 0 | BO18: =A!BO18+B!BO18+'C'!BO18+D!BO18 -> 0 | BT18: =A!BT18+B!BT18+'C'!BT18+D!BT18 -> 0 | BY18: =A!BY18+B!BY18+'C'!BY18+D!BY18 -> 0 | CD18: =A!CD18+B!CD18+'C'!CD18+D!CD18 -> 0 | CI18: =A!CI18+B!CI18+'C'!CI18+D!CI18 -> 0
A19: 見積数 | G19: =A!G19+B!G19+'C'!G19+D!G19 -> 0 | J19: =G19/G18 -> #DIV/0! | L19: =A!L19+B!L19+'C'!L19+D!L19 -> 0 | O19: =L19/L18 -> #DIV/0! | Q19: =A!Q19+B!Q19+'C'!Q19+D!Q19 -> 0 | T19: =Q19/Q18 -> #DIV/0! | V19: =A!V19+B!V19+'C'!V19+D!V19 -> 0 | Y19: =V19/V18 -> #DIV/0! | AA19: =A!AA19+B!AA19+'C'!AA19+D!AA19 -> 0 | AD19: =AA19/AA18 -> #DIV/0! | AF19: =A!AF19+B!AF19+'C'!AF19+D!AF19 -> 0 | AI19: =AF19/AF18 -> #DIV/0! | AK19: =A!AK19+B!AK19+'C'!AK19+D!AK19 -> 0 | AN19: =AK19/AK18 -> #DIV/0! | AP19: =A!AP19+B!AP19+'C'!AP19+D!AP19 -> 0 | AS19: =AP19/AP18 -> #DIV/0! | AU19: =A!AU19+B!AU19+'C'!AU19+D!AU19 -> 0 | AX19: =AU19/AU18 -> #DIV/0! | AZ19: =A!AZ19+B!AZ19+'C'!AZ19+D!AZ19 -> 0 | BC19: =AZ19/AZ18 -> #DIV/0! | BE19: =A!BE19+B!BE19+'C'!BE19+D!BE19 -> 0 | BH19: =BE19/BE18 -> #DIV/0! | BJ19: =A!BJ19+B!BJ19+'C'!BJ19+D!BJ19 -> 0 | BM19: =BJ19/BJ18 -> #DIV/0! | BO19: =A!BO19+B!BO19+'C'!BO19+D!BO19 -> 0 | BR19: =BO19/BO18 -> #DIV/0! | BT19: =A!BT19+B!BT19+'C'!BT19+D!BT19 -> 0 | BW19: =BT19/BT18 -> #DIV/0! | BY19: =A!BY19+B!BY19+'C'!BY19+D!BY19 -> 0 | CB19: =BY19/BY18 -> #DIV/0! | CD19: =A!CD19+B!CD19+'C'!CD19+D!CD19 -> 0 | CG19: =CD19/CD18 -> #DIV/0! | CI19: =A!CI19+B!CI19+'C'!CI19+D!CI19 -> 0 | CL19: =CI19/CI18 -> #DIV/0!
A20: 売上目標 | G20: =A!G20+B!G20+'C'!G20+D!G20 -> 0 | L20: =A!L20+B!L20+'C'!L20+D!L20 -> 0 | Q20: =A!Q20+B!Q20+'C'!Q20+D!Q20 -> 0 | V20: =A!V20+B!V20+'C'!V20+D!V20 -> 0 | AA20: =A!AA20+B!AA20+'C'!AA20+D!AA20 -> 0 | AF20: =A!AF20+B!AF20+'C'!AF20+D!AF20 -> 0 | AK20: =A!AK20+B!AK20+'C'!AK20+D!AK20 -> 0 | AP20: =A!AP20+B!AP20+'C'!AP20+D!AP20 -> 0 | AU20: =A!AU20+B!AU20+'C'!AU20+D!AU20 -> 0 | AZ20: =A!AZ20+B!AZ20+'C'!AZ20+D!AZ20 -> 0 | BE20: =A!BE20+B!BE20+'C'!BE20+D!BE20 -> 0 | BJ20: =A!BJ20+B!BJ20+'C'!BJ20+D!BJ20 -> 0 | BO20: =A!BO20+B!BO20+'C'!BO20+D!BO20 -> 0 | BT20: =A!BT20+B!BT20+'C'!BT20+D!BT20 -> 0 | BY20: =A!BY20+B!BY20+'C'!BY20+D!BY20 -> 0 | CD20: =A!CD20+B!CD20+'C'!CD20+D!CD20 -> 0 | CI20: =A!CI20+B!CI20+'C'!CI20+D!CI20 -> 0
A21: AP | G21: =A!G21+B!G21+'C'!G21+D!G21 -> 0 | L21: =A!L21+B!L21+'C'!L21+D!L21 -> 0 | Q21: =A!Q21+B!Q21+'C'!Q21+D!Q21 -> 0 | V21: =A!V21+B!V21+'C'!V21+D!V21 -> 0 | AA21: =A!AA21+B!AA21+'C'!AA21+D!AA21 -> 0 | AF21: =A!AF21+B!AF21+'C'!AF21+D!AF21 -> 0 | AK21: =A!AK21+B!AK21+'C'!AK21+D!AK21 -> 0 | AP21: =A!AP21+B!AP21+'C'!AP21+D!AP21 -> 0 | AU21: =A!AU21+B!AU21+'C'!AU21+D!AU21 -> 0 | AZ21: =A!AZ21+B!AZ21+'C'!AZ21+D!AZ21 -> 0 | BE21: =A!BE21+B!BE21+'C'!BE21+D!BE21 -> 0 | BJ21: =A!BJ21+B!BJ21+'C'!BJ21+D!BJ21 -> 0 | BO21: =A!BO21+B!BO21+'C'!BO21+D!BO21 -> 0 | BT21: =A!BT21+B!BT21+'C'!BT21+D!BT21 -> 0 | BY21: =A!BY21+B!BY21+'C'!BY21+D!BY21 -> 0 | CD21: =A!CD21+B!CD21+'C'!CD21+D!CD21 -> 0 | CI21: =A!CI21+B!CI21+'C'!CI21+D!CI21 -> 0
A22: SP | G22: =A!G22+B!G22+'C'!G22+D!G22 -> 0 | L22: =A!L22+B!L22+'C'!L22+D!L22 -> 0 | Q22: =A!Q22+B!Q22+'C'!Q22+D!Q22 -> 0 | V22: =A!V22+B!V22+'C'!V22+D!V22 -> 0 | AA22: =A!AA22+B!AA22+'C'!AA22+D!AA22 -> 0 | AF22: =A!AF22+B!AF22+'C'!AF22+D!AF22 -> 0 | AK22: =A!AK22+B!AK22+'C'!AK22+D!AK22 -> 0 | AP22: =A!AP22+B!AP22+'C'!AP22+D!AP22 -> 0 | AU22: =A!AU22+B!AU22+'C'!AU22+D!AU22 -> 0 | AZ22: =A!AZ22+B!AZ22+'C'!AZ22+D!AZ22 -> 0 | BE22: =A!BE22+B!BE22+'C'!BE22+D!BE22 -> 0 | BJ22: =A!BJ22+B!BJ22+'C'!BJ22+D!BJ22 -> 0 | BO22: =A!BO22+B!BO22+'C'!BO22+D!BO22 -> 0 | BT22: =A!BT22+B!BT22+'C'!BT22+D!BT22 -> 0 | BY22: =A!BY22+B!BY22+'C'!BY22+D!BY22 -> 0 | CD22: =A!CD22+B!CD22+'C'!CD22+D!CD22 -> 0 | CI22: =A!CI22+B!CI22+'C'!CI22+D!CI22 -> 0
A23: TB | G23: =A!G23+B!G23+'C'!G23+D!G23 -> 0 | L23: =A!L23+B!L23+'C'!L23+D!L23 -> 0 | Q23: =A!Q23+B!Q23+'C'!Q23+D!Q23 -> 0 | V23: =A!V23+B!V23+'C'!V23+D!V23 -> 0 | AA23: =A!AA23+B!AA23+'C'!AA23+D!AA23 -> 0 | AF23: =A!AF23+B!AF23+'C'!AF23+D!AF23 -> 0 | AK23: =A!AK23+B!AK23+'C'!AK23+D!AK23 -> 0 | AP23: =A!AP23+B!AP23+'C'!AP23+D!AP23 -> 0 | AU23: =A!AU23+B!AU23+'C'!AU23+D!AU23 -> 0 | AZ23: =A!AZ23+B!AZ23+'C'!AZ23+D!AZ23 -> 0 | BE23: =A!BE23+B!BE23+'C'!BE23+D!BE23 -> 0 | BJ23: =A!BJ23+B!BJ23+'C'!BJ23+D!BJ23 -> 0 | BO23: =A!BO23+B!BO23+'C'!BO23+D!BO23 -> 0 | BT23: =A!BT23+B!BT23+'C'!BT23+D!BT23 -> 0 | BY23: =A!BY23+B!BY23+'C'!BY23+D!BY23 -> 0 | CD23: =A!CD23+B!CD23+'C'!CD23+D!CD23 -> 0 | CI23: =A!CI23+B!CI23+'C'!CI23+D!CI23 -> 0
A24: その他 | G24: =A!G24+B!G24+'C'!G24+D!G24 -> 0 | L24: =A!L24+B!L24+'C'!L24+D!L24 -> 0 | Q24: =A!Q24+B!Q24+'C'!Q24+D!Q24 -> 0 | V24: =A!V24+B!V24+'C'!V24+D!V24 -> 0 | AA24: =A!AA24+B!AA24+'C'!AA24+D!AA24 -> 0 | AF24: =A!AF24+B!AF24+'C'!AF24+D!AF24 -> 0 | AK24: =A!AK24+B!AK24+'C'!AK24+D!AK24 -> 0 | AP24: =A!AP24+B!AP24+'C'!AP24+D!AP24 -> 0 | AU24: =A!AU24+B!AU24+'C'!AU24+D!AU24 -> 0 | AZ24: =A!AZ24+B!AZ24+'C'!AZ24+D!AZ24 -> 0 | BE24: =A!BE24+B!BE24+'C'!BE24+D!BE24 -> 0 | BJ24: =A!BJ24+B!BJ24+'C'!BJ24+D!BJ24 -> 0 | BO24: =A!BO24+B!BO24+'C'!BO24+D!BO24 -> 0 | BT24: =A!BT24+B!BT24+'C'!BT24+D!BT24 -> 0 | BY24: =A!BY24+B!BY24+'C'!BY24+D!BY24 -> 0 | CD24: =A!CD24+B!CD24+'C'!CD24+D!CD24 -> 0 | CI24: =A!CI24+B!CI24+'C'!CI24+D!CI24 -> 0
A25: 売上実績 | G25: =A!G25+B!G25+'C'!G25+D!G25 -> 0 | J25: =G25/G20 -> #DIV/0! | L25: =A!L25+B!L25+'C'!L25+D!L25 -> 0 | O25: =L25/L20 -> #DIV/0! | Q25: =A!Q25+B!Q25+'C'!Q25+D!Q25 -> 0 | T25: =Q25/Q20 -> #DIV/0! | V25: =A!V25+B!V25+'C'!V25+D!V25 -> 0 | Y25: =V25/V20 -> #DIV/0! | AA25: =A!AA25+B!AA25+'C'!AA25+D!AA25 -> 0 | AD25: =AA25/AA20 -> #DIV/0! | AF25: =A!AF25+B!AF25+'C'!AF25+D!AF25 -> 0 | AI25: =AF25/AF20 -> #DIV/0! | AK25: =A!AK25+B!AK25+'C'!AK25+D!AK25 -> 0 | AN25: =AK25/AK20 -> #DIV/0! | AP25: =A!AP25+B!AP25+'C'!AP25+D!AP25 -> 0 | AS25: =AP25/AP20 -> #DIV/0! | AU25: =A!AU25+B!AU25+'C'!AU25+D!AU25 -> 0 | AX25: =AU25/AU20 -> #DIV/0! | AZ25: =A!AZ25+B!AZ25+'C'!AZ25+D!AZ25 -> 0 | BC25: =AZ25/AZ20 -> #DIV/0! | BE25: =A!BE25+B!BE25+'C'!BE25+D!BE25 -> 0 | BH25: =BE25/BE20 -> #DIV/0! | BJ25: =A!BJ25+B!BJ25+'C'!BJ25+D!BJ25 -> 0 | BM25: =BJ25/BJ20 -> #DIV/0! | BO25: =A!BO25+B!BO25+'C'!BO25+D!BO25 -> 0 | BR25: =BO25/BO20 -> #DIV/0! | BT25: =A!BT25+B!BT25+'C'!BT25+D!BT25 -> 0 | BW25: =BT25/BT20 -> #DIV/0! | BY25: =A!BY25+B!BY25+'C'!BY25+D!BY25 -> 0 | CB25: =BY25/BY20 -> #DIV/0! | CD25: =A!CD25+B!CD25+'C'!CD25+D!CD25 -> 0 | CG25: =CD25/CD20 -> #DIV/0! | CI25: =A!CI25+B!CI25+'C'!CI25+D!CI25 -> 0 | CL25: =CI25/CI20 -> #DIV/0!
A26: AP | G26: =A!G26+B!G26+'C'!G26+D!G26 -> 0 | J26: =G26/G21 -> #DIV/0! | L26: =A!L26+B!L26+'C'!L26+D!L26 -> 0 | O26: =L26/L21 -> #DIV/0! | Q26: =A!Q26+B!Q26+'C'!Q26+D!Q26 -> 0 | T26: =Q26/Q21 -> #DIV/0! | V26: =A!V26+B!V26+'C'!V26+D!V26 -> 0 | Y26: =V26/V21 -> #DIV/0! | AA26: =A!AA26+B!AA26+'C'!AA26+D!AA26 -> 0 | AD26: =AA26/AA21 -> #DIV/0! | AF26: =A!AF26+B!AF26+'C'!AF26+D!AF26 -> 0 | AI26: =AF26/AF21 -> #DIV/0! | AK26: =A!AK26+B!AK26+'C'!AK26+D!AK26 -> 0 | AN26: =AK26/AK21 -> #DIV/0! | AP26: =A!AP26+B!AP26+'C'!AP26+D!AP26 -> 0 | AS26: =AP26/AP21 -> #DIV/0! | AU26: =A!AU26+B!AU26+'C'!AU26+D!AU26 -> 0 | AX26: =AU26/AU21 -> #DIV/0! | AZ26: =A!AZ26+B!AZ26+'C'!AZ26+D!AZ26 -> 0 | BC26: =AZ26/AZ21 -> #DIV/0! | BE26: =A!BE26+B!BE26+'C'!BE26+D!BE26 -> 0 | BH26: =BE26/BE21 -> #DIV/0! | BJ26: =A!BJ26+B!BJ26+'C'!BJ26+D!BJ26 -> 0 | BM26: =BJ26/BJ21 -> #DIV/0! | BO26: =A!BO26+B!BO26+'C'!BO26+D!BO26 -> 0 | BR26: =BO26/BO21 -> #DIV/0! | BT26: =A!BT26+B!BT26+'C'!BT26+D!BT26 -> 0 | BW26: =BT26/BT21 -> #DIV/0! | BY26: =A!BY26+B!BY26+'C'!BY26+D!BY26 -> 0 | CB26: =BY26/BY21 -> #DIV/0! | CD26: =A!CD26+B!CD26+'C'!CD26+D!CD26 -> 0 | CG26: =CD26/CD21 -> #DIV/0! | CI26: =A!CI26+B!CI26+'C'!CI26+D!CI26 -> 0 | CL26: =CI26/CI21 -> #DIV/0!
A27: SP | G27: =A!G27+B!G27+'C'!G27+D!G27 -> 0 | J27: =G27/G22 -> #DIV/0! | L27: =A!L27+B!L27+'C'!L27+D!L27 -> 0 | O27: =L27/L22 -> #DIV/0! | Q27: =A!Q27+B!Q27+'C'!Q27+D!Q27 -> 0 | T27: =Q27/Q22 -> #DIV/0! | V27: =A!V27+B!V27+'C'!V27+D!V27 -> 0 | Y27: =V27/V22 -> #DIV/0! | AA27: =A!AA27+B!AA27+'C'!AA27+D!AA27 -> 0 | AD27: =AA27/AA22 -> #DIV/0! | AF27: =A!AF27+B!AF27+'C'!AF27+D!AF27 -> 0 | AI27: =AF27/AF22 -> #DIV/0! | AK27: =A!AK27+B!AK27+'C'!AK27+D!AK27 -> 0 | AN27: =AK27/AK22 -> #DIV/0! | AP27: =A!AP27+B!AP27+'C'!AP27+D!AP27 -> 0 | AS27: =AP27/AP22 -> #DIV/0! | AU27: =A!AU27+B!AU27+'C'!AU27+D!AU27 -> 0 | AX27: =AU27/AU22 -> #DIV/0! | AZ27: =A!AZ27+B!AZ27+'C'!AZ27+D!AZ27 -> 0 | BC27: =AZ27/AZ22 -> #DIV/0! | BE27: =A!BE27+B!BE27+'C'!BE27+D!BE27 -> 0 | BH27: =BE27/BE22 -> #DIV/0! | BJ27: =A!BJ27+B!BJ27+'C'!BJ27+D!BJ27 -> 0 | BM27: =BJ27/BJ22 -> #DIV/0! | BO27: =A!BO27+B!BO27+'C'!BO27+D!BO27 -> 0 | BR27: =BO27/BO22 -> #DIV/0! | BT27: =A!BT27+B!BT27+'C'!BT27+D!BT27 -> 0 | BW27: =BT27/BT22 -> #DIV/0! | BY27: =A!BY27+B!BY27+'C'!BY27+D!BY27 -> 0 | CB27: =BY27/BY22 -> #DIV/0! | CD27: =A!CD27+B!CD27+'C'!CD27+D!CD27 -> 0 | CG27: =CD27/CD22 -> #DIV/0! | CI27: =A!CI27+B!CI27+'C'!CI27+D!CI27 -> 0 | CL27: =CI27/CI22 -> #DIV/0!
A28: TB | G28: =A!G28+B!G28+'C'!G28+D!G28 -> 0 | J28: =G28/G23 -> #DIV/0! | L28: =A!L28+B!L28+'C'!L28+D!L28 -> 0 | O28: =L28/L23 -> #DIV/0! | Q28: =A!Q28+B!Q28+'C'!Q28+D!Q28 -> 0 | T28: =Q28/Q23 -> #DIV/0! | V28: =A!V28+B!V28+'C'!V28+D!V28 -> 0 | Y28: =V28/V23 -> #DIV/0! | AA28: =A!AA28+B!AA28+'C'!AA28+D!AA28 -> 0 | AD28: =AA28/AA23 -> #DIV/0! | AF28: =A!AF28+B!AF28+'C'!AF28+D!AF28 -> 0 | AI28: =AF28/AF23 -> #DIV/0! | AK28: =A!AK28+B!AK28+'C'!AK28+D!AK28 -> 0 | AN28: =AK28/AK23 -> #DIV/0! | AP28: =A!AP28+B!AP28+'C'!AP28+D!AP28 -> 0 | AS28: =AP28/AP23 -> #DIV/0! | AU28: =A!AU28+B!AU28+'C'!AU28+D!AU28 -> 0 | AX28: =AU28/AU23 -> #DIV/0! | AZ28: =A!AZ28+B!AZ28+'C'!AZ28+D!AZ28 -> 0 | BC28: =AZ28/AZ23 -> #DIV/0! | BE28: =A!BE28+B!BE28+'C'!BE28+D!BE28 -> 0 | BH28: =BE28/BE23 -> #DIV/0! | BJ28: =A!BJ28+B!BJ28+'C'!BJ28+D!BJ28 -> 0 | BM28: =BJ28/BJ23 -> #DIV/0! | BO28: =A!BO28+B!BO28+'C'!BO28+D!BO28 -> 0 | BR28: =BO28/BO23 -> #DIV/0! | BT28: =A!BT28+B!BT28+'C'!BT28+D!BT28 -> 0 | BW28: =BT28/BT23 -> #DIV/0! | BY28: =A!BY28+B!BY28+'C'!BY28+D!BY28 -> 0 | CB28: =BY28/BY23 -> #DIV/0! | CD28: =A!CD28+B!CD28+'C'!CD28+D!CD28 -> 0 | CG28: =CD28/CD23 -> #DIV/0! | CI28: =A!CI28+B!CI28+'C'!CI28+D!CI28 -> 0 | CL28: =CI28/CI23 -> #DIV/0!
A29: その他 | G29: =A!G29+B!G29+'C'!G29+D!G29 -> 0 | J29: =G29/G24 -> #DIV/0! | L29: =A!L29+B!L29+'C'!L29+D!L29 -> 0 | O29: =L29/L24 -> #DIV/0! | Q29: =A!Q29+B!Q29+'C'!Q29+D!Q29 -> 0 | T29: =Q29/Q24 -> #DIV/0! | V29: =A!V29+B!V29+'C'!V29+D!V29 -> 0 | Y29: =V29/V24 -> #DIV/0! | AA29: =A!AA29+B!AA29+'C'!AA29+D!AA29 -> 0 | AD29: =AA29/AA24 -> #DIV/0! | AF29: =A!AF29+B!AF29+'C'!AF29+D!AF29 -> 0 | AI29: =AF29/AF24 -> #DIV/0! | AK29: =A!AK29+B!AK29+'C'!AK29+D!AK29 -> 0 | AN29: =AK29/AK24 -> #DIV/0! | AP29: =A!AP29+B!AP29+'C'!AP29+D!AP29 -> 0 | AS29: =AP29/AP24 -> #DIV/0! | AU29: =A!AU29+B!AU29+'C'!AU29+D!AU29 -> 0 | AX29: =AU29/AU24 -> #DIV/0! | AZ29: =A!AZ29+B!AZ29+'C'!AZ29+D!AZ29 -> 0 | BC29: =AZ29/AZ24 -> #DIV/0! | BE29: =A!BE29+B!BE29+'C'!BE29+D!BE29 -> 0 | BH29: =BE29/BE24 -> #DIV/0! | BJ29: =A!BJ29+B!BJ29+'C'!BJ29+D!BJ29 -> 0 | BM29: =BJ29/BJ24 -> #DIV/0! | BO29: =A!BO29+B!BO29+'C'!BO29+D!BO29 -> 0 | BR29: =BO29/BO24 -> #DIV/0! | BT29: =A!BT29+B!BT29+'C'!BT29+D!BT29 -> 0 | BW29: =BT29/BT24 -> #DIV/0! | BY29: =A!BY29+B!BY29+'C'!BY29+D!BY29 -> 0 | CB29: =BY29/BY24 -> #DIV/0! | CD29: =A!CD29+B!CD29+'C'!CD29+D!CD29 -> 0 | CG29: =CD29/CD24 -> #DIV/0! | CI29: =A!CI29+B!CI29+'C'!CI29+D!CI29 -> 0 | CL29: =CI29/CI24 -> #DIV/0!
A30: 受注件数 | G30: =A!G30+B!G30+'C'!G30+D!G30 -> 0 | L30: =A!L30+B!L30+'C'!L30+D!L30 -> 0 | Q30: =A!Q30+B!Q30+'C'!Q30+D!Q30 -> 0 | V30: =A!V30+B!V30+'C'!V30+D!V30 -> 0 | AA30: =A!AA30+B!AA30+'C'!AA30+D!AA30 -> 0 | AF30: =A!AF30+B!AF30+'C'!AF30+D!AF30 -> 0 | AK30: =A!AK30+B!AK30+'C'!AK30+D!AK30 -> 0 | AP30: =A!AP30+B!AP30+'C'!AP30+D!AP30 -> 0 | AU30: =A!AU30+B!AU30+'C'!AU30+D!AU30 -> 0 | AZ30: =A!AZ30+B!AZ30+'C'!AZ30+D!AZ30 -> 0 | BE30: =A!BE30+B!BE30+'C'!BE30+D!BE30 -> 0 | BJ30: =A!BJ30+B!BJ30+'C'!BJ30+D!BJ30 -> 0 | BO30: =A!BO30+B!BO30+'C'!BO30+D!BO30 -> 0 | BT30: =A!BT30+B!BT30+'C'!BT30+D!BT30 -> 0 | BY30: =A!BY30+B!BY30+'C'!BY30+D!BY30 -> 0 | CD30: =A!CD30+B!CD30+'C'!CD30+D!CD30 -> 0 | CI30: =A!CI30+B!CI30+'C'!CI30+D!CI30 -> 0
A31: 受注率 | G31: =G30/G19 -> #DIV/0! | L31: =L30/L19 -> #DIV/0! | Q31: =Q30/Q19 -> #DIV/0! | V31: =V30/V19 -> #DIV/0! | AA31: =AA30/AA19 -> #DIV/0! | AF31: =AF30/AF19 -> #DIV/0! | AK31: =AK30/AK19 -> #DIV/0! | AP31: =AP30/AP19 -> #DIV/0! | AU31: =AU30/AU19 -> #DIV/0! | AZ31: =AZ30/AZ19 -> #DIV/0! | BE31: =BE30/BE19 -> #DIV/0! | BJ31: =BJ30/BJ19 -> #DIV/0! | BO31: =BO30/BO19 -> #DIV/0! | BT31: =BT30/BT19 -> #DIV/0! | BY31: =BY30/BY19 -> #DIV/0! | CD31: =CD30/CD19 -> #DIV/0! | CI31: =CI30/CI19 -> #DIV/0!
A32: 受注単価 | G32: =G25/G30 -> #DIV/0! | L32: =L25/L30 -> #DIV/0! | Q32: =Q25/Q30 -> #DIV/0! | V32: =V25/V30 -> #DIV/0! | AA32: =AA25/AA30 -> #DIV/0! | AF32: =AF25/AF30 -> #DIV/0! | AK32: =AK25/AK30 -> #DIV/0! | AP32: =AP25/AP30 -> #DIV/0! | AU32: =AU25/AU30 -> #DIV/0! | AZ32: =AZ25/AZ30 -> #DIV/0! | BE32: =BE25/BE30 -> #DIV/0! | BJ32: =BJ25/BJ30 -> #DIV/0! | BO32: =BO25/BO30 -> #DIV/0! | BT32: =BT25/BT30 -> #DIV/0! | BY32: =BY25/BY30 -> #DIV/0! | CD32: =CD25/CD30 -> #DIV/0! | CI32: =CI25/CI30 -> #DIV/0!
A33: 販利目標 | G33: =A!G33+B!G33+'C'!G33+D!G33 -> 0 | L33: =A!L33+B!L33+'C'!L33+D!L33 -> 0 | Q33: =A!Q33+B!Q33+'C'!Q33+D!Q33 -> 0 | V33: =A!V33+B!V33+'C'!V33+D!V33 -> 0 | AA33: =A!AA33+B!AA33+'C'!AA33+D!AA33 -> 0 | AF33: =A!AF33+B!AF33+'C'!AF33+D!AF33 -> 0 | AK33: =A!AK33+B!AK33+'C'!AK33+D!AK33 -> 0 | AP33: =A!AP33+B!AP33+'C'!AP33+D!AP33 -> 0 | AU33: =A!AU33+B!AU33+'C'!AU33+D!AU33 -> 0 | AZ33: =A!AZ33+B!AZ33+'C'!AZ33+D!AZ33 -> 0 | BE33: =A!BE33+B!BE33+'C'!BE33+D!BE33 -> 0 | BJ33: =A!BJ33+B!BJ33+'C'!BJ33+D!BJ33 -> 0 | BO33: =A!BO33+B!BO33+'C'!BO33+D!BO33 -> 0 | BT33: =A!BT33+B!BT33+'C'!BT33+D!BT33 -> 0 | BY33: =A!BY33+B!BY33+'C'!BY33+D!BY33 -> 0 | CD33: =A!CD33+B!CD33+'C'!CD33+D!CD33 -> 0 | CI33: =A!CI33+B!CI33+'C'!CI33+D!CI33 -> 0
A34: 販利率目標 | G34: =G33/G20 -> #DIV/0! | L34: =L33/L20 -> #DIV/0! | Q34: =Q33/Q20 -> #DIV/0! | V34: =V33/V20 -> #DIV/0! | AA34: =AA33/AA20 -> #DIV/0! | AF34: =AF33/AF20 -> #DIV/0! | AK34: =AK33/AK20 -> #DIV/0! | AP34: =AP33/AP20 -> #DIV/0! | AU34: =AU33/AU20 -> #DIV/0! | AZ34: =AZ33/AZ20 -> #DIV/0! | BE34: =BE33/BE20 -> #DIV/0! | BJ34: =BJ33/BJ20 -> #DIV/0! | BO34: =BO33/BO20 -> #DIV/0! | BT34: =BT33/BT20 -> #DIV/0! | BY34: =BY33/BY20 -> #DIV/0! | CD34: =CD33/CD20 -> #DIV/0! | CI34: =CI33/CI20 -> #DIV/0!
A35: 販利（予算） | G35: =A!G35+B!G35+'C'!G35 -> 0 | J35: =G35/G33 -> #DIV/0! | L35: =A!L35+B!L35+'C'!L35 -> 0 | O35: =L35/L33 -> #DIV/0! | Q35: =A!Q35+B!Q35+'C'!Q35 -> 0 | T35: =Q35/Q33 -> #DIV/0! | V35: =A!V35+B!V35+'C'!V35 -> 0 | Y35: =V35/V33 -> #DIV/0! | AA35: =A!AA35+B!AA35+'C'!AA35 -> 0 | AD35: =AA35/AA33 -> #DIV/0! | AF35: =A!AF35+B!AF35+'C'!AF35 -> 0 | AI35: =AF35/AF33 -> #DIV/0! | AK35: =A!AK35+B!AK35+'C'!AK35 -> 0 | AN35: =AK35/AK33 -> #DIV/0! | AP35: =A!AP35+B!AP35+'C'!AP35 -> 0 | AS35: =AP35/AP33 -> #DIV/0! | AU35: =A!AU35+B!AU35+'C'!AU35 -> 0 | AX35: =AU35/AU33 -> #DIV/0! | AZ35: =A!AZ35+B!AZ35+'C'!AZ35 -> 0 | BC35: =AZ35/AZ33 -> #DIV/0! | BE35: =A!BE35+B!BE35+'C'!BE35 -> 0 | BH35: =BE35/BE33 -> #DIV/0! | BJ35: =A!BJ35+B!BJ35+'C'!BJ35 -> 0 | BM35: =BJ35/BJ33 -> #DIV/0! | BO35: =A!BO35+B!BO35+'C'!BO35 -> 0 | BR35: =BO35/BO33 -> #DIV/0! | BT35: =A!BT35+B!BT35+'C'!BT35 -> 0 | BW35: =BT35/BT33 -> #DIV/0! | BY35: =A!BY35+B!BY35+'C'!BY35 -> 0 | CB35: =BY35/BY33 -> #DIV/0! | CD35: =A!CD35+B!CD35+'C'!CD35 -> 0 | CG35: =CD35/CD33 -> #DIV/0! | CI35: =A!CI35+B!CI35+'C'!CI35 -> 0 | CL35: =CI35/CI33 -> #DIV/0!
A36: 販利率（予算） | G36: =G35/G25 -> #DIV/0! | L36: =L35/L25 -> #DIV/0! | Q36: =Q35/Q25 -> #DIV/0! | V36: =V35/V25 -> #DIV/0! | AA36: =AA35/AA25 -> #DIV/0! | AF36: =AF35/AF25 -> #DIV/0! | AK36: =AK35/AK25 -> #DIV/0! | AP36: =AP35/AP25 -> #DIV/0! | AU36: =AU35/AU25 -> #DIV/0! | AZ36: =AZ35/AZ25 -> #DIV/0! | BE36: =BE35/BE25 -> #DIV/0! | BJ36: =BJ35/BJ25 -> #DIV/0! | BO36: =BO35/BO25 -> #DIV/0! | BT36: =BT35/BT25 -> #DIV/0! | BY36: =BY35/BY25 -> #DIV/0! | CD36: =CD35/CD25 -> #DIV/0! | CI36: =CI35/CI25 -> #DIV/0!
A37: AP | G37: =AA37+AU37+BO37+CI37 -> 0 | J37: =G37/G26 -> #DIV/0! | L37: =AF37+AZ37+BT37+CN37 -> 0 | O37: =L37/L26 -> #DIV/0! | Q37: =AK37+BE37+BY37+CS37 -> 0 | T37: =Q37/Q26 -> #DIV/0! | V37: =AP37+BJ37+CD37+CX37 -> 0 | Y37: =V37/V26 -> #DIV/0! | AA37: =AU37+BO37+CI37+DC37 -> 0 | AD37: =AA37/AA26 -> #DIV/0! | AF37: =AZ37+BT37+CN37+DH37 -> 0 | AI37: =AF37/AF26 -> #DIV/0! | AK37: =BE37+BY37+CS37+DM37 -> 0 | AN37: =AK37/AK26 -> #DIV/0! | AP37: =BJ37+CD37+CX37+DR37 -> 0 | AS37: =AP37/AP26 -> #DIV/0! | AU37: =BO37+CI37+DC37+DW37 -> 0 | AX37: =AU37/AU26 -> #DIV/0! | AZ37: =BT37+CN37+DH37+EB37 -> 0 | BC37: =AZ37/AZ26 -> #DIV/0! | BE37: =BY37+CS37+DM37+EG37 -> 0 | BH37: =BE37/BE26 -> #DIV/0! | BJ37: =CD37+CX37+DR37+EL37 -> 0 | BM37: =BJ37/BJ26 -> #DIV/0! | BO37: =CI37+DC37+DW37+EQ37 -> 0 | BR37: =BO37/BO26 -> #DIV/0! | BT37: =CN37+DH37+EB37+EV37 -> 0 | BW37: =BT37/BT26 -> #DIV/0! | BY37: =CS37+DM37+EG37+FA37 -> 0 | CB37: =BY37/BY26 -> #DIV/0! | CD37: =CX37+DR37+EL37+FF37 -> 0 | CG37: =CD37/CD26 -> #DIV/0! | CI37: =DC37+DW37+EQ37+FK37 -> 0 | CL37: =CI37/CI26 -> #DIV/0!
A38: SP | G38: =AA38+AU38+BO38+CI38 -> 0 | J38: =G38/G27 -> #DIV/0! | L38: =AF38+AZ38+BT38+CN38 -> 0 | O38: =L38/L27 -> #DIV/0! | Q38: =AK38+BE38+BY38+CS38 -> 0 | T38: =Q38/Q27 -> #DIV/0! | V38: =AP38+BJ38+CD38+CX38 -> 0 | Y38: =V38/V27 -> #DIV/0! | AA38: =AU38+BO38+CI38+DC38 -> 0 | AD38: =AA38/AA27 -> #DIV/0! | AF38: =AZ38+BT38+CN38+DH38 -> 0 | AI38: =AF38/AF27 -> #DIV/0! | AK38: =BE38+BY38+CS38+DM38 -> 0 | AN38: =AK38/AK27 -> #DIV/0! | AP38: =BJ38+CD38+CX38+DR38 -> 0 | AS38: =AP38/AP27 -> #DIV/0! | AU38: =BO38+CI38+DC38+DW38 -> 0 | AX38: =AU38/AU27 -> #DIV/0! | AZ38: =BT38+CN38+DH38+EB38 -> 0 | BC38: =AZ38/AZ27 -> #DIV/0! | BE38: =BY38+CS38+DM38+EG38 -> 0 | BH38: =BE38/BE27 -> #DIV/0! | BJ38: =CD38+CX38+DR38+EL38 -> 0 | BM38: =BJ38/BJ27 -> #DIV/0! | BO38: =CI38+DC38+DW38+EQ38 -> 0 | BR38: =BO38/BO27 -> #DIV/0! | BT38: =CN38+DH38+EB38+EV38 -> 0 | BW38: =BT38/BT27 -> #DIV/0! | BY38: =CS38+DM38+EG38+FA38 -> 0 | CB38: =BY38/BY27 -> #DIV/0! | CD38: =CX38+DR38+EL38+FF38 -> 0 | CG38: =CD38/CD27 -> #DIV/0! | CI38: =DC38+DW38+EQ38+FK38 -> 0 | CL38: =CI38/CI27 -> #DIV/0!
A39: TB | G39: =AA39+AU39+BO39+CI39 -> 0 | J39: =G39/G28 -> #DIV/0! | L39: =AF39+AZ39+BT39+CN39 -> 0 | O39: =L39/L28 -> #DIV/0! | Q39: =AK39+BE39+BY39+CS39 -> 0 | T39: =Q39/Q28 -> #DIV/0! | V39: =AP39+BJ39+CD39+CX39 -> 0 | Y39: =V39/V28 -> #DIV/0! | AA39: =AU39+BO39+CI39+DC39 -> 0 | AD39: =AA39/AA28 -> #DIV/0! | AF39: =AZ39+BT39+CN39+DH39 -> 0 | AI39: =AF39/AF28 -> #DIV/0! | AK39: =BE39+BY39+CS39+DM39 -> 0 | AN39: =AK39/AK28 -> #DIV/0! | AP39: =BJ39+CD39+CX39+DR39 -> 0 | AS39: =AP39/AP28 -> #DIV/0! | AU39: =BO39+CI39+DC39+DW39 -> 0 | AX39: =AU39/AU28 -> #DIV/0! | AZ39: =BT39+CN39+DH39+EB39 -> 0 | BC39: =AZ39/AZ28 -> #DIV/0! | BE39: =BY39+CS39+DM39+EG39 -> 0 | BH39: =BE39/BE28 -> #DIV/0! | BJ39: =CD39+CX39+DR39+EL39 -> 0 | BM39: =BJ39/BJ28 -> #DIV/0! | BO39: =CI39+DC39+DW39+EQ39 -> 0 | BR39: =BO39/BO28 -> #DIV/0! | BT39: =CN39+DH39+EB39+EV39 -> 0 | BW39: =BT39/BT28 -> #DIV/0! | BY39: =CS39+DM39+EG39+FA39 -> 0 | CB39: =BY39/BY28 -> #DIV/0! | CD39: =CX39+DR39+EL39+FF39 -> 0 | CG39: =CD39/CD28 -> #DIV/0! | CI39: =DC39+DW39+EQ39+FK39 -> 0 | CL39: =CI39/CI28 -> #DIV/0!
A40: その他 | G40: =AA40+AU40+BO40+CI40 -> 0 | J40: =G40/G29 -> #DIV/0! | L40: =AF40+AZ40+BT40+CN40 -> 0 | O40: =L40/L29 -> #DIV/0! | Q40: =AK40+BE40+BY40+CS40 -> 0 | T40: =Q40/Q29 -> #DIV/0! | V40: =AP40+BJ40+CD40+CX40 -> 0 | Y40: =V40/V29 -> #DIV/0! | AA40: =AU40+BO40+CI40+DC40 -> 0 | AD40: =AA40/AA29 -> #DIV/0! | AF40: =AZ40+BT40+CN40+DH40 -> 0 | AI40: =AF40/AF29 -> #DIV/0! | AK40: =BE40+BY40+CS40+DM40 -> 0 | AN40: =AK40/AK29 -> #DIV/0! | AP40: =BJ40+CD40+CX40+DR40 -> 0 | AS40: =AP40/AP29 -> #DIV/0! | AU40: =BO40+CI40+DC40+DW40 -> 0 | AX40: =AU40/AU29 -> #DIV/0! | AZ40: =BT40+CN40+DH40+EB40 -> 0 | BC40: =AZ40/AZ29 -> #DIV/0! | BE40: =BY40+CS40+DM40+EG40 -> 0 | BH40: =BE40/BE29 -> #DIV/0! | BJ40: =CD40+CX40+DR40+EL40 -> 0 | BM40: =BJ40/BJ29 -> #DIV/0! | BO40: =CI40+DC40+DW40+EQ40 -> 0 | BR40: =BO40/BO29 -> #DIV/0! | BT40: =CN40+DH40+EB40+EV40 -> 0 | BW40: =BT40/BT29 -> #DIV/0! | BY40: =CS40+DM40+EG40+FA40 -> 0 | CB40: =BY40/BY29 -> #DIV/0! | CD40: =CX40+DR40+EL40+FF40 -> 0 | CG40: =CD40/CD29 -> #DIV/0! | CI40: =DC40+DW40+EQ40+FK40 -> 0 | CL40: =CI40/CI29 -> #DIV/0!
A41: 販利（実行） | G41: =A!G41+B!G41+'C'!G41+D!G41 -> 0 | J41: =G41/G33 -> #DIV/0! | L41: =A!L41+B!L41+'C'!L41+D!L41 -> 0 | O41: =L41/L33 -> #DIV/0! | Q41: =A!Q41+B!Q41+'C'!Q41+D!Q41 -> 0 | T41: =Q41/Q33 -> #DIV/0! | V41: =A!V41+B!V41+'C'!V41+D!V41 -> 0 | Y41: =V41/V33 -> #DIV/0! | AA41: =A!AA41+B!AA41+'C'!AA41+D!AA41 -> 0 | AD41: =AA41/AA33 -> #DIV/0! | AF41: =A!AF41+B!AF41+'C'!AF41+D!AF41 -> 0 | AI41: =AF41/AF33 -> #DIV/0! | AK41: =A!AK41+B!AK41+'C'!AK41+D!AK41 -> 0 | AN41: =AK41/AK33 -> #DIV/0! | AP41: =A!AP41+B!AP41+'C'!AP41+D!AP41 -> 0 | AS41: =AP41/AP33 -> #DIV/0! | AU41: =A!AU41+B!AU41+'C'!AU41+D!AU41 -> 0 | AX41: =AU41/AU33 -> #DIV/0! | AZ41: =A!AZ41+B!AZ41+'C'!AZ41+D!AZ41 -> 0 | BC41: =AZ41/AZ33 -> #DIV/0! | BE41: =A!BE41+B!BE41+'C'!BE41+D!BE41 -> 0 | BH41: =BE41/BE33 -> #DIV/0! | BJ41: =A!BJ41+B!BJ41+'C'!BJ41+D!BJ41 -> 0 | BM41: =BJ41/BJ33 -> #DIV/0! | BO41: =A!BO41+B!BO41+'C'!BO41+D!BO41 -> 0 | BR41: =BO41/BO33 -> #DIV/0! | BT41: =A!BT41+B!BT41+'C'!BT41+D!BT41 -> 0 | BW41: =BT41/BT33 -> #DIV/0! | BY41: =A!BY41+B!BY41+'C'!BY41+D!BY41 -> 0 | CB41: =BY41/BY33 -> #DIV/0! | CD41: =A!CD41+B!CD41+'C'!CD41+D!CD41 -> 0 | CG41: =CD41/CD33 -> #DIV/0! | CI41: =A!CI41+B!CI41+'C'!CI41+D!CI41 -> 0 | CL41: =CI41/CI33 -> #DIV/0!
A42: 販利率（実行） | G42: =G41/G25 -> #DIV/0! | L42: =L41/L25 -> #DIV/0! | Q42: =Q41/Q25 -> #DIV/0! | V42: =V41/V25 -> #DIV/0! | AA42: =AA41/AA25 -> #DIV/0! | AF42: =AF41/AF25 -> #DIV/0! | AK42: =AK41/AK25 -> #DIV/0! | AP42: =AP41/AP25 -> #DIV/0! | AU42: =AU41/AU25 -> #DIV/0! | AZ42: =AZ41/AZ25 -> #DIV/0! | BE42: =BE41/BE25 -> #DIV/0! | BJ42: =BJ41/BJ25 -> #DIV/0! | BO42: =BO41/BO25 -> #DIV/0! | BT42: =BT41/BT25 -> #DIV/0! | BY42: =BY41/BY25 -> #DIV/0! | CD42: =CD41/CD25 -> #DIV/0! | CI42: =CI41/CI25 -> #DIV/0!
A43: AP | G43: =A!G43+B!G43+'C'!G43+D!G43 -> 0 | J43: =G43/G26 -> #DIV/0! | L43: =A!L43+B!L43+'C'!L43+D!L43 -> 0 | O43: =L43/L26 -> #DIV/0! | Q43: =A!Q43+B!Q43+'C'!Q43+D!Q43 -> 0 | T43: =Q43/Q26 -> #DIV/0! | V43: =A!V43+B!V43+'C'!V43+D!V43 -> 0 | Y43: =V43/V26 -> #DIV/0! | AA43: =A!AA43+B!AA43+'C'!AA43+D!AA43 -> 0 | AD43: =AA43/AA26 -> #DIV/0! | AF43: =A!AF43+B!AF43+'C'!AF43+D!AF43 -> 0 | AI43: =AF43/AF26 -> #DIV/0! | AK43: =A!AK43+B!AK43+'C'!AK43+D!AK43 -> 0 | AN43: =AK43/AK26 -> #DIV/0! | AP43: =A!AP43+B!AP43+'C'!AP43+D!AP43 -> 0 | AS43: =AP43/AP26 -> #DIV/0! | AU43: =A!AU43+B!AU43+'C'!AU43+D!AU43 -> 0 | AX43: =AU43/AU26 -> #DIV/0! | AZ43: =A!AZ43+B!AZ43+'C'!AZ43+D!AZ43 -> 0 | BC43: =AZ43/AZ26 -> #DIV/0! | BE43: =A!BE43+B!BE43+'C'!BE43+D!BE43 -> 0 | BH43: =BE43/BE26 -> #DIV/0! | BJ43: =A!BJ43+B!BJ43+'C'!BJ43+D!BJ43 -> 0 | BM43: =BJ43/BJ26 -> #DIV/0! | BO43: =A!BO43+B!BO43+'C'!BO43+D!BO43 -> 0 | BR43: =BO43/BO26 -> #DIV/0! | BT43: =A!BT43+B!BT43+'C'!BT43+D!BT43 -> 0 | BW43: =BT43/BT26 -> #DIV/0! | BY43: =A!BY43+B!BY43+'C'!BY43+D!BY43 -> 0 | CB43: =BY43/BY26 -> #DIV/0! | CD43: =A!CD43+B!CD43+'C'!CD43+D!CD43 -> 0 | CG43: =CD43/CD26 -> #DIV/0! | CI43: =A!CI43+B!CI43+'C'!CI43+D!CI43 -> 0 | CL43: =CI43/CI26 -> #DIV/0!
A44: SP | G44: =A!G44+B!G44+'C'!G44+D!G44 -> 0 | J44: =G44/G27 -> #DIV/0! | L44: =A!L44+B!L44+'C'!L44+D!L44 -> 0 | O44: =L44/L27 -> #DIV/0! | Q44: =A!Q44+B!Q44+'C'!Q44+D!Q44 -> 0 | T44: =Q44/Q27 -> #DIV/0! | V44: =A!V44+B!V44+'C'!V44+D!V44 -> 0 | Y44: =V44/V27 -> #DIV/0! | AA44: =A!AA44+B!AA44+'C'!AA44+D!AA44 -> 0 | AD44: =AA44/AA27 -> #DIV/0! | AF44: =A!AF44+B!AF44+'C'!AF44+D!AF44 -> 0 | AI44: =AF44/AF27 -> #DIV/0! | AK44: =A!AK44+B!AK44+'C'!AK44+D!AK44 -> 0 | AN44: =AK44/AK27 -> #DIV/0! | AP44: =A!AP44+B!AP44+'C'!AP44+D!AP44 -> 0 | AS44: =AP44/AP27 -> #DIV/0! | AU44: =A!AU44+B!AU44+'C'!AU44+D!AU44 -> 0 | AX44: =AU44/AU27 -> #DIV/0! | AZ44: =A!AZ44+B!AZ44+'C'!AZ44+D!AZ44 -> 0 | BC44: =AZ44/AZ27 -> #DIV/0! | BE44: =A!BE44+B!BE44+'C'!BE44+D!BE44 -> 0 | BH44: =BE44/BE27 -> #DIV/0! | BJ44: =A!BJ44+B!BJ44+'C'!BJ44+D!BJ44 -> 0 | BM44: =BJ44/BJ27 -> #DIV/0! | BO44: =A!BO44+B!BO44+'C'!BO44+D!BO44 -> 0 | BR44: =BO44/BO27 -> #DIV/0! | BT44: =A!BT44+B!BT44+'C'!BT44+D!BT44 -> 0 | BW44: =BT44/BT27 -> #DIV/0! | BY44: =A!BY44+B!BY44+'C'!BY44+D!BY44 -> 0 | CB44: =BY44/BY27 -> #DIV/0! | CD44: =A!CD44+B!CD44+'C'!CD44+D!CD44 -> 0 | CG44: =CD44/CD27 -> #DIV/0! | CI44: =A!CI44+B!CI44+'C'!CI44+D!CI44 -> 0 | CL44: =CI44/CI27 -> #DIV/0!
A45: TB | G45: =A!G45+B!G45+'C'!G45+D!G45 -> 0 | J45: =G45/G28 -> #DIV/0! | L45: =A!L45+B!L45+'C'!L45+D!L45 -> 0 | O45: =L45/L28 -> #DIV/0! | Q45: =A!Q45+B!Q45+'C'!Q45+D!Q45 -> 0 | T45: =Q45/Q28 -> #DIV/0! | V45: =A!V45+B!V45+'C'!V45+D!V45 -> 0 | Y45: =V45/V28 -> #DIV/0! | AA45: =A!AA45+B!AA45+'C'!AA45+D!AA45 -> 0 | AD45: =AA45/AA28 -> #DIV/0! | AF45: =A!AF45+B!AF45+'C'!AF45+D!AF45 -> 0 | AI45: =AF45/AF28 -> #DIV/0! | AK45: =A!AK45+B!AK45+'C'!AK45+D!AK45 -> 0 | AN45: =AK45/AK28 -> #DIV/0! | AP45: =A!AP45+B!AP45+'C'!AP45+D!AP45 -> 0 | AS45: =AP45/AP28 -> #DIV/0! | AU45: =A!AU45+B!AU45+'C'!AU45+D!AU45 -> 0 | AX45: =AU45/AU28 -> #DIV/0! | AZ45: =A!AZ45+B!AZ45+'C'!AZ45+D!AZ45 -> 0 | BC45: =AZ45/AZ28 -> #DIV/0! | BE45: =A!BE45+B!BE45+'C'!BE45+D!BE45 -> 0 | BH45: =BE45/BE28 -> #DIV/0! | BJ45: =A!BJ45+B!BJ45+'C'!BJ45+D!BJ45 -> 0 | BM45: =BJ45/BJ28 -> #DIV/0! | BO45: =A!BO45+B!BO45+'C'!BO45+D!BO45 -> 0 | BR45: =BO45/BO28 -> #DIV/0! | BT45: =A!BT45+B!BT45+'C'!BT45+D!BT45 -> 0 | BW45: =BT45/BT28 -> #DIV/0! | BY45: =A!BY45+B!BY45+'C'!BY45+D!BY45 -> 0 | CB45: =BY45/BY28 -> #DIV/0! | CD45: =A!CD45+B!CD45+'C'!CD45+D!CD45 -> 0 | CG45: =CD45/CD28 -> #DIV/0! | CI45: =A!CI45+B!CI45+'C'!CI45+D!CI45 -> 0 | CL45: =CI45/CI28 -> #DIV/0!
A46: その他 | G46: =A!G46+B!G46+'C'!G46+D!G46 -> 0 | J46: =G46/G29 -> #DIV/0! | L46: =A!L46+B!L46+'C'!L46+D!L46 -> 0 | O46: =L46/L29 -> #DIV/0! | Q46: =A!Q46+B!Q46+'C'!Q46+D!Q46 -> 0 | T46: =Q46/Q29 -> #DIV/0! | V46: =A!V46+B!V46+'C'!V46+D!V46 -> 0 | Y46: =V46/V29 -> #DIV/0! | AA46: =A!AA46+B!AA46+'C'!AA46+D!AA46 -> 0 | AD46: =AA46/AA29 -> #DIV/0! | AF46: =A!AF46+B!AF46+'C'!AF46+D!AF46 -> 0 | AI46: =AF46/AF29 -> #DIV/0! | AK46: =A!AK46+B!AK46+'C'!AK46+D!AK46 -> 0 | AN46: =AK46/AK29 -> #DIV/0! | AP46: =A!AP46+B!AP46+'C'!AP46+D!AP46 -> 0 | AS46: =AP46/AP29 -> #DIV/0! | AU46: =A!AU46+B!AU46+'C'!AU46+D!AU46 -> 0 | AX46: =AU46/AU29 -> #DIV/0! | AZ46: =A!AZ46+B!AZ46+'C'!AZ46+D!AZ46 -> 0 | BC46: =AZ46/AZ29 -> #DIV/0! | BE46: =A!BE46+B!BE46+'C'!BE46+D!BE46 -> 0 | BH46: =BE46/BE29 -> #DIV/0! | BJ46: =A!BJ46+B!BJ46+'C'!BJ46+D!BJ46 -> 0 | BM46: =BJ46/BJ29 -> #DIV/0! | BO46: =A!BO46+B!BO46+'C'!BO46+D!BO46 -> 0 | BR46: =BO46/BO29 -> #DIV/0! | BT46: =A!BT46+B!BT46+'C'!BT46+D!BT46 -> 0 | BW46: =BT46/BT29 -> #DIV/0! | BY46: =A!BY46+B!BY46+'C'!BY46+D!BY46 -> 0 | CB46: =BY46/BY29 -> #DIV/0! | CD46: =A!CD46+B!CD46+'C'!CD46+D!CD46 -> 0 | CG46: =CD46/CD29 -> #DIV/0! | CI46: =A!CI46+B!CI46+'C'!CI46+D!CI46 -> 0 | CL46: =CI46/CI29 -> #DIV/0!
A47: 販利（予実差異） | G47: =A!G47+B!G47+'C'!G47 -> 0 | L47: =A!L47+B!L47+'C'!L47 -> 0 | Q47: =A!Q47+B!Q47+'C'!Q47 -> 0 | V47: =A!V47+B!V47+'C'!V47 -> 0 | AA47: =A!AA47+B!AA47+'C'!AA47 -> 0 | AF47: =A!AF47+B!AF47+'C'!AF47 -> 0 | AK47: =A!AK47+B!AK47+'C'!AK47 -> 0 | AP47: =A!AP47+B!AP47+'C'!AP47 -> 0 | AU47: =A!AU47+B!AU47+'C'!AU47 -> 0 | AZ47: =A!AZ47+B!AZ47+'C'!AZ47 -> 0 | BE47: =A!BE47+B!BE47+'C'!BE47 -> 0 | BJ47: =A!BJ47+B!BJ47+'C'!BJ47 -> 0 | BO47: =A!BO47+B!BO47+'C'!BO47 -> 0 | BT47: =A!BT47+B!BT47+'C'!BT47 -> 0 | BY47: =A!BY47+B!BY47+'C'!BY47 -> 0 | CD47: =A!CD47+B!CD47+'C'!CD47 -> 0 | CI47: =A!CI47+B!CI47+'C'!CI47 -> 0
G48: ※1：A確定+B確定+見込C | Q48: ※2：A確定+B確定 | Y48: ※3と※4：A確定
A50: 【次々月予測用フォーム】 | AF50: 【次月予測用フォーム】 | BQ50: 【当月予測用フォーム】
A51: 〇合計〇 | AF51: 〇合計〇 | BQ51: 〇合計〇
A52: 対象月 | G52: 予測値 | L52: A | O52: B | R52: C | U52: 合計 | X52: 予算 | AA52: 達成率 | AC52: 必要 見積数 | AF52: 対象月 | AL52: A | AO52: B | AR52: A+B | AU52: 予算 | AX52: 達成率 | BA52: C | BD52: A+B+C | BG52: 予算 | BJ52: 達成率 | BQ52: 対象月 | BW52: A | BZ52: B | CC52: A+B | CF52: 予算 | CI52: 達成率
A53: =MONTH(EDATE(R1,2))&"月" -> 12月 | G53: 売上金額 | J53: 件数 | AF53: =MONTH(EDATE(R1,1))&"月" -> 11月 | BQ53: =MONTH(R1)&"月" -> 10月 | BW53: A | BZ53: B | CC53: A+B
A54: 合計 | G54: =IFERROR(G73+G81+G89,G81+G89) -> 0 | J54: =IFERROR(L73*U73+L81*U81+L89*U89,L81*U81+L89*U89) -> 0 | L54: =A!L54+B!L54+'C'!L54+D!L54 -> 0 | O54: =A!O54+B!O54+'C'!O54+D!O54 -> 0 | R54: =A!R54+B!R54+'C'!R54+D!R54 -> 0 | U54: =A!U54+B!U54+'C'!U54+D!U54 -> 0 | X54: =A!X54+B!X54+'C'!X54+D!X54 -> 0 | AA54: =U54/X54 -> #DIV/0! | AC54: =SUM(AC55:AD58) -> 0 | AF54: 合計 | AL54: =A!AL54+B!AL54+'C'!AL54+D!AL54 -> 0 | AO54: =A!AO54+B!AO54+'C'!AO54+D!AO54 -> 0 | AR54: =A!AR54+B!AR54+'C'!AR54+D!AR54 -> 0 | AU54: =A!AU54+B!AU54+'C'!AU54+D!AU54 -> 0 | AX54: =AR54/AU54 -> #DIV/0! | BA54: =A!BA54+B!BA54+'C'!BA54+D!BA54 -> 0 | BD54: =A!BD54+B!BD54+'C'!BD54+D!BD54 -> 0 | BG54: =A!BG54+B!BG54+'C'!BG54+D!BG54 -> 0 | BJ54: =BD54/BG54 -> #DIV/0! | BQ54: 合計 | BW54: =A!BW54+B!BW54+'C'!BW54+D!BV54 -> 0 | BZ54: =A!BZ54+B!BZ54+'C'!BZ54+D!BY54 -> 0 | CC54: =A!CC54+B!CC54+'C'!CC54+D!CB54 -> 0 | CF54: =A!CF54+B!CF54+'C'!CF54+D!CE54 -> 0 | CI54: =CC54/CF54 -> #DIV/0!
A55: AP | G55: =IFERROR(G74+G82+G90,G82+G90) -> 0 | J55: =IFERROR(L74*U74+L82*U82+L90*U90,L82*U82+L90*U90) -> 0 | L55: =A!L55+B!L55+'C'!L55+D!L55 -> 0 | O55: =A!O55+B!O55+'C'!O55+D!O55 -> 0 | R55: =A!R55+B!R55+'C'!R55+D!R55 -> 0 | U55: =A!U55+B!U55+'C'!U55+D!U55 -> 0 | X55: =A!X55+B!X55+'C'!X55+D!X55 -> 0 | AA55: =U55/X55 -> #DIV/0! | AC55: =IFERROR(IF(((X55-U55)/AVERAGE(Y74,Y90,Y82))/U74<0,0,((X55-U55)/AVERAGE(Y74,Y90,Y82))/U74),0) -> 0 | AF55: AP | AL55: =A!AL55+B!AL55+'C'!AL55+D!AL55 -> 0 | AO55: =A!AO55+B!AO55+'C'!AO55+D!AO55 -> 0 | AR55: =A!AR55+B!AR55+'C'!AR55+D!AR55 -> 0 | AU55: =A!AU55+B!AU55+'C'!AU55+D!AU55 -> 0 | AX55: =AR55/AU55 -> #DIV/0! | BA55: =A!BA55+B!BA55+'C'!BA55+D!BA55 -> 0 | BD55: =A!BD55+B!BD55+'C'!BD55+D!BD55 -> 0 | BG55: =A!BG55+B!BG55+'C'!BG55+D!BG55 -> 0 | BJ55: =BD55/BG55 -> #DIV/0! | BQ55: AP | BW55: =A!BW55+B!BW55+'C'!BW55+D!BV55 -> 0 | BZ55: =A!BZ55+B!BZ55+'C'!BZ55+D!BY55 -> 0 | CC55: =A!CC55+B!CC55+'C'!CC55+D!CB55 -> 0 | CF55: =A!CF55+B!CF55+'C'!CF55+D!CE55 -> 0 | CI55: =CC55/CF55 -> #DIV/0!
A56: SP | G56: =IFERROR(G75+G83+G91,G83+G91) -> 0 | J56: =IFERROR(L75*U75+L83*U83+L91*U91,L83*U83+L91*U91) -> 0 | L56: =A!L56+B!L56+'C'!L56+D!L56 -> 0 | O56: =A!O56+B!O56+'C'!O56+D!O56 -> 0 | R56: =A!R56+B!R56+'C'!R56+D!R56 -> 0 | U56: =A!U56+B!U56+'C'!U56+D!U56 -> 0 | X56: =A!X56+B!X56+'C'!X56+D!X56 -> 0 | AA56: =U56/X56 -> #DIV/0! | AC56: =IFERROR(IF(((X56-U56)/AVERAGE(Y75,Y91,Y83))/U75<0,0,((X56-U56)/AVERAGE(Y75,Y91,Y83))/U75),0) -> 0 | AF56: SP | AL56: =A!AL56+B!AL56+'C'!AL56+D!AL56 -> 0 | AO56: =A!AO56+B!AO56+'C'!AO56+D!AO56 -> 0 | AR56: =A!AR56+B!AR56+'C'!AR56+D!AR56 -> 0 | AU56: =A!AU56+B!AU56+'C'!AU56+D!AU56 -> 0 | AX56: =AR56/AU56 -> #DIV/0! | BA56: =A!BA56+B!BA56+'C'!BA56+D!BA56 -> 0 | BD56: =A!BD56+B!BD56+'C'!BD56+D!BD56 -> 0 | BG56: =A!BG56+B!BG56+'C'!BG56+D!BG56 -> 0 | BJ56: =BD56/BG56 -> #DIV/0! | BQ56: SP | BW56: =A!BW56+B!BW56+'C'!BW56+D!BV56 -> 0 | BZ56: =A!BZ56+B!BZ56+'C'!BZ56+D!BY56 -> 0 | CC56: =A!CC56+B!CC56+'C'!CC56+D!CB56 -> 0 | CF56: =A!CF56+B!CF56+'C'!CF56+D!CE56 -> 0 | CI56: =CC56/CF56 -> #DIV/0!
A57: TB | G57: =IFERROR(G76+G84+G92,G84+G92) -> 0 | J57: =IFERROR(L76*U76+L84*U84+L92*U92,L84*U84+L92*U92) -> 0 | L57: =A!L57+B!L57+'C'!L57+D!L57 -> 0 | O57: =A!O57+B!O57+'C'!O57+D!O57 -> 0 | R57: =A!R57+B!R57+'C'!R57+D!R57 -> 0 | U57: =A!U57+B!U57+'C'!U57+D!U57 -> 0 | X57: =A!X57+B!X57+'C'!X57+D!X57 -> 0 | AA57: =U57/X57 -> #DIV/0! | AC57: =IFERROR(IF(((X57-U57)/AVERAGE(Y76,Y92,Y84))/U76<0,0,((X57-U57)/AVERAGE(Y76,Y92,Y84))/U76),0) -> 0 | AF57: TB | AL57: =A!AL57+B!AL57+'C'!AL57+D!AL57 -> 0 | AO57: =A!AO57+B!AO57+'C'!AO57+D!AO57 -> 0 | AR57: =A!AR57+B!AR57+'C'!AR57+D!AR57 -> 0 | AU57: =A!AU57+B!AU57+'C'!AU57+D!AU57 -> 0 | AX57: =AR57/AU57 -> #DIV/0! | BA57: =A!BA57+B!BA57+'C'!BA57+D!BA57 -> 0 | BD57: =A!BD57+B!BD57+'C'!BD57+D!BD57 -> 0 | BG57: =A!BG57+B!BG57+'C'!BG57+D!BG57 -> 0 | BJ57: =BD57/BG57 -> #DIV/0! | BQ57: TB | BW57: =A!BW57+B!BW57+'C'!BW57+D!BV57 -> 0 | BZ57: =A!BZ57+B!BZ57+'C'!BZ57+D!BY57 -> 0 | CC57: =A!CC57+B!CC57+'C'!CC57+D!CB57 -> 0 | CF57: =A!CF57+B!CF57+'C'!CF57+D!CE57 -> 0 | CI57: =CC57/CF57 -> #DIV/0!
A58: その他 | G58: =IFERROR(G77+G85+G93,G85+G93) -> 0 | J58: =IFERROR(L77*U77+L85*U85+L93*U93,L85*U85+L93*U93) -> 0 | L58: =A!L58+B!L58+'C'!L58+D!L58 -> 0 | O58: =A!O58+B!O58+'C'!O58+D!O58 -> 0 | R58: =A!R58+B!R58+'C'!R58+D!R58 -> 0 | U58: =A!U58+B!U58+'C'!U58+D!U58 -> 0 | X58: =A!X58+B!X58+'C'!X58+D!X58 -> 0 | AA58: =U58/X58 -> #DIV/0! | AC58: =IFERROR(IF(((X58-U58)/AVERAGE(Y77,Y93,Y85))/U77<0,0,((X58-U58)/AVERAGE(Y77,Y93,Y85))/U77),0) -> 0 | AF58: その他 | AL58: =A!AL58+B!AL58+'C'!AL58+D!AL58 -> 0 | AO58: =A!AO58+B!AO58+'C'!AO58+D!AO58 -> 0 | AR58: =A!AR58+B!AR58+'C'!AR58+D!AR58 -> 0 | AU58: =A!AU58+B!AU58+'C'!AU58+D!AU58 -> 0 | AX58: =AR58/AU58 -> #DIV/0! | BA58: =A!BA58+B!BA58+'C'!BA58+D!BA58 -> 0 | BD58: =A!BD58+B!BD58+'C'!BD58+D!BD58 -> 0 | BG58: =A!BG58+B!BG58+'C'!BG58+D!BG58 -> 0 | BJ58: =BD58/BG58 -> #DIV/0! | BQ58: その他 | BW58: =A!BW58+B!BW58+'C'!BW58+D!BV58 -> 0 | BZ58: =A!BZ58+B!BZ58+'C'!BZ58+D!BY58 -> 0 | CC58: =A!CC58+B!CC58+'C'!CC58+D!CB58 -> 0 | CF58: =A!CF58+B!CF58+'C'!CF58+D!CE58 -> 0 | CI58: =CC58/CF58 -> #DIV/0!
A70: 〇当月〇
A71: 対象月 | G71: a*b*c | L71: a見積数 | P71: 見積金額 | U71: b受注率 | Y71: c平均単価
A72: =MONTH(R1)&"月" -> 10月
A73: 合計 | G73: =IFERROR(L73*Y73*U73,0) -> 0 | L73: =A!L73+B!L73+'C'!L73+D!L73 -> 0 | O73: =A!O73+B!O73+'C'!O73 -> 0 | P73: =A!P73+B!P73+'C'!P73+D!P73 -> 0 | R73: =A!R73+B!R73+'C'!R73 -> 0 | U73: =AVERAGE(A!U73,B!U73,'C'!U73) -> 0.070701899 | X73: =A!X73+B!X73+'C'!X73 -> 0 | Y73: =IFERROR(P73/L73,"")
A74: AP | G74: =IFERROR(L74*Y74*U74,0) -> 0 | L74: =A!L74+B!L74+'C'!L74+D!L74 -> 0 | O74: =A!O74+B!O74+'C'!O74 -> 0 | P74: =A!P74+B!P74+'C'!P74+D!P74 -> 0 | R74: =A!R74+B!R74+'C'!R74 -> 0 | U74: =AVERAGE(A!U74,B!U74,'C'!U74) -> 0.11604409 | X74: =A!X74+B!X74+'C'!X74 -> 0 | Y74: =IFERROR(P74/L74,"")
A75: SP | G75: =IFERROR(L75*Y75*U75,0) -> 0 | L75: =A!L75+B!L75+'C'!L75+D!L75 -> 0 | O75: =A!O75+B!O75+'C'!O75 -> 0 | P75: =A!P75+B!P75+'C'!P75+D!P75 -> 0 | R75: =A!R75+B!R75+'C'!R75 -> 0 | U75: =AVERAGE(A!U75,B!U75,'C'!U75) -> 0.071687663 | X75: =A!X75+B!X75+'C'!X75 -> 0 | Y75: =IFERROR(P75/L75,"")
A76: TB | G76: =IFERROR(L76*Y76*U76,0) -> 0 | L76: =A!L76+B!L76+'C'!L76+D!L76 -> 0 | O76: =A!O76+B!O76+'C'!O76 -> 0 | P76: =A!P76+B!P76+'C'!P76+D!P76 -> 0 | R76: =A!R76+B!R76+'C'!R76 -> 0 | U76: =AVERAGE(A!U76,B!U76,'C'!U76) -> 0.050749244 | X76: =A!X76+B!X76+'C'!X76 -> 0 | Y76: =IFERROR(P76/L76,"")
A77: その他 | G77: =IFERROR(L77*Y77*U77,0) -> 0 | L77: =A!L77+B!L77+'C'!L77+D!L77 -> 0 | O77: =A!O77+B!O77+'C'!O77 -> 0 | P77: =A!P77+B!P77+'C'!P77+D!P77 -> 0 | R77: =A!R77+B!R77+'C'!R77 -> 0 | U77: =AVERAGE(A!U77,B!U77,'C'!U77) -> 0.061197827 | X77: =A!X77+B!X77+'C'!X77 -> 0 | Y77: =IFERROR(P77/L77,"")
A78: 〇前月〇 | AG78: 〇予算比（方針会議-目標70％）〇 | AY78: 〇予算比（営業面談A-目標80％）〇 | BR78: 〇予算比（方針会議-目標A+B 100％）〇 | CJ78: 〇予算比（営業面談A-目標Aのみ 90%）〇
A79: 対象月 | G79: a*b*c | L79: a見積数 | P79: 見積金額 | U79: b受注率 | Y79: c平均単価 | AF79: 対象月 | AL79: 予算差額 | AO79: 対象予算額 | AR79: 対象比率 | AU79: 最終予算額 | AX79: 対象月 | BD79: 予算差額 | BG79: 対象予算額 | BJ79: 対象比率 | BM79: 最終予算額 | BQ79: 対象月 | BW79: 予算差額 | BZ79: 対象予算額 | CC79: 対象比率 | CF79: 最終予算額 | CI79: 対象月 | CO79: 予算差額 | CR79: 対象予算額 | CU79: 対象比率 | CX79: 最終予算額
A80: =MONTH(EDATE(R1,-1))&"月" -> 9月 | AF80: =AF53 -> 11月 | AO80: 対象予算額 | AR80: 対象比率 | AU80: 最終予算額 | AX80: =AF53 -> 11月 | BG80: 対象予算額 | BJ80: 対象比率 | BM80: 最終予算額 | BQ80: =BQ53 -> 10月 | BZ80: 対象予算額 | CC80: 対象比率 | CF80: 最終予算額 | CI80: =BQ53 -> 10月 | CR80: 対象予算額 | CU80: 対象比率 | CX80: 最終予算額
A81: 合計 | G81: =IFERROR(L81*Y81*U81,0) -> 0 | L81: =A!L81+B!L81+'C'!L81+D!L81 -> 0 | O81: =A!O81+B!O81+'C'!O81 -> 0 | P81: =A!P81+B!P81+'C'!P81+D!P81 -> 0 | R81: =A!R81+B!R81+'C'!R81 -> 0 | U81: =AVERAGE(A!U81,B!U81,'C'!U81) -> 0.030490766 | X81: =A!X81+B!X81+'C'!X81 -> 0 | Y81: =IFERROR(P81/L81,"") | AF81: 合計 | AL81: =AU54-AO81 -> 0 | AO81: =AU81*AR81 -> 0 | AR81: 0.7 | AU81: =A!AU81+B!AU81+'C'!AU81+D!AU81 -> 0 | AX81: 合計 | BD81: =AU54-BG81 -> 0 | BG81: =BM81*BJ81 -> 0 | BJ81: 0.8 | BM81: =A!BM81+B!BM81+'C'!BM81+D!BM81 -> 0 | BQ81: 合計 | BW81: =CC54-BZ81 -> 0 | BZ81: =CF81*CC81 -> 0 | CC81: 1 | CF81: =A!CF81+B!CF81+'C'!CF81+D!CF81 -> 0 | CI81: 合計 | CO81: =BW54-CR81 -> 0 | CR81: =CX81*CU81 -> 0 | CU81: 0.9 | CX81: =A!CX81+B!CX81+'C'!CX81+D!CX81 -> 0
A82: AP | G82: =IFERROR(L82*Y82*U82,0) -> 0 | L82: =A!L82+B!L82+'C'!L82+D!L82 -> 0 | O82: =A!O82+B!O82+'C'!O82 -> 0 | P82: =A!P82+B!P82+'C'!P82+D!P82 -> 0 | R82: =A!R82+B!R82+'C'!R82 -> 0 | U82: =AVERAGE(A!U82,B!U82,'C'!U82) -> 0.037929847 | X82: =A!X82+B!X82+'C'!X82 -> 0 | Y82: =IFERROR(P82/L82,"") | AF82: AP | AL82: =AU55-AO82 -> 0 | AO82: =AU82*AR82 -> 0 | AR82: 0.7 | AU82: =A!AU82+B!AU82+'C'!AU82+D!AU82 -> 0 | AX82: AP | BD82: =AU55-BG82 -> 0 | BG82: =BM82*BJ82 -> 0 | BJ82: 0.8 | BM82: =A!BM82+B!BM82+'C'!BM82+D!BM82 -> 0 | BQ82: AP | BW82: =CC55-BZ82 -> 0 | BZ82: =CF82*CC82 -> 0 | CC82: 1 | CF82: =A!CF82+B!CF82+'C'!CF82+D!CF82 -> 0 | CI82: AP | CO82: =BW55-CR82 -> 0 | CR82: =CX82*CU82 -> 0 | CU82: 0.9 | CX82: =A!CX82+B!CX82+'C'!CX82+D!CX82 -> 0
A83: SP | G83: =IFERROR(L83*Y83*U83,0) -> 0 | L83: =A!L83+B!L83+'C'!L83+D!L83 -> 0 | O83: =A!O83+B!O83+'C'!O83 -> 0 | P83: =A!P83+B!P83+'C'!P83+D!P83 -> 0 | R83: =A!R83+B!R83+'C'!R83 -> 0 | U83: =AVERAGE(A!U83,B!U83,'C'!U83) -> 0.019425718 | X83: =A!X83+B!X83+'C'!X83 -> 0 | Y83: =IFERROR(P83/L83,"") | AF83: SP | AL83: =AU56-AO83 -> 0 | AO83: =AU83*AR83 -> 0 | AR83: 0.7 | AU83: =A!AU83+B!AU83+'C'!AU83+D!AU83 -> 0 | AX83: SP | BD83: =AU56-BG83 -> 0 | BG83: =BM83*BJ83 -> 0 | BJ83: 0.8 | BM83: =A!BM83+B!BM83+'C'!BM83+D!BM83 -> 0 | BQ83: SP | BW83: =CC56-BZ83 -> 0 | BZ83: =CF83*CC83 -> 0 | CC83: 1 | CF83: =A!CF83+B!CF83+'C'!CF83+D!CF83 -> 0 | CI83: SP | CO83: =BW56-CR83 -> 0 | CR83: =CX83*CU83 -> 0 | CU83: 0.9 | CX83: =A!CX83+B!CX83+'C'!CX83+D!CX83 -> 0
A84: TB | G84: =IFERROR(L84*Y84*U84,0) -> 0 | L84: =A!L84+B!L84+'C'!L84+D!L84 -> 0 | O84: =A!O84+B!O84+'C'!O84 -> 0 | P84: =A!P84+B!P84+'C'!P84+D!P84 -> 0 | R84: =A!R84+B!R84+'C'!R84 -> 0 | U84: =AVERAGE(A!U84,B!U84,'C'!U84) -> 0.028617607 | X84: =A!X84+B!X84+'C'!X84 -> 0 | Y84: =IFERROR(P84/L84,"") | AF84: TB | AL84: =AU57-AO84 -> 0 | AO84: =AU84*AR84 -> 0 | AR84: 0.7 | AU84: =A!AU84+B!AU84+'C'!AU84+D!AU84 -> 0 | AX84: TB | BD84: =AU57-BG84 -> 0 | BG84: =BM84*BJ84 -> 0 | BJ84: 0.8 | BM84: =A!BM84+B!BM84+'C'!BM84+D!BM84 -> 0 | BQ84: TB | BW84: =CC57-BZ84 -> 0 | BZ84: =CF84*CC84 -> 0 | CC84: 1 | CF84: =A!CF84+B!CF84+'C'!CF84+D!CF84 -> 0 | CI84: TB | CO84: =BW57-CR84 -> 0 | CR84: =CX84*CU84 -> 0 | CU84: 0.9 | CX84: =A!CX84+B!CX84+'C'!CX84+D!CX84 -> 0
A85: その他 | G85: =IFERROR(L85*Y85*U85,0) -> 0 | L85: =A!L85+B!L85+'C'!L85+D!L85 -> 0 | O85: =A!O85+B!O85+'C'!O85 -> 0 | P85: =A!P85+B!P85+'C'!P85+D!P85 -> 0 | R85: =A!R85+B!R85+'C'!R85 -> 0 | U85: =AVERAGE(A!U85,B!U85,'C'!U85) -> 0.015864128 | X85: =A!X85+B!X85+'C'!X85 -> 0 | Y85: =IFERROR(P85/L85,"") | AF85: その他 | AL85: =AU58-AO85 -> 0 | AO85: =AU85*AR85 -> 0 | AR85: 0.7 | AU85: =A!AU85+B!AU85+'C'!AU85+D!AU85 -> 0 | AX85: その他 | BD85: =AU58-BG85 -> 0 | BG85: =BM85*BJ85 -> 0 | BJ85: 0.8 | BM85: =A!BM85+B!BM85+'C'!BM85+D!BM85 -> 0 | BQ85: その他 | BW85: =CC58-BZ85 -> 0 | BZ85: =CF85*CC85 -> 0 | CC85: 1 | CF85: =A!CF85+B!CF85+'C'!CF85+D!CF85 -> 0 | CI85: その他 | CO85: =BW58-CR85 -> 0 | CR85: =CX85*CU85 -> 0 | CU85: 0.9 | CX85: =A!CX85+B!CX85+'C'!CX85+D!CX85 -> 0
A86: 〇前々月〇 | AF86: 〇予算比（役員会議-目標90％）〇 | AX86: 〇予算比（営業面談B-目標100％）〇 | BQ86: 〇予算比（役員会議-目標Aのみ 100％）〇 | CI86: 〇予算比（営業面談B-目標Aのみ 105％）〇
A87: 対象月 | G87: a*b*c | L87: a見積数 | P87: 見積金額 | U87: b受注率 | Y87: c平均単価 | AF87: 対象月 | AL87: 予算差額 | AO87: 対象予算額 | AR87: 対象比率 | AU87: 最終予算額 | AX87: 対象月 | BD87: 予算差額 | BG87: 対象予算額 | BJ87: 対象比率 | BM87: 最終予算額 | BQ87: 対象月 | BW87: 予算差額 | BZ87: 対象予算額 | CC87: 対象比率 | CF87: 最終予算額 | CI87: 対象月 | CO87: 予算差額 | CR87: 対象予算額 | CU87: 対象比率 | CX87: 最終予算額
A88: =MONTH(EDATE(R1,-2))&"月" -> 8月 | AF88: =AF53 -> 11月 | AO88: 対象予算額 | AR88: 対象比率 | AU88: 最終予算額 | AX88: =AF53 -> 11月 | BG88: 対象予算額 | BJ88: 対象比率 | BM88: 最終予算額 | BQ88: =BQ53 -> 10月 | BZ88: 対象予算額 | CC88: 対象比率 | CF88: 最終予算額 | CI88: =BQ53 -> 10月 | CR88: 対象予算額 | CU88: 対象比率 | CX88: 最終予算額
A89: 合計 | G89: =IFERROR(L89*Y89*U89,0) -> 0 | L89: =A!L89+B!L89+'C'!L89+D!L89 -> 0 | O89: =A!O89+B!O89+'C'!O89 -> 0 | P89: =A!P89+B!P89+'C'!P89+D!P89 -> 0 | R89: =A!R89+B!R89+'C'!R89 -> 0 | U89: =AVERAGE(A!U89,B!U89,'C'!U89) -> 0.041926746 | X89: =A!X89+B!X89+'C'!X89 -> 0 | Y89: =IFERROR(P89/L89,"") | AF89: 合計 | AL89: =AU54-AO89 -> 0 | AO89: =AU89*AR89 -> 0 | AR89: 0.9 | AU89: =A!AU89+B!AU89+'C'!AU89+D!AU89 -> 0 | AX89: 合計 | BD89: =AU54-BG89 -> 0 | BG89: =BM89*BJ89 -> 0 | BJ89: 1 | BM89: =A!BM89+B!BM89+'C'!BM89+D!BM89 -> 0 | BQ89: 合計 | BW89: =BW54-BZ89 -> 0 | BZ89: =CF89*CC89 -> 0 | CC89: 1 | CF89: =A!CF89+B!CF89+'C'!CF89+D!CF89 -> 0 | CI89: 合計 | CO89: =BW54-CR89 -> 0 | CR89: =CX89*CU89 -> 0 | CU89: 1.05 | CX89: =A!CX89+B!CX89+'C'!CX89+D!CX89 -> 0
A90: AP | G90: =IFERROR(L90*Y90*U90,0) -> 0 | L90: =A!L90+B!L90+'C'!L90+D!L90 -> 0 | O90: =A!O90+B!O90+'C'!O90 -> 0 | P90: =A!P90+B!P90+'C'!P90+D!P90 -> 0 | R90: =A!R90+B!R90+'C'!R90 -> 0 | U90: =AVERAGE(A!U90,B!U90,'C'!U90) -> 0.04196421 | X90: =A!X90+B!X90+'C'!X90 -> 0 | Y90: =IFERROR(P90/L90,"") | AF90: AP | AL90: =AU55-AO90 -> 0 | AO90: =AU90*AR90 -> 0 | AR90: 0.9 | AU90: =A!AU90+B!AU90+'C'!AU90+D!AU90 -> 0 | AX90: AP | BD90: =AU55-BG90 -> 0 | BG90: =BM90*BJ90 -> 0 | BJ90: 1 | BM90: =A!BM90+B!BM90+'C'!BM90+D!BM90 -> 0 | BQ90: AP | BW90: =BW55-BZ90 -> 0 | BZ90: =CF90*CC90 -> 0 | CC90: 1 | CF90: =A!CF90+B!CF90+'C'!CF90+D!CF90 -> 0 | CI90: AP | CO90: =BW55-CR90 -> 0 | CR90: =CX90*CU90 -> 0 | CU90: 1.05 | CX90: =A!CX90+B!CX90+'C'!CX90+D!CX90 -> 0
A91: SP | G91: =IFERROR(L91*Y91*U91,0) -> 0 | L91: =A!L91+B!L91+'C'!L91+D!L91 -> 0 | O91: =A!O91+B!O91+'C'!O91 -> 0 | P91: =A!P91+B!P91+'C'!P91+D!P91 -> 0 | R91: =A!R91+B!R91+'C'!R91 -> 0 | U91: =AVERAGE(A!U91,B!U91,'C'!U91) -> 0.071764839 | X91: =A!X91+B!X91+'C'!X91 -> 0 | Y91: =IFERROR(P91/L91,"") | AF91: SP | AL91: =AU56-AO91 -> 0 | AO91: =AU91*AR91 -> 0 | AR91: 0.9 | AU91: =A!AU91+B!AU91+'C'!AU91+D!AU91 -> 0 | AX91: SP | BD91: =AU56-BG91 -> 0 | BG91: =BM91*BJ91 -> 0 | BJ91: 1 | BM91: =A!BM91+B!BM91+'C'!BM91+D!BM91 -> 0 | BQ91: SP | BW91: =BW56-BZ91 -> 0 | BZ91: =CF91*CC91 -> 0 | CC91: 1 | CF91: =A!CF91+B!CF91+'C'!CF91+D!CF91 -> 0 | CI91: SP | CO91: =BW56-CR91 -> 0 | CR91: =CX91*CU91 -> 0 | CU91: 1.05 | CX91: =A!CX91+B!CX91+'C'!CX91+D!CX91 -> 0
A92: TB | G92: =IFERROR(L92*Y92*U92,0) -> 0 | L92: =A!L92+B!L92+'C'!L92+D!L92 -> 0 | O92: =A!O92+B!O92+'C'!O92 -> 0 | P92: =A!P92+B!P92+'C'!P92+D!P92 -> 0 | R92: =A!R92+B!R92+'C'!R92 -> 0 | U92: =AVERAGE(A!U92,B!U92,'C'!U92) -> 0.043272783 | X92: =A!X92+B!X92+'C'!X92 -> 0 | Y92: =IFERROR(P92/L92,"") | AF92: TB | AL92: =AU57-AO92 -> 0 | AO92: =AU92*AR92 -> 0 | AR92: 0.9 | AU92: =A!AU92+B!AU92+'C'!AU92+D!AU92 -> 0 | AX92: TB | BD92: =AU57-BG92 -> 0 | BG92: =BM92*BJ92 -> 0 | BJ92: 1 | BM92: =A!BM92+B!BM92+'C'!BM92+D!BM92 -> 0 | BQ92: TB | BW92: =BW57-BZ92 -> 0 | BZ92: =CF92*CC92 -> 0 | CC92: 1 | CF92: =A!CF92+B!CF92+'C'!CF92+D!CF92 -> 0 | CI92: TB | CO92: =BW57-CR92 -> 0 | CR92: =CX92*CU92 -> 0 | CU92: 1.05 | CX92: =A!CX92+B!CX92+'C'!CX92+D!CX92 -> 0
A93: その他 | G93: =IFERROR(L93*Y93*U93,0) -> 0 | L93: =A!L93+B!L93+'C'!L93+D!L93 -> 0 | O93: =A!O93+B!O93+'C'!O93 -> 0 | P93: =A!P93+B!P93+'C'!P93+D!P93 -> 0 | R93: =A!R93+B!R93+'C'!R93 -> 0 | U93: =AVERAGE(A!U93,B!U93,'C'!U93) -> 0.015864128 | X93: =A!X93+B!X93+'C'!X93 -> 0 | Y93: =IFERROR(P93/L93,"") | AF93: その他 | AL93: =AU58-AO93 -> 0 | AO93: =AU93*AR93 -> 0 | AR93: 0.9 | AU93: =A!AU93+B!AU93+'C'!AU93+D!AU93 -> 0 | AX93: その他 | BD93: =AU58-BG93 -> 0 | BG93: =BM93*BJ93 -> 0 | BJ93: 1 | BM93: =A!BM93+B!BM93+'C'!BM93+D!BM93 -> 0 | BQ93: その他 | BW93: =BW58-BZ93 -> 0 | BZ93: =CF93*CC93 -> 0 | CC93: 1 | CF93: =A!CF93+B!CF93+'C'!CF93+D!CF93 -> 0 | CI93: その他 | CO93: =BW58-CR93 -> 0 | CR93: =CX93*CU93 -> 0 | CU93: 1.05 | CX93: =A!CX93+B!CX93+'C'!CX93+D!CX93 -> 0
A95: ■プロジェクト別/個人実績
A96: ・PARTITIONLAB
A97: 実績 | G97: 合計 | L97: 10月 | Q97: 11月 | V97: 12月 | AA97: 1Q小計 | AF97: 1月 | AK97: 2月 | AP97: 3月 | AU97: 2Q小計 | AZ97: 4月 | BE97: 5月 | BJ97: 6月 | BO97: 3Q小計 | BT97: 7月 | BY97: 8月 | CD97: 9月 | CI97: 4Q小計
G98: 実績 | J98: 比率 | L98: 実績 | O98: 比率 | Q98: 実績 | T98: 比率 | V98: 実績 | Y98: 比率 | AA98: 実績 | AD98: 比率 | AF98: 実績 | AI98: 比率 | AK98: 実績 | AN98: 比率 | AP98: 実績 | AS98: 比率 | AU98: 実績 | AX98: 比率 | AZ98: 実績 | BC98: 比率 | BE98: 実績 | BH98: 比率 | BJ98: 実績 | BM98: 比率 | BO98: 実績 | BR98: 比率 | BT98: 実績 | BW98: 比率 | BY98: 実績 | CB98: 比率 | CD98: 実績 | CG98: 比率 | CI98: 実績 | CL98: 比率
A99: 総計 | E99: 売上 | G99: =#REF!+#REF!+'C'!G99 -> #REF! | J99: =G99/G100 -> #REF! | L99: =#REF!+#REF!+'C'!L99 -> #REF! | O99: =L99/L100 -> #REF! | Q99: =#REF!+#REF!+'C'!Q99 -> #REF! | T99: =Q99/Q100 -> #REF! | V99: =#REF!+#REF!+'C'!V99 -> #REF! | Y99: =V99/V100 -> #REF! | AA99: =#REF!+#REF!+'C'!AA99 -> #REF! | AD99: =AA99/AA100 -> #REF! | AF99: =#REF!+#REF!+'C'!AF99 -> #REF! | AI99: =AF99/AF100 -> #REF! | AK99: =#REF!+#REF!+'C'!AK99 -> #REF! | AN99: =AK99/AK100 -> #REF! | AP99: =#REF!+#REF!+'C'!AP99 -> #REF! | AS99: =AP99/AP100 -> #REF! | AU99: =#REF!+#REF!+'C'!AU99 -> #REF! | AX99: =AU99/AU100 -> #REF! | AZ99: =#REF!+#REF!+'C'!AZ99 -> #REF! | BC99: =AZ99/AZ100 -> #REF! | BE99: =#REF!+#REF!+'C'!BE99 -> #REF! | BH99: =BE99/BE100 -> #REF! | BJ99: =#REF!+#REF!+'C'!BJ99 -> #REF! | BM99: =BJ99/BJ100 -> #REF! | BO99: =#REF!+#REF!+'C'!BO99 -> #REF! | BR99: =BO99/BO100 -> #REF! | BT99: =#REF!+#REF!+'C'!BT99 -> #REF! | BW99: =BT99/BT100 -> #REF! | BY99: =#REF!+#REF!+'C'!BY99 -> #REF! | CB99: =BY99/BY100 -> #REF! | CD99: =#REF!+#REF!+'C'!CD99 -> #REF! | CG99: =CD99/CD100 -> #REF! | CI99: =#REF!+#REF!+'C'!CI99 -> #REF! | CL99: =CI99/CI100 -> #REF!
E100: 予算 | G100: =#REF!+#REF!+'C'!G100 -> #REF! | L100: =#REF!+#REF!+'C'!L100 -> #REF! | Q100: =#REF!+#REF!+'C'!Q100 -> #REF! | V100: =#REF!+#REF!+'C'!V100 -> #REF! | AA100: =#REF!+#REF!+'C'!AA100 -> #REF! | AF100: =#REF!+#REF!+'C'!AF100 -> #REF! | AK100: =#REF!+#REF!+'C'!AK100 -> #REF! | AP100: =#REF!+#REF!+'C'!AP100 -> #REF! | AU100: =#REF!+#REF!+'C'!AU100 -> #REF! | AZ100: =#REF!+#REF!+'C'!AZ100 -> #REF! | BE100: =#REF!+#REF!+'C'!BE100 -> #REF! | BJ100: =#REF!+#REF!+'C'!BJ100 -> #REF! | BO100: =#REF!+#REF!+'C'!BO100 -> #REF! | BT100: =#REF!+#REF!+'C'!BT100 -> #REF! | BY100: =#REF!+#REF!+'C'!BY100 -> #REF! | CD100: =#REF!+#REF!+'C'!CD100 -> #REF! | CI100: =#REF!+#REF!+'C'!CI100 -> #REF!
E101: 販利 | G101: =#REF!+#REF!+'C'!G101 -> #REF! | L101: =#REF!+#REF!+'C'!L101 -> #REF! | Q101: =#REF!+#REF!+'C'!Q101 -> #REF! | V101: =#REF!+#REF!+'C'!V101 -> #REF! | AA101: =#REF!+#REF!+'C'!AA101 -> #REF! | AF101: =#REF!+#REF!+'C'!AF101 -> #REF! | AK101: =#REF!+#REF!+'C'!AK101 -> #REF! | AP101: =#REF!+#REF!+'C'!AP101 -> #REF! | AU101: =#REF!+#REF!+'C'!AU101 -> #REF! | AZ101: =#REF!+#REF!+'C'!AZ101 -> #REF! | BE101: =#REF!+#REF!+'C'!BE101 -> #REF! | BJ101: =#REF!+#REF!+'C'!BJ101 -> #REF! | BO101: =#REF!+#REF!+'C'!BO101 -> #REF! | BT101: =#REF!+#REF!+'C'!BT101 -> #REF! | BY101: =#REF!+#REF!+'C'!BY101 -> #REF! | CD101: =#REF!+#REF!+'C'!CD101 -> #REF! | CI101: =#REF!+#REF!+'C'!CI101 -> #REF!
E102: 販利率 | G102: =G101/G99 -> #REF! | L102: =L101/L99 -> #REF! | Q102: =Q101/Q99 -> #REF! | V102: =V101/V99 -> #REF! | AA102: =AA101/AA99 -> #REF! | AF102: =AF101/AF99 -> #REF! | AK102: =AK101/AK99 -> #REF! | AP102: =AP101/AP99 -> #REF! | AU102: =AU101/AU99 -> #REF! | AZ102: =AZ101/AZ99 -> #REF! | BE102: =BE101/BE99 -> #REF! | BJ102: =BJ101/BJ99 -> #REF! | BO102: =BO101/BO99 -> #REF! | BT102: =BT101/BT99 -> #REF! | BY102: =BY101/BY99 -> #REF! | CD102: =CD101/CD99 -> #REF! | CI102: =CI101/CI99 -> #REF!
E103: 見積数 | G103: =#REF!+#REF!+'C'!G103 -> #REF! | L103: =#REF!+#REF!+'C'!L103 -> #REF! | Q103: =#REF!+#REF!+'C'!Q103 -> #REF! | V103: =#REF!+#REF!+'C'!V103 -> #REF! | AA103: =#REF!+#REF!+'C'!AA103 -> #REF! | AF103: =#REF!+#REF!+'C'!AF103 -> #REF! | AK103: =#REF!+#REF!+'C'!AK103 -> #REF! | AP103: =#REF!+#REF!+'C'!AP103 -> #REF! | AU103: =#REF!+#REF!+'C'!AU103 -> #REF! | AZ103: =#REF!+#REF!+'C'!AZ103 -> #REF! | BE103: =#REF!+#REF!+'C'!BE103 -> #REF! | BJ103: =#REF!+#REF!+'C'!BJ103 -> #REF! | BO103: =#REF!+#REF!+'C'!BO103 -> #REF! | BT103: =#REF!+#REF!+'C'!BT103 -> #REF! | BY103: =#REF!+#REF!+'C'!BY103 -> #REF! | CD103: =#REF!+#REF!+'C'!CD103 -> #REF! | CI103: =#REF!+#REF!+'C'!CI103 -> #REF!
A104: 合計 | C104: EU | E104: 売上 | G104: =#REF!+#REF!+'C'!G104 -> #REF! | J104: =G104/G105 -> #REF! | L104: =#REF!+#REF!+'C'!L104 -> #REF! | O104: =L104/L105 -> #REF! | Q104: =#REF!+#REF!+'C'!Q104 -> #REF! | T104: =Q104/Q105 -> #REF! | V104: =#REF!+#REF!+'C'!V104 -> #REF! | Y104: =V104/V105 -> #REF! | AA104: =#REF!+#REF!+'C'!AA104 -> #REF! | AD104: =AA104/AA105 -> #REF! | AF104: =#REF!+#REF!+'C'!AF104 -> #REF! | AI104: =AF104/AF105 -> #REF! | AK104: =#REF!+#REF!+'C'!AK104 -> #REF! | AN104: =AK104/AK105 -> #REF! | AP104: =#REF!+#REF!+'C'!AP104 -> #REF! | AS104: =AP104/AP105 -> #REF! | AU104: =#REF!+#REF!+'C'!AU104 -> #REF! | AX104: =AU104/AU105 -> #REF! | AZ104: =#REF!+#REF!+'C'!AZ104 -> #REF! | BC104: =AZ104/AZ105 -> #REF! | BE104: =#REF!+#REF!+'C'!BE104 -> #REF! | BH104: =BE104/BE105 -> #REF! | BJ104: =#REF!+#REF!+'C'!BJ104 -> #REF! | BM104: =BJ104/BJ105 -> #REF! | BO104: =#REF!+#REF!+'C'!BO104 -> #REF! | BR104: =BO104/BO105 -> #REF! | BT104: =#REF!+#REF!+'C'!BT104 -> #REF! | BW104: =BT104/BT105 -> #REF! | BY104: =#REF!+#REF!+'C'!BY104 -> #REF! | CB104: =BY104/BY105 -> #REF! | CD104: =#REF!+#REF!+'C'!CD104 -> #REF! | CG104: =CD104/CD105 -> #REF! | CI104: =#REF!+#REF!+'C'!CI104 -> #REF! | CL104: =CI104/CI105 -> #REF!
E105: 予算 | G105: =#REF!+#REF!+'C'!G105 -> #REF! | L105: =#REF!+#REF!+'C'!L105 -> #REF! | Q105: =#REF!+#REF!+'C'!Q105 -> #REF! | V105: =#REF!+#REF!+'C'!V105 -> #REF! | AA105: =#REF!+#REF!+'C'!AA105 -> #REF! | AF105: =#REF!+#REF!+'C'!AF105 -> #REF! | AK105: =#REF!+#REF!+'C'!AK105 -> #REF! | AP105: =#REF!+#REF!+'C'!AP105 -> #REF! | AU105: =#REF!+#REF!+'C'!AU105 -> #REF! | AZ105: =#REF!+#REF!+'C'!AZ105 -> #REF! | BE105: =#REF!+#REF!+'C'!BE105 -> #REF! | BJ105: =#REF!+#REF!+'C'!BJ105 -> #REF! | BO105: =#REF!+#REF!+'C'!BO105 -> #REF! | BT105: =#REF!+#REF!+'C'!BT105 -> #REF! | BY105: =#REF!+#REF!+'C'!BY105 -> #REF! | CD105: =#REF!+#REF!+'C'!CD105 -> #REF! | CI105: =#REF!+#REF!+'C'!CI105 -> #REF!
E106: 販利 | G106: =#REF!+#REF!+'C'!G106 -> #REF! | L106: =#REF!+#REF!+'C'!L106 -> #REF! | Q106: =#REF!+#REF!+'C'!Q106 -> #REF! | V106: =#REF!+#REF!+'C'!V106 -> #REF! | AA106: =#REF!+#REF!+'C'!AA106 -> #REF! | AF106: =#REF!+#REF!+'C'!AF106 -> #REF! | AK106: =#REF!+#REF!+'C'!AK106 -> #REF! | AP106: =#REF!+#REF!+'C'!AP106 -> #REF! | AU106: =#REF!+#REF!+'C'!AU106 -> #REF! | AZ106: =#REF!+#REF!+'C'!AZ106 -> #REF! | BE106: =#REF!+#REF!+'C'!BE106 -> #REF! | BJ106: =#REF!+#REF!+'C'!BJ106 -> #REF! | BO106: =#REF!+#REF!+'C'!BO106 -> #REF! | BT106: =#REF!+#REF!+'C'!BT106 -> #REF! | BY106: =#REF!+#REF!+'C'!BY106 -> #REF! | CD106: =#REF!+#REF!+'C'!CD106 -> #REF! | CI106: =#REF!+#REF!+'C'!CI106 -> #REF!
E107: 販利率 | G107: =G106/G104 -> #REF! | L107: =L106/L104 -> #REF! | Q107: =Q106/Q104 -> #REF! | V107: =V106/V104 -> #REF! | AA107: =AA106/AA104 -> #REF! | AF107: =AF106/AF104 -> #REF! | AK107: =AK106/AK104 -> #REF! | AP107: =AP106/AP104 -> #REF! | AU107: =AU106/AU104 -> #REF! | AZ107: =AZ106/AZ104 -> #REF! | BE107: =BE106/BE104 -> #REF! | BJ107: =BJ106/BJ104 -> #REF! | BO107: =BO106/BO104 -> #REF! | BT107: =BT106/BT104 -> #REF! | BY107: =BY106/BY104 -> #REF! | CD107: =CD106/CD104 -> #REF! | CI107: =CI106/CI104 -> #REF!
E108: 見積数 | G108: =#REF!+#REF!+'C'!G108 -> #REF! | L108: =#REF!+#REF!+'C'!L108 -> #REF! | Q108: =#REF!+#REF!+'C'!Q108 -> #REF! | V108: =#REF!+#REF!+'C'!V108 -> #REF! | AA108: =#REF!+#REF!+'C'!AA108 -> #REF! | AF108: =#REF!+#REF!+'C'!AF108 -> #REF! | AK108: =#REF!+#REF!+'C'!AK108 -> #REF! | AP108: =#REF!+#REF!+'C'!AP108 -> #REF! | AU108: =#REF!+#REF!+'C'!AU108 -> #REF! | AZ108: =#REF!+#REF!+'C'!AZ108 -> #REF! | BE108: =#REF!+#REF!+'C'!BE108 -> #REF! | BJ108: =#REF!+#REF!+'C'!BJ108 -> #REF! | BO108: =#REF!+#REF!+'C'!BO108 -> #REF! | BT108: =#REF!+#REF!+'C'!BT108 -> #REF! | BY108: =#REF!+#REF!+'C'!BY108 -> #REF! | CD108: =#REF!+#REF!+'C'!CD108 -> #REF! | CI108: =#REF!+#REF!+'C'!CI108 -> #REF!
C109: 業者 | E109: 売上 | G109: =#REF!+#REF!+'C'!G109 -> #REF! | J109: =G109/G110 -> #REF! | L109: =#REF!+#REF!+'C'!L109 -> #REF! | O109: =L109/L110 -> #REF! | Q109: =#REF!+#REF!+'C'!Q109 -> #REF! | T109: =Q109/Q110 -> #REF! | V109: =#REF!+#REF!+'C'!V109 -> #REF! | Y109: =V109/V110 -> #REF! | AA109: =#REF!+#REF!+'C'!AA109 -> #REF! | AD109: =AA109/AA110 -> #REF! | AF109: =#REF!+#REF!+'C'!AF109 -> #REF! | AI109: =AF109/AF110 -> #REF! | AK109: =#REF!+#REF!+'C'!AK109 -> #REF! | AN109: =AK109/AK110 -> #REF! | AP109: =#REF!+#REF!+'C'!AP109 -> #REF! | AS109: =AP109/AP110 -> #REF! | AU109: =#REF!+#REF!+'C'!AU109 -> #REF! | AX109: =AU109/AU110 -> #REF! | AZ109: =#REF!+#REF!+'C'!AZ109 -> #REF! | BC109: =AZ109/AZ110 -> #REF! | BE109: =#REF!+#REF!+'C'!BE109 -> #REF! | BH109: =BE109/BE110 -> #REF! | BJ109: =#REF!+#REF!+'C'!BJ109 -> #REF! | BM109: =BJ109/BJ110 -> #REF! | BO109: =#REF!+#REF!+'C'!BO109 -> #REF! | BR109: =BO109/BO110 -> #REF! | BT109: =#REF!+#REF!+'C'!BT109 -> #REF! | BW109: =BT109/BT110 -> #REF! | BY109: =#REF!+#REF!+'C'!BY109 -> #REF! | CB109: =BY109/BY110 -> #REF! | CD109: =#REF!+#REF!+'C'!CD109 -> #REF! | CG109: =CD109/CD110 -> #REF! | CI109: =#REF!+#REF!+'C'!CI109 -> #REF! | CL109: =CI109/CI110 -> #REF!
E110: 予算 | G110: =#REF!+#REF!+'C'!G110 -> #REF! | L110: =#REF!+#REF!+'C'!L110 -> #REF! | Q110: =#REF!+#REF!+'C'!Q110 -> #REF! | V110: =#REF!+#REF!+'C'!V110 -> #REF! | AA110: =#REF!+#REF!+'C'!AA110 -> #REF! | AF110: =#REF!+#REF!+'C'!AF110 -> #REF! | AK110: =#REF!+#REF!+'C'!AK110 -> #REF! | AP110: =#REF!+#REF!+'C'!AP110 -> #REF! | AU110: =#REF!+#REF!+'C'!AU110 -> #REF! | AZ110: =#REF!+#REF!+'C'!AZ110 -> #REF! | BE110: =#REF!+#REF!+'C'!BE110 -> #REF! | BJ110: =#REF!+#REF!+'C'!BJ110 -> #REF! | BO110: =#REF!+#REF!+'C'!BO110 -> #REF! | BT110: =#REF!+#REF!+'C'!BT110 -> #REF! | BY110: =#REF!+#REF!+'C'!BY110 -> #REF! | CD110: =#REF!+#REF!+'C'!CD110 -> #REF! | CI110: =#REF!+#REF!+'C'!CI110 -> #REF!
E111: 販利 | G111: =#REF!+#REF!+'C'!G111 -> #REF! | L111: =#REF!+#REF!+'C'!L111 -> #REF! | Q111: =#REF!+#REF!+'C'!Q111 -> #REF! | V111: =#REF!+#REF!+'C'!V111 -> #REF! | AA111: =#REF!+#REF!+'C'!AA111 -> #REF! | AF111: =#REF!+#REF!+'C'!AF111 -> #REF! | AK111: =#REF!+#REF!+'C'!AK111 -> #REF! | AP111: =#REF!+#REF!+'C'!AP111 -> #REF! | AU111: =#REF!+#REF!+'C'!AU111 -> #REF! | AZ111: =#REF!+#REF!+'C'!AZ111 -> #REF! | BE111: =#REF!+#REF!+'C'!BE111 -> #REF! | BJ111: =#REF!+#REF!+'C'!BJ111 -> #REF! | BO111: =#REF!+#REF!+'C'!BO111 -> #REF! | BT111: =#REF!+#REF!+'C'!BT111 -> #REF! | BY111: =#REF!+#REF!+'C'!BY111 -> #REF! | CD111: =#REF!+#REF!+'C'!CD111 -> #REF! | CI111: =#REF!+#REF!+'C'!CI111 -> #REF!
E112: 販利率 | G112: =G111/G109 -> #REF! | L112: =L111/L109 -> #REF! | Q112: =Q111/Q109 -> #REF! | V112: =V111/V109 -> #REF! | AA112: =AA111/AA109 -> #REF! | AF112: =AF111/AF109 -> #REF! | AK112: =AK111/AK109 -> #REF! | AP112: =AP111/AP109 -> #REF! | AU112: =AU111/AU109 -> #REF! | AZ112: =AZ111/AZ109 -> #REF! | BE112: =BE111/BE109 -> #REF! | BJ112: =BJ111/BJ109 -> #REF! | BO112: =BO111/BO109 -> #REF! | BT112: =BT111/BT109 -> #REF! | BY112: =BY111/BY109 -> #REF! | CD112: =CD111/CD109 -> #REF! | CI112: =CI111/CI109 -> #REF!
E113: 見積数 | G113: =#REF!+#REF!+'C'!G113 -> #REF! | L113: =#REF!+#REF!+'C'!L113 -> #REF! | Q113: =#REF!+#REF!+'C'!Q113 -> #REF! | V113: =#REF!+#REF!+'C'!V113 -> #REF! | AA113: =#REF!+#REF!+'C'!AA113 -> #REF! | AF113: =#REF!+#REF!+'C'!AF113 -> #REF! | AK113: =#REF!+#REF!+'C'!AK113 -> #REF! | AP113: =#REF!+#REF!+'C'!AP113 -> #REF! | AU113: =#REF!+#REF!+'C'!AU113 -> #REF! | AZ113: =#REF!+#REF!+'C'!AZ113 -> #REF! | BE113: =#REF!+#REF!+'C'!BE113 -> #REF! | BJ113: =#REF!+#REF!+'C'!BJ113 -> #REF! | BO113: =#REF!+#REF!+'C'!BO113 -> #REF! | BT113: =#REF!+#REF!+'C'!BT113 -> #REF! | BY113: =#REF!+#REF!+'C'!BY113 -> #REF! | CD113: =#REF!+#REF!+'C'!CD113 -> #REF! | CI113: =#REF!+#REF!+'C'!CI113 -> #REF!
A114: 新規 | C114: EU | E114: 売上 | G114: =#REF!+#REF!+'C'!G114 -> #REF! | L114: =#REF!+#REF!+'C'!L114 -> #REF! | Q114: =#REF!+#REF!+'C'!Q114 -> #REF! | V114: =#REF!+#REF!+'C'!V114 -> #REF! | AA114: =#REF!+#REF!+'C'!AA114 -> #REF! | AF114: =#REF!+#REF!+'C'!AF114 -> #REF! | AK114: =#REF!+#REF!+'C'!AK114 -> #REF! | AP114: =#REF!+#REF!+'C'!AP114 -> #REF! | AU114: =#REF!+#REF!+'C'!AU114 -> #REF! | AZ114: =#REF!+#REF!+'C'!AZ114 -> #REF! | BE114: =#REF!+#REF!+'C'!BE114 -> #REF! | BJ114: =#REF!+#REF!+'C'!BJ114 -> #REF! | BO114: =#REF!+#REF!+'C'!BO114 -> #REF! | BT114: =#REF!+#REF!+'C'!BT114 -> #REF! | BY114: =#REF!+#REF!+'C'!BY114 -> #REF! | CD114: =#REF!+#REF!+'C'!CD114 -> #REF! | CI114: =#REF!+#REF!+'C'!CI114 -> #REF!
E115: 販利 | G115: =#REF!+#REF!+'C'!G115 -> #REF! | L115: =#REF!+#REF!+'C'!L115 -> #REF! | Q115: =#REF!+#REF!+'C'!Q115 -> #REF! | V115: =#REF!+#REF!+'C'!V115 -> #REF! | AA115: =#REF!+#REF!+'C'!AA115 -> #REF! | AF115: =#REF!+#REF!+'C'!AF115 -> #REF! | AK115: =#REF!+#REF!+'C'!AK115 -> #REF! | AP115: =#REF!+#REF!+'C'!AP115 -> #REF! | AU115: =#REF!+#REF!+'C'!AU115 -> #REF! | AZ115: =#REF!+#REF!+'C'!AZ115 -> #REF! | BE115: =#REF!+#REF!+'C'!BE115 -> #REF! | BJ115: =#REF!+#REF!+'C'!BJ115 -> #REF! | BO115: =#REF!+#REF!+'C'!BO115 -> #REF! | BT115: =#REF!+#REF!+'C'!BT115 -> #REF! | BY115: =#REF!+#REF!+'C'!BY115 -> #REF! | CD115: =#REF!+#REF!+'C'!CD115 -> #REF! | CI115: =#REF!+#REF!+'C'!CI115 -> #REF!
E116: 販利率 | G116: =G115/G114 -> #REF! | L116: =L115/L114 -> #REF! | Q116: =Q115/Q114 -> #REF! | V116: =V115/V114 -> #REF! | AA116: =AA115/AA114 -> #REF! | AF116: =AF115/AF114 -> #REF! | AK116: =AK115/AK114 -> #REF! | AP116: =AP115/AP114 -> #REF! | AU116: =AU115/AU114 -> #REF! | AZ116: =AZ115/AZ114 -> #REF! | BE116: =BE115/BE114 -> #REF! | BJ116: =BJ115/BJ114 -> #REF! | BO116: =BO115/BO114 -> #REF! | BT116: =BT115/BT114 -> #REF! | BY116: =BY115/BY114 -> #REF! | CD116: =CD115/CD114 -> #REF! | CI116: =CI115/CI114 -> #REF!
E117: 見積数 | G117: =#REF!+#REF!+'C'!G117 -> #REF! | L117: =#REF!+#REF!+'C'!L117 -> #REF! | Q117: =#REF!+#REF!+'C'!Q117 -> #REF! | V117: =#REF!+#REF!+'C'!V117 -> #REF! | AA117: =#REF!+#REF!+'C'!AA117 -> #REF! | AF117: =#REF!+#REF!+'C'!AF117 -> #REF! | AK117: =#REF!+#REF!+'C'!AK117 -> #REF! | AP117: =#REF!+#REF!+'C'!AP117 -> #REF! | AU117: =#REF!+#REF!+'C'!AU117 -> #REF! | AZ117: =#REF!+#REF!+'C'!AZ117 -> #REF! | BE117: =#REF!+#REF!+'C'!BE117 -> #REF! | BJ117: =#REF!+#REF!+'C'!BJ117 -> #REF! | BO117: =#REF!+#REF!+'C'!BO117 -> #REF! | BT117: =#REF!+#REF!+'C'!BT117 -> #REF! | BY117: =#REF!+#REF!+'C'!BY117 -> #REF! | CD117: =#REF!+#REF!+'C'!CD117 -> #REF! | CI117: =#REF!+#REF!+'C'!CI117 -> #REF!
C118: 業者 | E118: 売上 | G118: =#REF!+#REF!+'C'!G118 -> #REF! | L118: =#REF!+#REF!+'C'!L118 -> #REF! | Q118: =#REF!+#REF!+'C'!Q118 -> #REF! | V118: =#REF!+#REF!+'C'!V118 -> #REF! | AA118: =#REF!+#REF!+'C'!AA118 -> #REF! | AF118: =#REF!+#REF!+'C'!AF118 -> #REF! | AK118: =#REF!+#REF!+'C'!AK118 -> #REF! | AP118: =#REF!+#REF!+'C'!AP118 -> #REF! | AU118: =#REF!+#REF!+'C'!AU118 -> #REF! | AZ118: =#REF!+#REF!+'C'!AZ118 -> #REF! | BE118: =#REF!+#REF!+'C'!BE118 -> #REF! | BJ118: =#REF!+#REF!+'C'!BJ118 -> #REF! | BO118: =#REF!+#REF!+'C'!BO118 -> #REF! | BT118: =#REF!+#REF!+'C'!BT118 -> #REF! | BY118: =#REF!+#REF!+'C'!BY118 -> #REF! | CD118: =#REF!+#REF!+'C'!CD118 -> #REF! | CI118: =#REF!+#REF!+'C'!CI118 -> #REF!
E119: 販利 | G119: =#REF!+#REF!+'C'!G119 -> #REF! | L119: =#REF!+#REF!+'C'!L119 -> #REF! | Q119: =#REF!+#REF!+'C'!Q119 -> #REF! | V119: =#REF!+#REF!+'C'!V119 -> #REF! | AA119: =#REF!+#REF!+'C'!AA119 -> #REF! | AF119: =#REF!+#REF!+'C'!AF119 -> #REF! | AK119: =#REF!+#REF!+'C'!AK119 -> #REF! | AP119: =#REF!+#REF!+'C'!AP119 -> #REF! | AU119: =#REF!+#REF!+'C'!AU119 -> #REF! | AZ119: =#REF!+#REF!+'C'!AZ119 -> #REF! | BE119: =#REF!+#REF!+'C'!BE119 -> #REF! | BJ119: =#REF!+#REF!+'C'!BJ119 -> #REF! | BO119: =#REF!+#REF!+'C'!BO119 -> #REF! | BT119: =#REF!+#REF!+'C'!BT119 -> #REF! | BY119: =#REF!+#REF!+'C'!BY119 -> #REF! | CD119: =#REF!+#REF!+'C'!CD119 -> #REF! | CI119: =#REF!+#REF!+'C'!CI119 -> #REF!
E120: 販利率 | G120: =G119/G118 -> #REF! | L120: =L119/L118 -> #REF! | Q120: =Q119/Q118 -> #REF! | V120: =V119/V118 -> #REF! | AA120: =AA119/AA118 -> #REF! | AF120: =AF119/AF118 -> #REF! | AK120: =AK119/AK118 -> #REF! | AP120: =AP119/AP118 -> #REF! | AU120: =AU119/AU118 -> #REF! | AZ120: =AZ119/AZ118 -> #REF! | BE120: =BE119/BE118 -> #REF! | BJ120: =BJ119/BJ118 -> #REF! | BO120: =BO119/BO118 -> #REF! | BT120: =BT119/BT118 -> #REF! | BY120: =BY119/BY118 -> #REF! | CD120: =CD119/CD118 -> #REF! | CI120: =CI119/CI118 -> #REF!
E121: 見積数 | G121: =#REF!+#REF!+'C'!G121 -> #REF! | L121: =#REF!+#REF!+'C'!L121 -> #REF! | Q121: =#REF!+#REF!+'C'!Q121 -> #REF! | V121: =#REF!+#REF!+'C'!V121 -> #REF! | AA121: =#REF!+#REF!+'C'!AA121 -> #REF! | AF121: =#REF!+#REF!+'C'!AF121 -> #REF! | AK121: =#REF!+#REF!+'C'!AK121 -> #REF! | AP121: =#REF!+#REF!+'C'!AP121 -> #REF! | AU121: =#REF!+#REF!+'C'!AU121 -> #REF! | AZ121: =#REF!+#REF!+'C'!AZ121 -> #REF! | BE121: =#REF!+#REF!+'C'!BE121 -> #REF! | BJ121: =#REF!+#REF!+'C'!BJ121 -> #REF! | BO121: =#REF!+#REF!+'C'!BO121 -> #REF! | BT121: =#REF!+#REF!+'C'!BT121 -> #REF! | BY121: =#REF!+#REF!+'C'!BY121 -> #REF! | CD121: =#REF!+#REF!+'C'!CD121 -> #REF! | CI121: =#REF!+#REF!+'C'!CI121 -> #REF!
A122: 期中内リピート | C122: EU | E122: 売上 | G122: =#REF!+#REF!+'C'!G122 -> #REF! | L122: =#REF!+#REF!+'C'!L122 -> #REF! | Q122: =#REF!+#REF!+'C'!Q122 -> #REF! | V122: =#REF!+#REF!+'C'!V122 -> #REF! | AA122: =#REF!+#REF!+'C'!AA122 -> #REF! | AF122: =#REF!+#REF!+'C'!AF122 -> #REF! | AK122: =#REF!+#REF!+'C'!AK122 -> #REF! | AP122: =#REF!+#REF!+'C'!AP122 -> #REF! | AU122: =#REF!+#REF!+'C'!AU122 -> #REF! | AZ122: =#REF!+#REF!+'C'!AZ122 -> #REF! | BE122: =#REF!+#REF!+'C'!BE122 -> #REF! | BJ122: =#REF!+#REF!+'C'!BJ122 -> #REF! | BO122: =#REF!+#REF!+'C'!BO122 -> #REF! | BT122: =#REF!+#REF!+'C'!BT122 -> #REF! | BY122: =#REF!+#REF!+'C'!BY122 -> #REF! | CD122: =#REF!+#REF!+'C'!CD122 -> #REF! | CI122: =#REF!+#REF!+'C'!CI122 -> #REF!
E123: 販利 | G123: =#REF!+#REF!+'C'!G123 -> #REF! | L123: =#REF!+#REF!+'C'!L123 -> #REF! | Q123: =#REF!+#REF!+'C'!Q123 -> #REF! | V123: =#REF!+#REF!+'C'!V123 -> #REF! | AA123: =#REF!+#REF!+'C'!AA123 -> #REF! | AF123: =#REF!+#REF!+'C'!AF123 -> #REF! | AK123: =#REF!+#REF!+'C'!AK123 -> #REF! | AP123: =#REF!+#REF!+'C'!AP123 -> #REF! | AU123: =#REF!+#REF!+'C'!AU123 -> #REF! | AZ123: =#REF!+#REF!+'C'!AZ123 -> #REF! | BE123: =#REF!+#REF!+'C'!BE123 -> #REF! | BJ123: =#REF!+#REF!+'C'!BJ123 -> #REF! | BO123: =#REF!+#REF!+'C'!BO123 -> #REF! | BT123: =#REF!+#REF!+'C'!BT123 -> #REF! | BY123: =#REF!+#REF!+'C'!BY123 -> #REF! | CD123: =#REF!+#REF!+'C'!CD123 -> #REF! | CI123: =#REF!+#REF!+'C'!CI123 -> #REF!
E124: 販利率 | G124: =G123/G122 -> #REF! | L124: =L123/L122 -> #REF! | Q124: =Q123/Q122 -> #REF! | V124: =V123/V122 -> #REF! | AA124: =AA123/AA122 -> #REF! | AF124: =AF123/AF122 -> #REF! | AK124: =AK123/AK122 -> #REF! | AP124: =AP123/AP122 -> #REF! | AU124: =AU123/AU122 -> #REF! | AZ124: =AZ123/AZ122 -> #REF! | BE124: =BE123/BE122 -> #REF! | BJ124: =BJ123/BJ122 -> #REF! | BO124: =BO123/BO122 -> #REF! | BT124: =BT123/BT122 -> #REF! | BY124: =BY123/BY122 -> #REF! | CD124: =CD123/CD122 -> #REF! | CI124: =CI123/CI122 -> #REF!
...

Sheet A
A1: 方針会議資料案（Ver1.00） | I1: 担当者 | K1: A | O1: 対象日： | R1: ='1課合計'!R1 -> 45596 | V1: 対象MTG名： | Z1: ='1課合計'!Z1 -> 【営業方針会議】
A13: ■個人実績
G14: 合計 | L14: 10月 | Q14: 11月 | V14: 12月 | AA14: 1Q小計 | AF14: 1月 | AK14: 2月 | AP14: 3月 | AU14: 2Q小計 | AZ14: 4月 | BE14: 5月 | BJ14: 6月 | BO14: 3Q小計 | BT14: 7月 | BY14: 8月 | CD14: 9月 | CI14: 4Q小計
G15: 実績 | J15: 比率 | L15: 実績 | O15: 比率 | Q15: 実績 | T15: 比率 | V15: 実績 | Y15: 比率 | AA15: 実績 | AD15: 比率 | AF15: 実績 | AI15: 比率 | AK15: 実績 | AN15: 比率 | AP15: 実績 | AS15: 比率 | AU15: 実績 | AX15: 比率 | AZ15: 実績 | BC15: 比率 | BE15: 実績 | BH15: 比率 | BJ15: 実績 | BM15: 比率 | BO15: 実績 | BR15: 比率 | BT15: 実績 | BW15: 比率 | BY15: 実績 | CB15: 比率 | CD15: 実績 | CG15: 比率 | CI15: 実績 | CL15: 比率
A16: 行動数目標 | G16: =AA16+AU16+BO16+CI16 -> 0 | L16: =SUMIFS(予算!目標営業数,予算!対象ユーザー名,A!$K$1,予算!予算月,A!L$14) -> 0 | Q16: =SUMIFS(予算!目標営業数,予算!対象ユーザー名,A!$K$1,予算!予算月,A!Q$14) -> 0 | V16: =SUMIFS(予算!目標営業数,予算!対象ユーザー名,A!$K$1,予算!予算月,A!V$14) -> 0 | AA16: =L16+Q16+V16 -> 0 | AF16: =SUMIFS(予算!目標営業数,予算!対象ユーザー名,A!$K$1,予算!予算月,A!AF$14) -> 0 | AK16: =SUMIFS(予算!目標営業数,予算!対象ユーザー名,A!$K$1,予算!予算月,A!AK$14) -> 0 | AP16: =SUMIFS(予算!目標営業数,予算!対象ユーザー名,A!$K$1,予算!予算月,A!AP$14) -> 0 | AU16: =AF16+AK16+AP16 -> 0 | AZ16: =SUMIFS(予算!目標営業数,予算!対象ユーザー名,A!$K$1,予算!予算月,A!AZ$14) -> 0 | BE16: =SUMIFS(予算!目標営業数,予算!対象ユーザー名,A!$K$1,予算!予算月,A!BE$14) -> 0 | BJ16: =SUMIFS(予算!目標営業数,予算!対象ユーザー名,A!$K$1,予算!予算月,A!BJ$14) -> 0 | BO16: =AZ16+BE16+BJ16 -> 0 | BT16: =SUMIFS(予算!目標営業数,予算!対象ユーザー名,A!$K$1,予算!予算月,A!BT$14) -> 0 | BY16: =SUMIFS(予算!目標営業数,予算!対象ユーザー名,A!$K$1,予算!予算月,A!BY$14) -> 0 | CD16: =SUMIFS(予算!目標営業数,予算!対象ユーザー名,A!$K$1,予算!予算月,A!CD$14) -> 0 | CI16: =BT16+BY16+CD16 -> 0
A17: 行動数 | G17: =AA17+AU17+BO17+CI17 -> 0 | J17: =G17/G16 -> #DIV/0! | L17: =SUMIFS(行動!件数行動,行動!対象者名,A!$K$1,行動!月行動,A!L$14) -> 0 | O17: =L17/L16 -> #DIV/0! | Q17: =SUMIFS(行動!件数行動,行動!対象者名,A!$K$1,行動!月行動,A!Q$14) -> 0 | T17: =Q17/Q16 -> #DIV/0! | V17: =SUMIFS(行動!件数行動,行動!対象者名,A!$K$1,行動!月行動,A!V$14) -> 0 | Y17: =V17/V16 -> #DIV/0! | AA17: =L17+Q17+V17 -> 0 | AD17: =AA17/AA16 -> #DIV/0! | AF17: =SUMIFS(行動!件数行動,行動!対象者名,A!$K$1,行動!月行動,A!AF$14) -> 0 | AI17: =AF17/AF16 -> #DIV/0! | AK17: =SUMIFS(行動!件数行動,行動!対象者名,A!$K$1,行動!月行動,A!AK$14) -> 0 | AN17: =AK17/AK16 -> #DIV/0! | AP17: =SUMIFS(行動!件数行動,行動!対象者名,A!$K$1,行動!月行動,A!AP$14) -> 0 | AS17: =AP17/AP16 -> #DIV/0! | AU17: =AF17+AK17+AP17 -> 0 | AX17: =AU17/AU16 -> #DIV/0! | AZ17: =SUMIFS(行動!件数行動,行動!対象者名,A!$K$1,行動!月行動,A!AZ$14) -> 0 | BC17: =AZ17/AZ16 -> #DIV/0! | BE17: =SUMIFS(行動!件数行動,行動!対象者名,A!$K$1,行動!月行動,A!BE$14) -> 0 | BH17: =BE17/BE16 -> #DIV/0! | BJ17: =SUMIFS(行動!件数行動,行動!対象者名,A!$K$1,行動!月行動,A!BJ$14) -> 0 | BM17: =BJ17/BJ16 -> #DIV/0! | BO17: =AZ17+BE17+BJ17 -> 0 | BR17: =BO17/BO16 -> #DIV/0! | BT17: =SUMIFS(行動!件数行動,行動!対象者名,A!$K$1,行動!月行動,A!BT$14) -> 0 | BW17: =BT17/BT16 -> #DIV/0! | BY17: =SUMIFS(行動!件数行動,行動!対象者名,A!$K$1,行動!月行動,A!BY$14) -> 0 | CB17: =BY17/BY16 -> #DIV/0! | CD17: =SUMIFS(行動!件数行動,行動!対象者名,A!$K$1,行動!月行動,A!CD$14) -> 0 | CG17: =CD17/CD16 -> #DIV/0! | CI17: =BT17+BY17+CD17 -> 0 | CL17: =CI17/CI16 -> #DIV/0!
A18: 見積数目標 | G18: =AA18+AU18+BO18+CI18 -> 0 | L18: =SUMIFS(予算!目標見積数,予算!対象ユーザー名,A!$K$1,予算!予算月,A!L$14) -> 0 | Q18: =SUMIFS(予算!目標見積数,予算!対象ユーザー名,A!$K$1,予算!予算月,A!Q$14) -> 0 | V18: =SUMIFS(予算!目標見積数,予算!対象ユーザー名,A!$K$1,予算!予算月,A!V$14) -> 0 | AA18: =L18+Q18+V18 -> 0 | AF18: =SUMIFS(予算!目標見積数,予算!対象ユーザー名,A!$K$1,予算!予算月,A!AF$14) -> 0 | AK18: =SUMIFS(予算!目標見積数,予算!対象ユーザー名,A!$K$1,予算!予算月,A!AK$14) -> 0 | AP18: =SUMIFS(予算!目標見積数,予算!対象ユーザー名,A!$K$1,予算!予算月,A!AP$14) -> 0 | AU18: =AF18+AK18+AP18 -> 0 | AZ18: =SUMIFS(予算!目標見積数,予算!対象ユーザー名,A!$K$1,予算!予算月,A!AZ$14) -> 0 | BE18: =SUMIFS(予算!目標見積数,予算!対象ユーザー名,A!$K$1,予算!予算月,A!BE$14) -> 0 | BJ18: =SUMIFS(予算!目標見積数,予算!対象ユーザー名,A!$K$1,予算!予算月,A!BJ$14) -> 0 | BO18: =AZ18+BE18+BJ18 -> 0 | BT18: =SUMIFS(予算!目標見積数,予算!対象ユーザー名,A!$K$1,予算!予算月,A!BT$14) -> 0 | BY18: =SUMIFS(予算!目標見積数,予算!対象ユーザー名,A!$K$1,予算!予算月,A!BY$14) -> 0 | CD18: =SUMIFS(予算!目標見積数,予算!対象ユーザー名,A!$K$1,予算!予算月,A!CD$14) -> 0 | CI18: =BT18+BY18+CD18 -> 0
A19: 見積数 | G19: =AA19+AU19+BO19+CI19 -> 0 | J19: =G19/G18 -> #DIV/0! | L19: =SUMIFS(見積!見積数,見積!報告者名,A!$K$1,見積!月,L$14) -> 0 | O19: =L19/L18 -> #DIV/0! | Q19: =SUMIFS(見積!見積数,見積!報告者名,A!$K$1,見積!月,Q$14) -> 0 | T19: =Q19/Q18 -> #DIV/0! | V19: =SUMIFS(見積!見積数,見積!報告者名,A!$K$1,見積!月,V$14) -> 0 | Y19: =V19/V18 -> #DIV/0! | AA19: =L19+Q19+V19 -> 0 | AD19: =AA19/AA18 -> #DIV/0! | AF19: =SUMIFS(見積!見積数,見積!報告者名,A!$K$1,見積!月,AF$14) -> 0 | AI19: =AF19/AF18 -> #DIV/0! | AK19: =SUMIFS(見積!見積数,見積!報告者名,A!$K$1,見積!月,AK$14) -> 0 | AN19: =AK19/AK18 -> #DIV/0! | AP19: =SUMIFS(見積!見積数,見積!報告者名,A!$K$1,見積!月,AP$14) -> 0 | AS19: =AP19/AP18 -> #DIV/0! | AU19: =AF19+AK19+AP19 -> 0 | AX19: =AU19/AU18 -> #DIV/0! | AZ19: =SUMIFS(見積!見積数,見積!報告者名,A!$K$1,見積!月,AZ$14) -> 0 | BC19: =AZ19/AZ18 -> #DIV/0! | BE19: =SUMIFS(見積!見積数,見積!報告者名,A!$K$1,見積!月,BE$14) -> 0 | BH19: =BE19/BE18 -> #DIV/0! | BJ19: =SUMIFS(見積!見積数,見積!報告者名,A!$K$1,見積!月,BJ$14) -> 0 | BM19: =BJ19/BJ18 -> #DIV/0! | BO19: =AZ19+BE19+BJ19 -> 0 | BR19: =BO19/BO18 -> #DIV/0! | BT19: =SUMIFS(見積!見積数,見積!報告者名,A!$K$1,見積!月,BT$14) -> 0 | BW19: =BT19/BT18 -> #DIV/0! | BY19: =SUMIFS(見積!見積数,見積!報告者名,A!$K$1,見積!月,BY$14,見積!年,"2025") -> 0 | CB19: =BY19/BY18 -> #DIV/0! | CD19: =SUMIFS(見積!見積数,見積!報告者名,A!$K$1,見積!月,CD$14,見積!年,"2025") -> 0 | CG19: =CD19/CD18 -> #DIV/0! | CI19: =BT19+BY19+CD19 -> 0 | CL19: =CI19/CI18 -> #DIV/0!
A20: 売上目標 | G20: =AA20+AU20+BO20+CI20 -> 0 | L20: =SUMIFS(予算!目標金額,予算!対象ユーザー名,A!$K$1,予算!予算月,A!L$14) -> 0 | Q20: =SUMIFS(予算!目標金額,予算!対象ユーザー名,A!$K$1,予算!予算月,A!Q$14) -> 0 | V20: =SUMIFS(予算!目標金額,予算!対象ユーザー名,A!$K$1,予算!予算月,A!V$14) -> 0 | AA20: =L20+Q20+V20 -> 0 | AF20: =SUMIFS(予算!目標金額,予算!対象ユーザー名,A!$K$1,予算!予算月,A!AF$14) -> 0 | AK20: =SUMIFS(予算!目標金額,予算!対象ユーザー名,A!$K$1,予算!予算月,A!AK$14) -> 0 | AP20: =SUMIFS(予算!目標金額,予算!対象ユーザー名,A!$K$1,予算!予算月,A!AP$14) -> 0 | AU20: =AF20+AK20+AP20 -> 0 | AZ20: =SUMIFS(予算!目標金額,予算!対象ユーザー名,A!$K$1,予算!予算月,A!AZ$14) -> 0 | BE20: =SUMIFS(予算!目標金額,予算!対象ユーザー名,A!$K$1,予算!予算月,A!BE$14) -> 0 | BJ20: =SUMIFS(予算!目標金額,予算!対象ユーザー名,A!$K$1,予算!予算月,A!BJ$14) -> 0 | BO20: =AZ20+BE20+BJ20 -> 0 | BT20: =SUMIFS(予算!目標金額,予算!対象ユーザー名,A!$K$1,予算!予算月,A!BT$14) -> 0 | BY20: =SUMIFS(予算!目標金額,予算!対象ユーザー名,A!$K$1,予算!予算月,A!BY$14) -> 0 | CD20: =SUMIFS(予算!目標金額,予算!対象ユーザー名,A!$K$1,予算!予算月,A!CD$14) -> 0 | CI20: =BT20+BY20+CD20 -> 0
A21: AP | G21: =AA21+AU21+BO21+CI21 -> 0 | L21: =SUMIFS(予算!AP,予算!予算月,L$14,予算!対象ユーザー名,$K$1) -> 0 | Q21: =SUMIFS(予算!AP,予算!予算月,Q$14,予算!対象ユーザー名,$K$1) -> 0 | V21: =SUMIFS(予算!AP,予算!予算月,V$14,予算!対象ユーザー名,$K$1) -> 0 | AA21: =L21+Q21+V21 -> 0 | AF21: =SUMIFS(予算!AP,予算!予算月,AF$14,予算!対象ユーザー名,$K$1) -> 0 | AK21: =SUMIFS(予算!AP,予算!予算月,AK$14,予算!対象ユーザー名,$K$1) -> 0 | AP21: =SUMIFS(予算!AP,予算!予算月,AP$14,予算!対象ユーザー名,$K$1) -> 0 | AU21: =AF21+AK21+AP21 -> 0 | AZ21: =SUMIFS(予算!AP,予算!予算月,AZ$14,予算!対象ユーザー名,$K$1) -> 0 | BE21: =SUMIFS(予算!AP,予算!予算月,BE$14,予算!対象ユーザー名,$K$1) -> 0 | BJ21: =SUMIFS(予算!AP,予算!予算月,BJ$14,予算!対象ユーザー名,$K$1) -> 0 | BO21: =AZ21+BE21+BJ21 -> 0 | BT21: =SUMIFS(予算!AP,予算!予算月,BT$14,予算!対象ユーザー名,$K$1) -> 0 | BY21: =SUMIFS(予算!AP,予算!予算月,BY$14,予算!対象ユーザー名,$K$1) -> 0 | CD21: =SUMIFS(予算!AP,予算!予算月,CD$14,予算!対象ユーザー名,$K$1) -> 0 | CI21: =BT21+BY21+CD21 -> 0
A22: SP | G22: =AA22+AU22+BO22+CI22 -> 0 | L22: =SUMIFS(予算!SP,予算!予算月,L$14,予算!対象ユーザー名,$K$1) -> 0 | Q22: =SUMIFS(予算!SP,予算!予算月,Q$14,予算!対象ユーザー名,$K$1) -> 0 | V22: =SUMIFS(予算!SP,予算!予算月,V$14,予算!対象ユーザー名,$K$1) -> 0 | AA22: =L22+Q22+V22 -> 0 | AF22: =SUMIFS(予算!SP,予算!予算月,AF$14,予算!対象ユーザー名,$K$1) -> 0 | AK22: =SUMIFS(予算!SP,予算!予算月,AK$14,予算!対象ユーザー名,$K$1) -> 0 | AP22: =SUMIFS(予算!SP,予算!予算月,AP$14,予算!対象ユーザー名,$K$1) -> 0 | AU22: =AF22+AK22+AP22 -> 0 | AZ22: =SUMIFS(予算!SP,予算!予算月,AZ$14,予算!対象ユーザー名,$K$1) -> 0 | BE22: =SUMIFS(予算!SP,予算!予算月,BE$14,予算!対象ユーザー名,$K$1) -> 0 | BJ22: =SUMIFS(予算!SP,予算!予算月,BJ$14,予算!対象ユーザー名,$K$1) -> 0 | BO22: =AZ22+BE22+BJ22 -> 0 | BT22: =SUMIFS(予算!SP,予算!予算月,BT$14,予算!対象ユーザー名,$K$1) -> 0 | BY22: =SUMIFS(予算!SP,予算!予算月,BY$14,予算!対象ユーザー名,$K$1) -> 0 | CD22: =SUMIFS(予算!SP,予算!予算月,CD$14,予算!対象ユーザー名,$K$1) -> 0 | CI22: =BT22+BY22+CD22 -> 0
A23: TB | G23: =AA23+AU23+BO23+CI23 -> 0 | L23: =SUMIFS(予算!TB,予算!予算月,L$14,予算!対象ユーザー名,$K$1) -> 0 | Q23: =SUMIFS(予算!TB,予算!予算月,Q$14,予算!対象ユーザー名,$K$1) -> 0 | V23: =SUMIFS(予算!TB,予算!予算月,V$14,予算!対象ユーザー名,$K$1) -> 0 | AA23: =L23+Q23+V23 -> 0 | AF23: =SUMIFS(予算!TB,予算!予算月,AF$14,予算!対象ユーザー名,$K$1) -> 0 | AK23: =SUMIFS(予算!TB,予算!予算月,AK$14,予算!対象ユーザー名,$K$1) -> 0 | AP23: =SUMIFS(予算!TB,予算!予算月,AP$14,予算!対象ユーザー名,$K$1) -> 0 | AU23: =AF23+AK23+AP23 -> 0 | AZ23: =SUMIFS(予算!TB,予算!予算月,AZ$14,予算!対象ユーザー名,$K$1) -> 0 | BE23: =SUMIFS(予算!TB,予算!予算月,BE$14,予算!対象ユーザー名,$K$1) -> 0 | BJ23: =SUMIFS(予算!TB,予算!予算月,BJ$14,予算!対象ユーザー名,$K$1) -> 0 | BO23: =AZ23+BE23+BJ23 -> 0 | BT23: =SUMIFS(予算!TB,予算!予算月,BT$14,予算!対象ユーザー名,$K$1) -> 0 | BY23: =SUMIFS(予算!TB,予算!予算月,BY$14,予算!対象ユーザー名,$K$1) -> 0 | CD23: =SUMIFS(予算!TB,予算!予算月,CD$14,予算!対象ユーザー名,$K$1) -> 0 | CI23: =BT23+BY23+CD23 -> 0
A24: その他 | G24: =AA24+AU24+BO24+CI24 -> 0 | L24: =L20-L21-L22-L23 -> 0 | Q24: =Q20-Q21-Q22-Q23 -> 0 | V24: =V20-V21-V22-V23 -> 0 | AA24: =L24+Q24+V24 -> 0 | AF24: =AF20-AF21-AF22-AF23 -> 0 | AK24: =AK20-AK21-AK22-AK23 -> 0 | AP24: =AP20-AP21-AP22-AP23 -> 0 | AU24: =AF24+AK24+AP24 -> 0 | AZ24: =AZ20-AZ21-AZ22-AZ23 -> 0 | BE24: =BE20-BE21-BE22-BE23 -> 0 | BJ24: =BJ20-BJ21-BJ22-BJ23 -> 0 | BO24: =AZ24+BE24+BJ24 -> 0 | BT24: =BT20-BT21-BT22-BT23 -> 0 | BY24: =BY20-BY21-BY22-BY23 -> 0 | CD24: =CD20-CD21-CD22-CD23 -> 0 | CI24: =BT24+BY24+CD24 -> 0
A25: 売上実績 | G25: =AA25+AU25+BO25+CI25 -> 0 | J25: =G25/G20 -> #DIV/0! | L25: =SUMIFS(実績!見積額13,実績!月13,A!L$14,実績!報告者名13,A!$K$1) -> 0 | O25: =L25/L20 -> #DIV/0! | Q25: =SUMIFS(実績!見積額13,実績!月13,A!Q$14,実績!報告者名13,A!$K$1) -> 0 | T25: =Q25/Q20 -> #DIV/0! | V25: =SUMIFS(実績!見積額13,実績!月13,A!V$14,実績!報告者名13,A!$K$1) -> 0 | Y25: =V25/V20 -> #DIV/0! | AA25: =L25+Q25+V25 -> 0 | AD25: =AA25/AA20 -> #DIV/0! | AF25: =SUMIFS(実績!見積額13,実績!月13,A!AF$14,実績!報告者名13,A!$K$1) -> 0 | AI25: =AF25/AF20 -> #DIV/0! | AK25: =SUMIFS(実績!見積額13,実績!月13,A!AK$14,実績!報告者名13,A!$K$1) -> 0 | AN25: =AK25/AK20 -> #DIV/0! | AP25: =SUMIFS(実績!見積額13,実績!月13,A!AP$14,実績!報告者名13,A!$K$1) -> 0 | AS25: =AP25/AP20 -> #DIV/0! | AU25: =AF25+AK25+AP25 -> 0 | AX25: =AU25/AU20 -> #DIV/0! | AZ25: =SUMIFS(実績!見積額13,実績!月13,A!AZ$14,実績!報告者名13,A!$K$1) -> 0 | BC25: =AZ25/AZ20 -> #DIV/0! | BE25: =SUMIFS(実績!見積額13,実績!月13,A!BE$14,実績!報告者名13,A!$K$1) -> 0 | BH25: =BE25/BE20 -> #DIV/0! | BJ25: =SUMIFS(実績!見積額13,実績!月13,A!BJ$14,実績!報告者名13,A!$K$1) -> 0 | BM25: =BJ25/BJ20 -> #DIV/0! | BO25: =AZ25+BE25+BJ25 -> 0 | BR25: =BO25/BO20 -> #DIV/0! | BT25: =SUMIFS(実績!見積額13,実績!月13,A!BT$14,実績!報告者名13,A!$K$1) -> 0 | BW25: =BT25/BT20 -> #DIV/0! | BY25: =SUMIFS(実績!見積額13,実績!月13,A!BY$14,実績!報告者名13,A!$K$1) -> 0 | CB25: =BY25/BY20 -> #DIV/0! | CD25: =SUMIFS(実績!見積額13,実績!月13,A!CD$14,実績!報告者名13,A!$K$1) -> 0 | CG25: =CD25/CD20 -> #DIV/0! | CI25: =BT25+BY25+CD25 -> 0 | CL25: =CI25/CI20 -> #DIV/0!
A26: AP | G26: =AA26+AU26+BO26+CI26 -> 0 | J26: =G26/G21 -> #DIV/0! | L26: =SUMIFS(実績!見積額13,実績!月13,A!L$14,実績!報告者名13,A!$K$1,実績!工種13,$A26) -> 0 | O26: =L26/L21 -> #DIV/0! | Q26: =SUMIFS(実績!見積額13,実績!月13,A!Q$14,実績!報告者名13,A!$K$1,実績!工種13,$A26) -> 0 | T26: =Q26/Q21 -> #DIV/0! | V26: =SUMIFS(実績!見積額13,実績!月13,A!V$14,実績!報告者名13,A!$K$1,実績!工種13,$A26) -> 0 | Y26: =V26/V21 -> #DIV/0! | AA26: =L26+Q26+V26 -> 0 | AD26: =AA26/AA21 -> #DIV/0! | AF26: =SUMIFS(実績!見積額13,実績!月13,A!AF$14,実績!報告者名13,A!$K$1,実績!工種13,$A26) -> 0 | AI26: =AF26/AF21 -> #DIV/0! | AK26: =SUMIFS(実績!見積額13,実績!月13,A!AK$14,実績!報告者名13,A!$K$1,実績!工種13,$A26) -> 0 | AN26: =AK26/AK21 -> #DIV/0! | AP26: =SUMIFS(実績!見積額13,実績!月13,A!AP$14,実績!報告者名13,A!$K$1,実績!工種13,$A26) -> 0 | AS26: =AP26/AP21 -> #DIV/0! | AU26: =AF26+AK26+AP26 -> 0 | AX26: =AU26/AU21 -> #DIV/0! | AZ26: =SUMIFS(実績!見積額13,実績!月13,A!AZ$14,実績!報告者名13,A!$K$1,実績!工種13,$A26) -> 0 | BC26: =AZ26/AZ21 -> #DIV/0! | BE26: =SUMIFS(実績!見積額13,実績!月13,A!BE$14,実績!報告者名13,A!$K$1,実績!工種13,$A26) -> 0 | BH26: =BE26/BE21 -> #DIV/0! | BJ26: =SUMIFS(実績!見積額13,実績!月13,A!BJ$14,実績!報告者名13,A!$K$1,実績!工種13,$A26) -> 0 | BM26: =BJ26/BJ21 -> #DIV/0! | BO26: =AZ26+BE26+BJ26 -> 0 | BR26: =BO26/BO21 -> #DIV/0! | BT26: =SUMIFS(実績!見積額13,実績!月13,A!BT$14,実績!報告者名13,A!$K$1,実績!工種13,$A26) -> 0 | BW26: =BT26/BT21 -> #DIV/0! | BY26: =SUMIFS(実績!見積額13,実績!月13,A!BY$14,実績!報告者名13,A!$K$1,実績!工種13,$A26) -> 0 | CB26: =BY26/BY21 -> #DIV/0! | CD26: =SUMIFS(実績!見積額13,実績!月13,A!CD$14,実績!報告者名13,A!$K$1,実績!工種13,$A26) -> 0 | CG26: =CD26/CD21 -> #DIV/0! | CI26: =BT26+BY26+CD26 -> 0 | CL26: =CI26/CI21 -> #DIV/0!
A27: SP | G27: =AA27+AU27+BO27+CI27 -> 0 | J27: =G27/G22 -> #DIV/0! | L27: =SUMIFS(実績!見積額13,実績!月13,A!L$14,実績!報告者名13,A!$K$1,実績!工種13,$A27) -> 0 | O27: =L27/L22 -> #DIV/0! | Q27: =SUMIFS(実績!見積額13,実績!月13,A!Q$14,実績!報告者名13,A!$K$1,実績!工種13,$A27) -> 0 | T27: =Q27/Q22 -> #DIV/0! | V27: =SUMIFS(実績!見積額13,実績!月13,A!V$14,実績!報告者名13,A!$K$1,実績!工種13,$A27) -> 0 | Y27: =V27/V22 -> #DIV/0! | AA27: =L27+Q27+V27 -> 0 | AD27: =AA27/AA22 -> #DIV/0! | AF27: =SUMIFS(実績!見積額13,実績!月13,A!AF$14,実績!報告者名13,A!$K$1,実績!工種13,$A27) -> 0 | AI27: =AF27/AF22 -> #DIV/0! | AK27: =SUMIFS(実績!見積額13,実績!月13,A!AK$14,実績!報告者名13,A!$K$1,実績!工種13,$A27) -> 0 | AN27: =AK27/AK22 -> #DIV/0! | AP27: =SUMIFS(実績!見積額13,実績!月13,A!AP$14,実績!報告者名13,A!$K$1,実績!工種13,$A27) -> 0 | AS27: =AP27/AP22 -> #DIV/0! | AU27: =AF27+AK27+AP27 -> 0 | AX27: =AU27/AU22 -> #DIV/0! | AZ27: =SUMIFS(実績!見積額13,実績!月13,A!AZ$14,実績!報告者名13,A!$K$1,実績!工種13,$A27) -> 0 | BC27: =AZ27/AZ22 -> #DIV/0! | BE27: =SUMIFS(実績!見積額13,実績!月13,A!BE$14,実績!報告者名13,A!$K$1,実績!工種13,$A27) -> 0 | BH27: =BE27/BE22 -> #DIV/0! | BJ27: =SUMIFS(実績!見積額13,実績!月13,A!BJ$14,実績!報告者名13,A!$K$1,実績!工種13,$A27) -> 0 | BM27: =BJ27/BJ22 -> #DIV/0! | BO27: =AZ27+BE27+BJ27 -> 0 | BR27: =BO27/BO22 -> #DIV/0! | BT27: =SUMIFS(実績!見積額13,実績!月13,A!BT$14,実績!報告者名13,A!$K$1,実績!工種13,$A27) -> 0 | BW27: =BT27/BT22 -> #DIV/0! | BY27: =SUMIFS(実績!見積額13,実績!月13,A!BY$14,実績!報告者名13,A!$K$1,実績!工種13,$A27) -> 0 | CB27: =BY27/BY22 -> #DIV/0! | CD27: =SUMIFS(実績!見積額13,実績!月13,A!CD$14,実績!報告者名13,A!$K$1,実績!工種13,$A27) -> 0 | CG27: =CD27/CD22 -> #DIV/0! | CI27: =BT27+BY27+CD27 -> 0 | CL27: =CI27/CI22 -> #DIV/0!
A28: TB | G28: =AA28+AU28+BO28+CI28 -> 0 | J28: =G28/G23 -> #DIV/0! | L28: =SUMIFS(実績!見積額13,実績!月13,A!L$14,実績!報告者名13,A!$K$1,実績!工種13,$A28) -> 0 | O28: =L28/L23 -> #DIV/0! | Q28: =SUMIFS(実績!見積額13,実績!月13,A!Q$14,実績!報告者名13,A!$K$1,実績!工種13,$A28) -> 0 | T28: =Q28/Q23 -> #DIV/0! | V28: =SUMIFS(実績!見積額13,実績!月13,A!V$14,実績!報告者名13,A!$K$1,実績!工種13,$A28) -> 0 | Y28: =V28/V23 -> #DIV/0! | AA28: =L28+Q28+V28 -> 0 | AD28: =AA28/AA23 -> #DIV/0! | AF28: =SUMIFS(実績!見積額13,実績!月13,A!AF$14,実績!報告者名13,A!$K$1,実績!工種13,$A28) -> 0 | AI28: =AF28/AF23 -> #DIV/0! | AK28: =SUMIFS(実績!見積額13,実績!月13,A!AK$14,実績!報告者名13,A!$K$1,実績!工種13,$A28) -> 0 | AN28: =AK28/AK23 -> #DIV/0! | AP28: =SUMIFS(実績!見積額13,実績!月13,A!AP$14,実績!報告者名13,A!$K$1,実績!工種13,$A28) -> 0 | AS28: =AP28/AP23 -> #DIV/0! | AU28: =AF28+AK28+AP28 -> 0 | AX28: =AU28/AU23 -> #DIV/0! | AZ28: =SUMIFS(実績!見積額13,実績!月13,A!AZ$14,実績!報告者名13,A!$K$1,実績!工種13,$A28) -> 0 | BC28: =AZ28/AZ23 -> #DIV/0! | BE28: =SUMIFS(実績!見積額13,実績!月13,A!BE$14,実績!報告者名13,A!$K$1,実績!工種13,$A28) -> 0 | BH28: =BE28/BE23 -> #DIV/0! | BJ28: =SUMIFS(実績!見積額13,実績!月13,A!BJ$14,実績!報告者名13,A!$K$1,実績!工種13,$A28) -> 0 | BM28: =BJ28/BJ23 -> #DIV/0! | BO28: =AZ28+BE28+BJ28 -> 0 | BR28: =BO28/BO23 -> #DIV/0! | BT28: =SUMIFS(実績!見積額13,実績!月13,A!BT$14,実績!報告者名13,A!$K$1,実績!工種13,$A28) -> 0 | BW28: =BT28/BT23 -> #DIV/0! | BY28: =SUMIFS(実績!見積額13,実績!月13,A!BY$14,実績!報告者名13,A!$K$1,実績!工種13,$A28) -> 0 | CB28: =BY28/BY23 -> #DIV/0! | CD28: =SUMIFS(実績!見積額13,実績!月13,A!CD$14,実績!報告者名13,A!$K$1,実績!工種13,$A28) -> 0 | CG28: =CD28/CD23 -> #DIV/0! | CI28: =BT28+BY28+CD28 -> 0 | CL28: =CI28/CI23 -> #DIV/0!
A29: その他 | G29: =AA29+AU29+BO29+CI29 -> 0 | J29: =G29/G24 -> #DIV/0! | L29: =L25-L26-L27-L28 -> 0 | O29: =L29/L24 -> #DIV/0! | Q29: =Q25-Q26-Q27-Q28 -> 0 | T29: =Q29/Q24 -> #DIV/0! | V29: =V25-V26-V27-V28 -> 0 | Y29: =V29/V24 -> #DIV/0! | AA29: =L29+Q29+V29 -> 0 | AD29: =AA29/AA24 -> #DIV/0! | AF29: =AF25-AF26-AF27-AF28 -> 0 | AI29: =AF29/AF24 -> #DIV/0! | AK29: =AK25-AK26-AK27-AK28 -> 0 | AN29: =AK29/AK24 -> #DIV/0! | AP29: =AP25-AP26-AP27-AP28 -> 0 | AS29: =AP29/AP24 -> #DIV/0! | AU29: =AF29+AK29+AP29 -> 0 | AX29: =AU29/AU24 -> #DIV/0! | AZ29: =AZ25-AZ26-AZ27-AZ28 -> 0 | BC29: =AZ29/AZ24 -> #DIV/0! | BE29: =BE25-BE26-BE27-BE28 -> 0 | BH29: =BE29/BE24 -> #DIV/0! | BJ29: =BJ25-BJ26-BJ27-BJ28 -> 0 | BM29: =BJ29/BJ24 -> #DIV/0! | BO29: =AZ29+BE29+BJ29 -> 0 | BR29: =BO29/BO24 -> #DIV/0! | BT29: =BT25-BT26-BT27-BT28 -> 0 | BW29: =BT29/BT24 -> #DIV/0! | BY29: =BY25-BY26-BY27-BY28 -> 0 | CB29: =BY29/BY24 -> #DIV/0! | CD29: =CD25-CD26-CD27-CD28 -> 0 | CG29: =CD29/CD24 -> #DIV/0! | CI29: =BT29+BY29+CD29 -> 0 | CL29: =CI29/CI24 -> #DIV/0!
A30: 受注件数 | G30: =AA30+AU30+BO30+CI30 -> 0 | L30: =COUNTIFS(実績!月13,A!L$14,実績!報告者名13,A!$K$1) -> 0 | Q30: =COUNTIFS(実績!月13,A!Q$14,実績!報告者名13,A!$K$1) -> 0 | V30: =COUNTIFS(実績!月13,A!V$14,実績!報告者名13,A!$K$1) -> 0 | AA30: =L30+Q30+V30 -> 0 | AF30: =COUNTIFS(実績!月13,A!AF$14,実績!報告者名13,A!$K$1) -> 0 | AK30: =COUNTIFS(実績!月13,A!AK$14,実績!報告者名13,A!$K$1) -> 0 | AP30: =COUNTIFS(実績!月13,A!AP$14,実績!報告者名13,A!$K$1) -> 0 | AU30: =AF30+AK30+AP30 -> 0 | AZ30: =COUNTIFS(実績!月13,A!AZ$14,実績!報告者名13,A!$K$1) -> 0 | BE30: =COUNTIFS(実績!月13,A!BE$14,実績!報告者名13,A!$K$1) -> 0 | BJ30: =COUNTIFS(実績!月13,A!BJ$14,実績!報告者名13,A!$K$1) -> 0 | BO30: =AZ30+BE30+BJ30 -> 0 | BT30: =COUNTIFS(実績!月13,A!BT$14,実績!報告者名13,A!$K$1) -> 0 | BY30: =COUNTIFS(実績!月13,A!BY$14,実績!報告者名13,A!$K$1) -> 0 | CD30: =COUNTIFS(実績!月13,A!CD$14,実績!報告者名13,A!$K$1) -> 0 | CI30: =BT30+BY30+CD30 -> 0
A31: 受注率 | G31: =G30/G19 -> #DIV/0! | L31: =L30/L19 -> #DIV/0! | Q31: =Q30/Q19 -> #DIV/0! | V31: =V30/V19 -> #DIV/0! | AA31: =AA30/AA19 -> #DIV/0! | AF31: =AF30/AF19 -> #DIV/0! | AK31: =AK30/AK19 -> #DIV/0! | AP31: =AP30/AP19 -> #DIV/0! | AU31: =AU30/AU19 -> #DIV/0! | AZ31: =AZ30/AZ19 -> #DIV/0! | BE31: =BE30/BE19 -> #DIV/0! | BJ31: =BJ30/BJ19 -> #DIV/0! | BO31: =BO30/BO19 -> #DIV/0! | BT31: =BT30/BT19 -> #DIV/0! | BY31: =BY30/BY19 -> #DIV/0! | CD31: =CD30/CD19 -> #DIV/0! | CI31: =CI30/CI19 -> #DIV/0!
A32: 受注単価 | G32: =G25/G30 -> #DIV/0! | L32: =L25/L30 -> #DIV/0! | Q32: =Q25/Q30 -> #DIV/0! | V32: =V25/V30 -> #DIV/0! | AA32: =AA25/AA30 -> #DIV/0! | AF32: =AF25/AF30 -> #DIV/0! | AK32: =AK25/AK30 -> #DIV/0! | AP32: =AP25/AP30 -> #DIV/0! | AU32: =AU25/AU30 -> #DIV/0! | AZ32: =AZ25/AZ30 -> #DIV/0! | BE32: =BE25/BE30 -> #DIV/0! | BJ32: =BJ25/BJ30 -> #DIV/0! | BO32: =BO25/BO30 -> #DIV/0! | BT32: =BT25/BT30 -> #DIV/0! | BY32: =BY25/BY30 -> #DIV/0! | CD32: =CD25/CD30 -> #DIV/0! | CI32: =CI25/CI30 -> #DIV/0!
A33: 販利目標 | G33: =AA33+AU33+BO33+CI33 -> 0 | L33: =SUMIFS(予算!利益予算,予算!対象ユーザー名,A!$K$1,予算!予算月,A!L$14) -> 0 | Q33: =SUMIFS(予算!利益予算,予算!対象ユーザー名,A!$K$1,予算!予算月,A!Q$14) -> 0 | V33: =SUMIFS(予算!利益予算,予算!対象ユーザー名,A!$K$1,予算!予算月,A!V$14) -> 0 | AA33: =L33+Q33+V33 -> 0 | AF33: =SUMIFS(予算!利益予算,予算!対象ユーザー名,A!$K$1,予算!予算月,A!AF$14) -> 0 | AK33: =SUMIFS(予算!利益予算,予算!対象ユーザー名,A!$K$1,予算!予算月,A!AK$14) -> 0 | AP33: =SUMIFS(予算!利益予算,予算!対象ユーザー名,A!$K$1,予算!予算月,A!AP$14) -> 0 | AU33: =AF33+AK33+AP33 -> 0 | AZ33: =SUMIFS(予算!利益予算,予算!対象ユーザー名,A!$K$1,予算!予算月,A!AZ$14) -> 0 | BE33: =SUMIFS(予算!利益予算,予算!対象ユーザー名,A!$K$1,予算!予算月,A!BE$14) -> 0 | BJ33: =SUMIFS(予算!利益予算,予算!対象ユーザー名,A!$K$1,予算!予算月,A!BJ$14) -> 0 | BO33: =AZ33+BE33+BJ33 -> 0 | BT33: =SUMIFS(予算!利益予算,予算!対象ユーザー名,A!$K$1,予算!予算月,A!BT$14) -> 0 | BY33: =SUMIFS(予算!利益予算,予算!対象ユーザー名,A!$K$1,予算!予算月,A!BY$14) -> 0 | CD33: =SUMIFS(予算!利益予算,予算!対象ユーザー名,A!$K$1,予算!予算月,A!CD$14) -> 0 | CI33: =BT33+BY33+CD33 -> 0
A34: 販利率目標 | G34: =G33/G20 -> #DIV/0! | L34: =L33/L20 -> #DIV/0! | Q34: =Q33/Q20 -> #DIV/0! | V34: =V33/V20 -> #DIV/0! | AA34: =AA33/AA20 -> #DIV/0! | AF34: =AF33/AF20 -> #DIV/0! | AK34: =AK33/AK20 -> #DIV/0! | AP34: =AP33/AP20 -> #DIV/0! | AU34: =AU33/AU20 -> #DIV/0! | AZ34: =AZ33/AZ20 -> #DIV/0! | BE34: =BE33/BE20 -> #DIV/0! | BJ34: =BJ33/BJ20 -> #DIV/0! | BO34: =BO33/BO20 -> #DIV/0! | BT34: =BT33/BT20 -> #DIV/0! | BY34: =BY33/BY20 -> #DIV/0! | CD34: =CD33/CD20 -> #DIV/0! | CI34: =CI33/CI20 -> #DIV/0!
A35: 販利（予算） | G35: =AA35+AU35+BO35+CI35 -> 0 | J35: =G35/G25 -> #DIV/0! | L35: =SUMIFS(実績!想定販利13,実績!月13,A!L$14,実績!報告者名13,A!$K$1) -> 0 | O35: =L35/L25 -> #DIV/0! | Q35: =SUMIFS(実績!想定販利13,実績!月13,A!Q$14,実績!報告者名13,A!$K$1) -> 0 | T35: =Q35/Q25 -> #DIV/0! | V35: =SUMIFS(実績!想定販利13,実績!月13,A!V$14,実績!報告者名13,A!$K$1) -> 0 | Y35: =V35/V25 -> #DIV/0! | AA35: =L35+Q35+V35 -> 0 | AD35: =AA35/AA25 -> #DIV/0! | AF35: =SUMIFS(実績!想定販利13,実績!月13,A!AF$14,実績!報告者名13,A!$K$1) -> 0 | AI35: =AF35/AF25 -> #DIV/0! | AK35: =SUMIFS(実績!想定販利13,実績!月13,A!AK$14,実績!報告者名13,A!$K$1) -> 0 | AN35: =AK35/AK25 -> #DIV/0! | AP35: =SUMIFS(実績!想定販利13,実績!月13,A!AP$14,実績!報告者名13,A!$K$1) -> 0 | AS35: =AP35/AP25 -> #DIV/0! | AU35: =AF35+AK35+AP35 -> 0 | AX35: =AU35/AU25 -> #DIV/0! | AZ35: =SUMIFS(実績!想定販利13,実績!月13,A!AZ$14,実績!報告者名13,A!$K$1) -> 0 | BC35: =AZ35/AZ25 -> #DIV/0! | BE35: =SUMIFS(実績!想定販利13,実績!月13,A!BE$14,実績!報告者名13,A!$K$1) -> 0 | BH35: =BE35/BE25 -> #DIV/0! | BJ35: =SUMIFS(実績!想定販利13,実績!月13,A!BJ$14,実績!報告者名13,A!$K$1) -> 0 | BM35: =BJ35/BJ25 -> #DIV/0! | BO35: =AZ35+BE35+BJ35 -> 0 | BR35: =BO35/BO25 -> #DIV/0! | BT35: =SUMIFS(実績!想定販利13,実績!月13,A!BT$14,実績!報告者名13,A!$K$1) -> 0 | BW35: =BT35/BT25 -> #DIV/0! | BY35: =SUMIFS(実績!想定販利13,実績!月13,A!BY$14,実績!報告者名13,A!$K$1) -> 0 | CB35: =BY35/BY25 -> #DIV/0! | CD35: =SUMIFS(実績!想定販利13,実績!月13,A!CD$14,実績!報告者名13,A!$K$1) -> 0 | CG35: =CD35/CD25 -> #DIV/0! | CI35: =BT35+BY35+CD35 -> 0 | CL35: =CI35/CI25 -> #DIV/0!
A36: 販利率（予算） | G36: =G35/G25 -> #DIV/0! | L36: =L35/L25 -> #DIV/0! | Q36: =Q35/Q25 -> #DIV/0! | V36: =V35/V25 -> #DIV/0! | AA36: =AA35/AA25 -> #DIV/0! | AF36: =AF35/AF25 -> #DIV/0! | AK36: =AK35/AK25 -> #DIV/0! | AP36: =AP35/AP25 -> #DIV/0! | AU36: =AU35/AU25 -> #DIV/0! | AZ36: =AZ35/AZ25 -> #DIV/0! | BE36: =BE35/BE25 -> #DIV/0! | BJ36: =BJ35/BJ25 -> #DIV/0! | BO36: =BO35/BO25 -> #DIV/0! | BT36: =BT35/BT25 -> #DIV/0! | BY36: =BY35/BY25 -> #DIV/0! | CD36: =CD35/CD25 -> #DIV/0! | CI36: =CI35/CI25 -> #DIV/0!
A37: AP | G37: =AA37+AU37+BO37+CI37 -> 0 | J37: =G37/G26 -> #DIV/0! | L37: =SUMIFS(実績!想定販利13,実績!月13,L$14,実績!報告者名13,$K$1,実績!工種13,$A37) -> 0 | O37: =L37/L26 -> #DIV/0! | Q37: =SUMIFS(実績!想定販利13,実績!月13,Q$14,実績!報告者名13,$K$1,実績!工種13,$A37) -> 0 | T37: =Q37/Q26 -> #DIV/0! | V37: =SUMIFS(実績!想定販利13,実績!月13,V$14,実績!報告者名13,$K$1,実績!工種13,$A37) -> 0 | Y37: =V37/V26 -> #DIV/0! | AA37: =L37+Q37+V37 -> 0 | AD37: =AA37/AA26 -> #DIV/0! | AF37: =SUMIFS(実績!想定販利13,実績!月13,AF$14,実績!報告者名13,$K$1,実績!工種13,$A37) -> 0 | AI37: =AF37/AF26 -> #DIV/0! | AK37: =SUMIFS(実績!想定販利13,実績!月13,AK$14,実績!報告者名13,$K$1,実績!工種13,$A37) -> 0 | AN37: =AK37/AK26 -> #DIV/0! | AP37: =SUMIFS(実績!想定販利13,実績!月13,AP$14,実績!報告者名13,$K$1,実績!工種13,$A37) -> 0 | AS37: =AP37/AP26 -> #DIV/0! | AU37: =AF37+AK37+AP37 -> 0 | AX37: =AU37/AU26 -> #DIV/0! | AZ37: =SUMIFS(実績!想定販利13,実績!月13,AZ$14,実績!報告者名13,$K$1,実績!工種13,$A37) -> 0 | BC37: =AZ37/AZ26 -> #DIV/0! | BE37: =SUMIFS(実績!想定販利13,実績!月13,BE$14,実績!報告者名13,$K$1,実績!工種13,$A37) -> 0 | BH37: =BE37/BE26 -> #DIV/0! | BJ37: =SUMIFS(実績!想定販利13,実績!月13,BJ$14,実績!報告者名13,$K$1,実績!工種13,$A37) -> 0 | BM37: =BJ37/BJ26 -> #DIV/0! | BO37: =AZ37+BE37+BJ37 -> 0 | BR37: =BO37/BO26 -> #DIV/0! | BT37: =SUMIFS(実績!想定販利13,実績!月13,BT$14,実績!報告者名13,$K$1,実績!工種13,$A37) -> 0 | BW37: =BT37/BT26 -> #DIV/0! | BY37: =SUMIFS(実績!想定販利13,実績!月13,BY$14,実績!報告者名13,$K$1,実績!工種13,$A37) -> 0 | CB37: =BY37/BY26 -> #DIV/0! | CD37: =SUMIFS(実績!想定販利13,実績!月13,CD$14,実績!報告者名13,$K$1,実績!工種13,$A37) -> 0 | CG37: =CD37/CD26 -> #DIV/0! | CI37: =BT37+BY37+CD37 -> 0 | CL37: =CI37/CI26 -> #DIV/0!
A38: SP | G38: =AA38+AU38+BO38+CI38 -> 0 | J38: =G38/G27 -> #DIV/0! | L38: =SUMIFS(実績!想定販利13,実績!月13,L$14,実績!報告者名13,$K$1,実績!工種13,$A38) -> 0 | O38: =L38/L27 -> #DIV/0! | Q38: =SUMIFS(実績!想定販利13,実績!月13,Q$14,実績!報告者名13,$K$1,実績!工種13,$A38) -> 0 | T38: =Q38/Q27 -> #DIV/0! | V38: =SUMIFS(実績!想定販利13,実績!月13,V$14,実績!報告者名13,$K$1,実績!工種13,$A38) -> 0 | Y38: =V38/V27 -> #DIV/0! | AA38: =L38+Q38+V38 -> 0 | AD38: =AA38/AA27 -> #DIV/0! | AF38: =SUMIFS(実績!想定販利13,実績!月13,AF$14,実績!報告者名13,$K$1,実績!工種13,$A38) -> 0 | AI38: =AF38/AF27 -> #DIV/0! | AK38: =SUMIFS(実績!想定販利13,実績!月13,AK$14,実績!報告者名13,$K$1,実績!工種13,$A38) -> 0 | AN38: =AK38/AK27 -> #DIV/0! | AP38: =SUMIFS(実績!想定販利13,実績!月13,AP$14,実績!報告者名13,$K$1,実績!工種13,$A38) -> 0 | AS38: =AP38/AP27 -> #DIV/0! | AU38: =AF38+AK38+AP38 -> 0 | AX38: =AU38/AU27 -> #DIV/0! | AZ38: =SUMIFS(実績!想定販利13,実績!月13,AZ$14,実績!報告者名13,$K$1,実績!工種13,$A38) -> 0 | BC38: =AZ38/AZ27 -> #DIV/0! | BE38: =SUMIFS(実績!想定販利13,実績!月13,BE$14,実績!報告者名13,$K$1,実績!工種13,$A38) -> 0 | BH38: =BE38/BE27 -> #DIV/0! | BJ38: =SUMIFS(実績!想定販利13,実績!月13,BJ$14,実績!報告者名13,$K$1,実績!工種13,$A38) -> 0 | BM38: =BJ38/BJ27 -> #DIV/0! | BO38: =AZ38+BE38+BJ38 -> 0 | BR38: =BO38/BO27 -> #DIV/0! | BT38: =SUMIFS(実績!想定販利13,実績!月13,BT$14,実績!報告者名13,$K$1,実績!工種13,$A38) -> 0 | BW38: =BT38/BT27 -> #DIV/0! | BY38: =SUMIFS(実績!想定販利13,実績!月13,BY$14,実績!報告者名13,$K$1,実績!工種13,$A38) -> 0 | CB38: =BY38/BY27 -> #DIV/0! | CD38: =SUMIFS(実績!想定販利13,実績!月13,CD$14,実績!報告者名13,$K$1,実績!工種13,$A38) -> 0 | CG38: =CD38/CD27 -> #DIV/0! | CI38: =BT38+BY38+CD38 -> 0 | CL38: =CI38/CI27 -> #DIV/0!
A39: TB | G39: =AA39+AU39+BO39+CI39 -> 0 | J39: =G39/G28 -> #DIV/0! | L39: =SUMIFS(実績!想定販利13,実績!月13,L$14,実績!報告者名13,$K$1,実績!工種13,$A39) -> 0 | O39: =L39/L28 -> #DIV/0! | Q39: =SUMIFS(実績!想定販利13,実績!月13,Q$14,実績!報告者名13,$K$1,実績!工種13,$A39) -> 0 | T39: =Q39/Q28 -> #DIV/0! | V39: =SUMIFS(実績!想定販利13,実績!月13,V$14,実績!報告者名13,$K$1,実績!工種13,$A39) -> 0 | Y39: =V39/V28 -> #DIV/0! | AA39: =L39+Q39+V39 -> 0 | AD39: =AA39/AA28 -> #DIV/0! | AF39: =SUMIFS(実績!想定販利13,実績!月13,AF$14,実績!報告者名13,$K$1,実績!工種13,$A39) -> 0 | AI39: =AF39/AF28 -> #DIV/0! | AK39: =SUMIFS(実績!想定販利13,実績!月13,AK$14,実績!報告者名13,$K$1,実績!工種13,$A39) -> 0 | AN39: =AK39/AK28 -> #DIV/0! | AP39: =SUMIFS(実績!想定販利13,実績!月13,AP$14,実績!報告者名13,$K$1,実績!工種13,$A39) -> 0 | AS39: =AP39/AP28 -> #DIV/0! | AU39: =AF39+AK39+AP39 -> 0 | AX39: =AU39/AU28 -> #DIV/0! | AZ39: =SUMIFS(実績!想定販利13,実績!月13,AZ$14,実績!報告者名13,$K$1,実績!工種13,$A39) -> 0 | BC39: =AZ39/AZ28 -> #DIV/0! | BE39: =SUMIFS(実績!想定販利13,実績!月13,BE$14,実績!報告者名13,$K$1,実績!工種13,$A39) -> 0 | BH39: =BE39/BE28 -> #DIV/0! | BJ39: =SUMIFS(実績!想定販利13,実績!月13,BJ$14,実績!報告者名13,$K$1,実績!工種13,$A39) -> 0 | BM39: =BJ39/BJ28 -> #DIV/0! | BO39: =AZ39+BE39+BJ39 -> 0 | BR39: =BO39/BO28 -> #DIV/0! | BT39: =SUMIFS(実績!想定販利13,実績!月13,BT$14,実績!報告者名13,$K$1,実績!工種13,$A39) -> 0 | BW39: =BT39/BT28 -> #DIV/0! | BY39: =SUMIFS(実績!想定販利13,実績!月13,BY$14,実績!報告者名13,$K$1,実績!工種13,$A39) -> 0 | CB39: =BY39/BY28 -> #DIV/0! | CD39: =SUMIFS(実績!想定販利13,実績!月13,CD$14,実績!報告者名13,$K$1,実績!工種13,$A39) -> 0 | CG39: =CD39/CD28 -> #DIV/0! | CI39: =BT39+BY39+CD39 -> 0 | CL39: =CI39/CI28 -> #DIV/0!
A40: その他 | G40: =AA40+AU40+BO40+CI40 -> 0 | J40: =G40/G29 -> #DIV/0! | L40: =L35-L37-L38-L39 -> 0 | O40: =L40/L29 -> #DIV/0! | Q40: =Q35-Q37-Q38-Q39 -> 0 | T40: =Q40/Q29 -> #DIV/0! | V40: =V35-V37-V38-V39 -> 0 | Y40: =V40/V29 -> #DIV/0! | AA40: =L40+Q40+V40 -> 0 | AD40: =AA40/AA29 -> #DIV/0! | AF40: =AF35-AF37-AF38-AF39 -> 0 | AI40: =AF40/AF29 -> #DIV/0! | AK40: =AK35-AK37-AK38-AK39 -> 0 | AN40: =AK40/AK29 -> #DIV/0! | AP40: =AP35-AP37-AP38-AP39 -> 0 | AS40: =AP40/AP29 -> #DIV/0! | AU40: =AF40+AK40+AP40 -> 0 | AX40: =AU40/AU29 -> #DIV/0! | AZ40: =AZ35-AZ37-AZ38-AZ39 -> 0 | BC40: =AZ40/AZ29 -> #DIV/0! | BE40: =BE35-BE37-BE38-BE39 -> 0 | BH40: =BE40/BE29 -> #DIV/0! | BJ40: =BJ35-BJ37-BJ38-BJ39 -> 0 | BM40: =BJ40/BJ29 -> #DIV/0! | BO40: =AZ40+BE40+BJ40 -> 0 | BR40: =BO40/BO29 -> #DIV/0! | BT40: =BT35-BT37-BT38-BT39 -> 0 | BW40: =BT40/BT29 -> #DIV/0! | BY40: =BY35-BY37-BY38-BY39 -> 0 | CB40: =BY40/BY29 -> #DIV/0! | CD40: =CD35-CD37-CD38-CD39 -> 0 | CG40: =CD40/CD29 -> #DIV/0! | CI40: =BT40+BY40+CD40 -> 0 | CL40: =CI40/CI29 -> #DIV/0!
A41: 販利（実行） | G41: =AA41+AU41+BO41+CI41 -> 0 | J41: =G41/G25 -> #DIV/0! | L41: =SUMIFS(実績!販売利益13,実績!月13,A!L$14,実績!報告者名13,A!$K$1) -> 0 | O41: =L41/L33 -> #DIV/0! | Q41: =SUMIFS(実績!販売利益13,実績!月13,A!Q$14,実績!報告者名13,A!$K$1) -> 0 | T41: =Q41/Q33 -> #DIV/0! | V41: =SUMIFS(実績!販売利益13,実績!月13,A!V$14,実績!報告者名13,A!$K$1) -> 0 | Y41: =V41/V33 -> #DIV/0! | AA41: =L41+Q41+V41 -> 0 | AD41: =AA41/AA33 -> #DIV/0! | AF41: =SUMIFS(実績!販売利益13,実績!月13,A!AF$14,実績!報告者名13,A!$K$1) -> 0 | AI41: =AF41/AF33 -> #DIV/0! | AK41: =SUMIFS(実績!販売利益13,実績!月13,A!AK$14,実績!報告者名13,A!$K$1) -> 0 | AN41: =AK41/AK33 -> #DIV/0! | AP41: =SUMIFS(実績!販売利益13,実績!月13,A!AP$14,実績!報告者名13,A!$K$1) -> 0 | AS41: =AP41/AP33 -> #DIV/0! | AU41: =AF41+AK41+AP41 -> 0 | AX41: =AU41/AU33 -> #DIV/0! | AZ41: =SUMIFS(実績!販売利益13,実績!月13,A!AZ$14,実績!報告者名13,A!$K$1) -> 0 | BC41: =AZ41/AZ33 -> #DIV/0! | BE41: =SUMIFS(実績!販売利益13,実績!月13,A!BE$14,実績!報告者名13,A!$K$1) -> 0 | BH41: =BE41/BE33 -> #DIV/0! | BJ41: =SUMIFS(実績!販売利益13,実績!月13,A!BJ$14,実績!報告者名13,A!$K$1) -> 0 | BM41: =BJ41/BJ33 -> #DIV/0! | BO41: =AZ41+BE41+BJ41 -> 0 | BR41: =BO41/BO33 -> #DIV/0! | BT41: =SUMIFS(実績!販売利益13,実績!月13,A!BT$14,実績!報告者名13,A!$K$1) -> 0 | BW41: =BT41/BT33 -> #DIV/0! | BY41: =SUMIFS(実績!販売利益13,実績!月13,A!BY$14,実績!報告者名13,A!$K$1) -> 0 | CB41: =BY41/BY33 -> #DIV/0! | CD41: =SUMIFS(実績!販売利益13,実績!月13,A!CD$14,実績!報告者名13,A!$K$1) -> 0 | CG41: =CD41/CD33 -> #DIV/0! | CI41: =BT41+BY41+CD41 -> 0 | CL41: =CI41/CI33 -> #DIV/0!
A42: 販利率（実行） | G42: =G41/G25 -> #DIV/0! | L42: =L41/L25 -> #DIV/0! | Q42: =Q41/Q25 -> #DIV/0! | V42: =V41/V25 -> #DIV/0! | AA42: =AA41/AA25 -> #DIV/0! | AF42: =AF41/AF25 -> #DIV/0! | AK42: =AK41/AK25 -> #DIV/0! | AP42: =AP41/AP25 -> #DIV/0! | AU42: =AU41/AU25 -> #DIV/0! | AZ42: =AZ41/AZ25 -> #DIV/0! | BE42: =BE41/BE25 -> #DIV/0! | BJ42: =BJ41/BJ25 -> #DIV/0! | BO42: =BO41/BO25 -> #DIV/0! | BT42: =BT41/BT25 -> #DIV/0! | BY42: =BY41/BY25 -> #DIV/0! | CD42: =CD41/CD25 -> #DIV/0! | CI42: =CI41/CI25 -> #DIV/0!
A43: AP | G43: =AA43+AU43+BO43+CI43 -> 0 | J43: =G43/G26 -> #DIV/0! | L43: =SUMIFS(実績!販売利益13,実績!月13,L$14,実績!報告者名13,$K$1,実績!工種13,$A43) -> 0 | O43: =L43/L26 -> #DIV/0! | Q43: =SUMIFS(実績!販売利益13,実績!月13,Q$14,実績!報告者名13,$K$1,実績!工種13,$A43) -> 0 | T43: =Q43/Q26 -> #DIV/0! | V43: =SUMIFS(実績!販売利益13,実績!月13,V$14,実績!報告者名13,$K$1,実績!工種13,$A43) -> 0 | Y43: =V43/V26 -> #DIV/0! | AA43: =L43+Q43+V43 -> 0 | AD43: =AA43/AA26 -> #DIV/0! | AF43: =SUMIFS(実績!販売利益13,実績!月13,AF$14,実績!報告者名13,$K$1,実績!工種13,$A43) -> 0 | AI43: =AF43/AF26 -> #DIV/0! | AK43: =SUMIFS(実績!販売利益13,実績!月13,AK$14,実績!報告者名13,$K$1,実績!工種13,$A43) -> 0 | AN43: =AK43/AK26 -> #DIV/0! | AP43: =SUMIFS(実績!販売利益13,実績!月13,AP$14,実績!報告者名13,$K$1,実績!工種13,$A43) -> 0 | AS43: =AP43/AP26 -> #DIV/0! | AU43: =AF43+AK43+AP43 -> 0 | AX43: =AU43/AU26 -> #DIV/0! | AZ43: =SUMIFS(実績!販売利益13,実績!月13,AZ$14,実績!報告者名13,$K$1,実績!工種13,$A43) -> 0 | BC43: =AZ43/AZ26 -> #DIV/0! | BE43: =SUMIFS(実績!販売利益13,実績!月13,BE$14,実績!報告者名13,$K$1,実績!工種13,$A43) -> 0 | BH43: =BE43/BE26 -> #DIV/0! | BJ43: =SUMIFS(実績!販売利益13,実績!月13,BJ$14,実績!報告者名13,$K$1,実績!工種13,$A43) -> 0 | BM43: =BJ43/BJ26 -> #DIV/0! | BO43: =AZ43+BE43+BJ43 -> 0 | BR43: =BO43/BO26 -> #DIV/0! | BT43: =SUMIFS(実績!販売利益13,実績!月13,BT$14,実績!報告者名13,$K$1,実績!工種13,$A43) -> 0 | BW43: =BT43/BT26 -> #DIV/0! | BY43: =SUMIFS(実績!販売利益13,実績!月13,BY$14,実績!報告者名13,$K$1,実績!工種13,$A43) -> 0 | CB43: =BY43/BY26 -> #DIV/0! | CD43: =SUMIFS(実績!販売利益13,実績!月13,CD$14,実績!報告者名13,$K$1,実績!工種13,$A43) -> 0 | CG43: =CD43/CD26 -> #DIV/0! | CI43: =BT43+BY43+CD43 -> 0 | CL43: =CI43/CI26 -> #DIV/0!
A44: SP | G44: =AA44+AU44+BO44+CI44 -> 0 | J44: =G44/G27 -> #DIV/0! | L44: =SUMIFS(実績!販売利益13,実績!月13,L$14,実績!報告者名13,$K$1,実績!工種13,$A44) -> 0 | O44: =L44/L27 -> #DIV/0! | Q44: =SUMIFS(実績!販売利益13,実績!月13,Q$14,実績!報告者名13,$K$1,実績!工種13,$A44) -> 0 | T44: =Q44/Q27 -> #DIV/0! | V44: =SUMIFS(実績!販売利益13,実績!月13,V$14,実績!報告者名13,$K$1,実績!工種13,$A44) -> 0 | Y44: =V44/V27 -> #DIV/0! | AA44: =L44+Q44+V44 -> 0 | AD44: =AA44/AA27 -> #DIV/0! | AF44: =SUMIFS(実績!販売利益13,実績!月13,AF$14,実績!報告者名13,$K$1,実績!工種13,$A44) -> 0 | AI44: =AF44/AF27 -> #DIV/0! | AK44: =SUMIFS(実績!販売利益13,実績!月13,AK$14,実績!報告者名13,$K$1,実績!工種13,$A44) -> 0 | AN44: =AK44/AK27 -> #DIV/0! | AP44: =SUMIFS(実績!販売利益13,実績!月13,AP$14,実績!報告者名13,$K$1,実績!工種13,$A44) -> 0 | AS44: =AP44/AP27 -> #DIV/0! | AU44: =AF44+AK44+AP44 -> 0 | AX44: =AU44/AU27 -> #DIV/0! | AZ44: =SUMIFS(実績!販売利益13,実績!月13,AZ$14,実績!報告者名13,$K$1,実績!工種13,$A44) -> 0 | BC44: =AZ44/AZ27 -> #DIV/0! | BE44: =SUMIFS(実績!販売利益13,実績!月13,BE$14,実績!報告者名13,$K$1,実績!工種13,$A44) -> 0 | BH44: =BE44/BE27 -> #DIV/0! | BJ44: =SUMIFS(実績!販売利益13,実績!月13,BJ$14,実績!報告者名13,$K$1,実績!工種13,$A44) -> 0 | BM44: =BJ44/BJ27 -> #DIV/0! | BO44: =AZ44+BE44+BJ44 -> 0 | BR44: =BO44/BO27 -> #DIV/0! | BT44: =SUMIFS(実績!販売利益13,実績!月13,BT$14,実績!報告者名13,$K$1,実績!工種13,$A44) -> 0 | BW44: =BT44/BT27 -> #DIV/0! | BY44: =SUMIFS(実績!販売利益13,実績!月13,BY$14,実績!報告者名13,$K$1,実績!工種13,$A44) -> 0 | CB44: =BY44/BY27 -> #DIV/0! | CD44: =SUMIFS(実績!販売利益13,実績!月13,CD$14,実績!報告者名13,$K$1,実績!工種13,$A44) -> 0 | CG44: =CD44/CD27 -> #DIV/0! | CI44: =BT44+BY44+CD44 -> 0 | CL44: =CI44/CI27 -> #DIV/0!
A45: TB | G45: =AA45+AU45+BO45+CI45 -> 0 | J45: =G45/G28 -> #DIV/0! | L45: =SUMIFS(実績!販売利益13,実績!月13,L$14,実績!報告者名13,$K$1,実績!工種13,$A45) -> 0 | O45: =L45/L28 -> #DIV/0! | Q45: =SUMIFS(実績!販売利益13,実績!月13,Q$14,実績!報告者名13,$K$1,実績!工種13,$A45) -> 0 | T45: =Q45/Q28 -> #DIV/0! | V45: =SUMIFS(実績!販売利益13,実績!月13,V$14,実績!報告者名13,$K$1,実績!工種13,$A45) -> 0 | Y45: =V45/V28 -> #DIV/0! | AA45: =L45+Q45+V45 -> 0 | AD45: =AA45/AA28 -> #DIV/0! | AF45: =SUMIFS(実績!販売利益13,実績!月13,AF$14,実績!報告者名13,$K$1,実績!工種13,$A45) -> 0 | AI45: =AF45/AF28 -> #DIV/0! | AK45: =SUMIFS(実績!販売利益13,実績!月13,AK$14,実績!報告者名13,$K$1,実績!工種13,$A45) -> 0 | AN45: =AK45/AK28 -> #DIV/0! | AP45: =SUMIFS(実績!販売利益13,実績!月13,AP$14,実績!報告者名13,$K$1,実績!工種13,$A45) -> 0 | AS45: =AP45/AP28 -> #DIV/0! | AU45: =AF45+AK45+AP45 -> 0 | AX45: =AU45/AU28 -> #DIV/0! | AZ45: =SUMIFS(実績!販売利益13,実績!月13,AZ$14,実績!報告者名13,$K$1,実績!工種13,$A45) -> 0 | BC45: =AZ45/AZ28 -> #DIV/0! | BE45: =SUMIFS(実績!販売利益13,実績!月13,BE$14,実績!報告者名13,$K$1,実績!工種13,$A45) -> 0 | BH45: =BE45/BE28 -> #DIV/0! | BJ45: =SUMIFS(実績!販売利益13,実績!月13,BJ$14,実績!報告者名13,$K$1,実績!工種13,$A45) -> 0 | BM45: =BJ45/BJ28 -> #DIV/0! | BO45: =AZ45+BE45+BJ45 -> 0 | BR45: =BO45/BO28 -> #DIV/0! | BT45: =SUMIFS(実績!販売利益13,実績!月13,BT$14,実績!報告者名13,$K$1,実績!工種13,$A45) -> 0 | BW45: =BT45/BT28 -> #DIV/0! | BY45: =SUMIFS(実績!販売利益13,実績!月13,BY$14,実績!報告者名13,$K$1,実績!工種13,$A45) -> 0 | CB45: =BY45/BY28 -> #DIV/0! | CD45: =SUMIFS(実績!販売利益13,実績!月13,CD$14,実績!報告者名13,$K$1,実績!工種13,$A45) -> 0 | CG45: =CD45/CD28 -> #DIV/0! | CI45: =BT45+BY45+CD45 -> 0 | CL45: =CI45/CI28 -> #DIV/0!
A46: その他 | G46: =AA46+AU46+BO46+CI46 -> 0 | J46: =G46/G29 -> #DIV/0! | L46: =L41-L43-L44-L45 -> 0 | O46: =L46/L29 -> #DIV/0! | Q46: =Q41-Q43-Q44-Q45 -> 0 | T46: =Q46/Q29 -> #DIV/0! | V46: =V41-V43-V44-V45 -> 0 | Y46: =V46/V29 -> #DIV/0! | AA46: =L46+Q46+V46 -> 0 | AD46: =AA46/AA29 -> #DIV/0! | AF46: =AF41-AF43-AF44-AF45 -> 0 | AI46: =AF46/AF29 -> #DIV/0! | AK46: =AK41-AK43-AK44-AK45 -> 0 | AN46: =AK46/AK29 -> #DIV/0! | AP46: =AP41-AP43-AP44-AP45 -> 0 | AS46: =AP46/AP29 -> #DIV/0! | AU46: =AF46+AK46+AP46 -> 0 | AX46: =AU46/AU29 -> #DIV/0! | AZ46: =AZ41-AZ43-AZ44-AZ45 -> 0 | BC46: =AZ46/AZ29 -> #DIV/0! | BE46: =BE41-BE43-BE44-BE45 -> 0 | BH46: =BE46/BE29 -> #DIV/0! | BJ46: =BJ41-BJ43-BJ44-BJ45 -> 0 | BM46: =BJ46/BJ29 -> #DIV/0! | BO46: =AZ46+BE46+BJ46 -> 0 | BR46: =BO46/BO29 -> #DIV/0! | BT46: =BT41-BT43-BT44-BT45 -> 0 | BW46: =BT46/BT29 -> #DIV/0! | BY46: =BY41-BY43-BY44-BY45 -> 0 | CB46: =BY46/BY29 -> #DIV/0! | CD46: =CD41-CD43-CD44-CD45 -> 0 | CG46: =CD46/CD29 -> #DIV/0! | CI46: =BT46+BY46+CD46 -> 0 | CL46: =CI46/CI29 -> #DIV/0!
A47: 販利（予実差異） | G47: =AA47+AU47+BO47+CI47 -> 0 | L47: =L41-L35 -> 0 | Q47: =Q41-Q35 -> 0 | V47: =V41-V35 -> 0 | AA47: =L47+Q47+V47 -> 0 | AF47: =AF41-AF35 -> 0 | AK47: =AK41-AK35 -> 0 | AP47: =AP41-AP35 -> 0 | AU47: =AF47+AK47+AP47 -> 0 | AZ47: =AZ41-AZ35 -> 0 | BE47: =BE41-BE35 -> 0 | BJ47: =BJ41-BJ35 -> 0 | BO47: =AZ47+BE47+BJ47 -> 0 | BT47: =BT41-BT35 -> 0 | BY47: =BY41-BY35 -> 0 | CD47: =CD41-CD35 -> 0 | CI47: =BT47+BY47+CD47 -> 0
G48: ※1：A確定+B確定+見込C | Q48: ※2：A確定+B確定 | Y48: ※3と※4：A確定
A50: 【次々月予測用フォーム】 | AF50: 【次月予測用フォーム】 | BQ50: 【当月予測用フォーム】
A51: 〇合計〇 | AF51: 〇合計〇 | BQ51: 〇合計〇
A52: 対象月 | G52: 予測値 | L52: A | O52: B | R52: C | U52: 合計 | X52: 予算 | AA52: 達成率 | AC52: 必要 見積数 | AF52: 対象月 | AL52: A | AO52: B | AR52: A+B | AU52: 予算 | AX52: 達成率 | BA52: C | BD52: A+B+C | BG52: 予算 | BJ52: 達成率 | BQ52: 対象月 | BW52: A | BZ52: B | CC52: A+B | CF52: 予算 | CI52: 達成率
A53: =MONTH(EDATE(R1,2))&"月" -> 12月 | G53: 売上金額 | J53: 件数 | AF53: =MONTH(EDATE(R1,1))&"月" -> 11月 | BQ53: =MONTH(R1)&"月" -> 10月 | BW53: A | BZ53: B | CC53: A+B
A54: 合計 | G54: =IFERROR(G73+G81+G89,G81+G89) -> 0 | J54: =IFERROR(L73*U73+L81*U81+L89*U89,L81*U81+L89*U89) -> 0 | L54: =SUMIFS(実績!見積額13,実績!報告者名13,A!$K$1,実績!月13,$A$53,実績!受注確定13,L$52) -> 0 | O54: =SUMIFS(実績!見積額13,実績!報告者名13,A!$K$1,実績!月13,$A$53,実績!受注確定13,O$52) -> 0 | R54: =SUMIFS(実績!見積額13,実績!報告者名13,A!$K$1,実績!月13,$A$53,実績!受注確定13,R$52) -> 0 | U54: =G54+L54+O54+R54 -> 0 | X54: =SUMIFS(予算!目標金額,予算!対象ユーザー名,A!K$1,予算!予算月,A$53) -> 0 | AA54: =U54/X54 -> #DIV/0! | AC54: =SUM(AC55:AD58) -> 0 | AF54: 合計 | AL54: =SUMIFS(実績!見積額13,実績!報告者名13,A!K$1,実績!月13,AF$53,実績!受注確定13,AL52) -> 0 | AO54: =SUMIFS(実績!見積額13,実績!報告者名13,A!K$1,実績!月13,AF$53,実績!受注確定13,AO52) -> 0 | AR54: =SUM(AL54:AQ54) -> 0 | AU54: =SUMIFS(予算!目標金額,予算!対象ユーザー名,$K$1,予算!予算月,AF$53) -> 0 | AX54: =AR54/AU54 -> #DIV/0! | BA54: =SUMIFS(実績!見積額13,実績!報告者名13,A!K$1,実績!月13,AF$53,実績!受注確定13,BA52) -> 0 | BD54: =AL54+AO54+BA54 -> 0 | BG54: =SUMIFS(予算!目標金額,予算!対象ユーザー名,$K$1,予算!予算月,AF$53) -> 0 | BJ54: =BD54/BG54 -> #DIV/0! | BQ54: 合計 | BW54: =SUMIFS(実績!見積額13,実績!報告者名13,A!$K$1,実績!月13,BQ$53,実績!受注確定13,BW53) -> 0 | BZ54: =SUMIFS(実績!見積額13,実績!報告者名13,A!$K$1,実績!月13,BQ$53,実績!受注確定13,BZ53) -> 0 | CC54: =SUM(BW54+BZ54) -> 0 | CF54: =SUMIFS(予算!目標金額,予算!対象ユーザー名,$K$1,予算!予算月,BQ$53) -> 0 | CI54: =CC54/CF54 -> #DIV/0!
A55: AP | G55: =IFERROR(G74+G82+G90,G82+G90) -> 0 | J55: =IFERROR(L74*U74+L82*U82+L90*U90,L82*U82+L90*U90) -> 0 | L55: =SUMIFS(実績!見積額13,実績!報告者名13,A!$K$1,実績!月13,$A$53,実績!受注確定13,L$52,実績!工種13,$A55) -> 0 | O55: =SUMIFS(実績!見積額13,実績!報告者名13,A!$K$1,実績!月13,$A$53,実績!受注確定13,O$52,実績!工種13,$A55) -> 0 | R55: =SUMIFS(実績!見積額13,実績!報告者名13,A!$K$1,実績!月13,$A$53,実績!受注確定13,R$52,実績!工種13,$A55) -> 0 | U55: =G55+L55+O55+R55 -> 0 | X55: =SUMIFS(予算!AP,予算!対象ユーザー名,A!K$1,予算!予算月,A$53) -> 0 | AA55: =U55/X55 -> #DIV/0! | AC55: =IFERROR(IF(((X55-U55)/AVERAGE(Y74,Y90,Y82))/U74<0,0,((X55-U55)/AVERAGE(Y74,Y90,Y82))/U74),0) -> 0 | AF55: AP | AL55: =SUMIFS(実績!見積額13,実績!報告者名13,A!$K$1,実績!月13,$AF$53,実績!受注確定13,AL$52,実績!工種13,$AF55) -> 0 | AO55: =SUMIFS(実績!見積額13,実績!報告者名13,A!$K$1,実績!月13,$AF$53,実績!受注確定13,AO$52,実績!工種13,$AF55) -> 0 | AR55: =SUM(AL55:AQ55) -> 0 | AU55: =SUMIFS(予算!AP,予算!対象ユーザー名,$K$1,予算!予算月,AF$53) -> 0 | AX55: =AR55/AU55 -> #DIV/0! | BA55: =SUMIFS(実績!見積額13,実績!報告者名13,A!$K$1,実績!月13,$AF$53,実績!受注確定13,BA$52,実績!工種13,$AF55) -> 0 | BD55: =AL55+AO55+BA55 -> 0 | BG55: =SUMIFS(予算!AP,予算!対象ユーザー名,$K$1,予算!予算月,AF$53) -> 0 | BJ55: =BD55/BG55 -> #DIV/0! | BQ55: AP | BW55: =SUMIFS(実績!見積額13,実績!報告者名13,A!$K$1,実績!月13,$BQ$53,実績!受注確定13,BW$53,実績!工種13,$BQ55) -> 0 | BZ55: =SUMIFS(実績!見積額13,実績!報告者名13,A!$K$1,実績!月13,BQ$53,実績!受注確定13,BZ54) -> 0 | CC55: =SUM(BW55+BZ55) -> 0 | CF55: =SUMIFS(予算!AP,予算!対象ユーザー名,$K$1,予算!予算月,BQ$53) -> 0 | CI55: =CC55/CF55 -> #DIV/0!
A56: SP | G56: =IFERROR(G75+G83+G91,G83+G91) -> 0 | J56: =IFERROR(L75*U75+L83*U83+L91*U91,L83*U83+L91*U91) -> 0 | L56: =SUMIFS(実績!見積額13,実績!報告者名13,A!$K$1,実績!月13,$A$53,実績!受注確定13,L$52,実績!工種13,$A56) -> 0 | O56: =SUMIFS(実績!見積額13,実績!報告者名13,A!$K$1,実績!月13,$A$53,実績!受注確定13,O$52,実績!工種13,$A56) -> 0 | R56: =SUMIFS(実績!見積額13,実績!報告者名13,A!$K$1,実績!月13,$A$53,実績!受注確定13,R$52,実績!工種13,$A56) -> 0 | U56: =G56+L56+O56+R56 -> 0 | X56: =SUMIFS(予算!SP,予算!対象ユーザー名,A!K$1,予算!予算月,A$53) -> 0 | AA56: =U56/X56 -> #DIV/0! | AC56: =IFERROR(IF(((X56-U56)/AVERAGE(Y75,Y91,Y83))/U75<0,0,((X56-U56)/AVERAGE(Y75,Y91,Y83))/U75),0) -> 0 | AF56: SP | AL56: =SUMIFS(実績!見積額13,実績!報告者名13,A!$K$1,実績!月13,$AF$53,実績!受注確定13,AL$52,実績!工種13,$AF56) -> 0 | AO56: =SUMIFS(実績!見積額13,実績!報告者名13,A!$K$1,実績!月13,$AF$53,実績!受注確定13,AO$52,実績!工種13,$AF56) -> 0 | AR56: =SUM(AL56:AQ56) -> 0 | AU56: =SUMIFS(予算!SP,予算!対象ユーザー名,$K$1,予算!予算月,AF$53) -> 0 | AX56: =AR56/AU56 -> #DIV/0! | BA56: =SUMIFS(実績!見積額13,実績!報告者名13,A!$K$1,実績!月13,$AF$53,実績!受注確定13,BA$52,実績!工種13,$AF56) -> 0 | BD56: =AL56+AO56+BA56 -> 0 | BG56: =SUMIFS(予算!SP,予算!対象ユーザー名,$K$1,予算!予算月,AF$53) -> 0 | BJ56: =BD56/BG56 -> #DIV/0! | BQ56: SP | BW56: =SUMIFS(実績!見積額13,実績!報告者名13,A!$K$1,実績!月13,$BQ$53,実績!受注確定13,BW$53,実績!工種13,$BQ56) -> 0 | BZ56: =SUMIFS(実績!見積額13,実績!報告者名13,A!$K$1,実績!月13,BQ$53,実績!受注確定13,BZ55) -> 0 | CC56: =SUM(BW56+BZ56) -> 0 | CF56: =SUMIFS(予算!SP,予算!対象ユーザー名,$K$1,予算!予算月,BQ$53) -> 0 | CI56: =CC56/CF56 -> #DIV/0!
A57: TB | G57: =IFERROR(G76+G84+G92,G84+G92) -> 0 | J57: =IFERROR(L76*U76+L84*U84+L92*U92,L84*U84+L92*U92) -> 0 | L57: =SUMIFS(実績!見積額13,実績!報告者名13,A!$K$1,実績!月13,$A$53,実績!受注確定13,L$52,実績!工種13,$A57) -> 0 | O57: =SUMIFS(実績!見積額13,実績!報告者名13,A!$K$1,実績!月13,$A$53,実績!受注確定13,O$52,実績!工種13,$A57) -> 0 | R57: =SUMIFS(実績!見積額13,実績!報告者名13,A!$K$1,実績!月13,$A$53,実績!受注確定13,R$52,実績!工種13,$A57) -> 0 | U57: =G57+L57+O57+R57 -> 0 | X57: =SUMIFS(予算!TB,予算!対象ユーザー名,A!K$1,予算!予算月,A$53) -> 0 | AA57: =U57/X57 -> #DIV/0! | AC57: =IFERROR(IF(((X57-U57)/AVERAGE(Y76,Y92,Y84))/U76<0,0,((X57-U57)/AVERAGE(Y76,Y92,Y84))/U76),0) -> 0 | AF57: TB | AL57: =SUMIFS(実績!見積額13,実績!報告者名13,A!$K$1,実績!月13,$AF$53,実績!受注確定13,AL$52,実績!工種13,$AF57) -> 0 | AO57: =SUMIFS(実績!見積額13,実績!報告者名13,A!$K$1,実績!月13,$AF$53,実績!受注確定13,AO$52,実績!工種13,$AF57) -> 0 | AR57: =SUM(AL57:AQ57) -> 0 | AU57: =SUMIFS(予算!TB,予算!対象ユーザー名,$K$1,予算!予算月,AF$53) -> 0 | AX57: =AR57/AU57 -> #DIV/0! | BA57: =SUMIFS(実績!見積額13,実績!報告者名13,A!$K$1,実績!月13,$AF$53,実績!受注確定13,BA$52,実績!工種13,$AF57) -> 0 | BD57: =AL57+AO57+BA57 -> 0 | BG57: =SUMIFS(予算!TB,予算!対象ユーザー名,$K$1,予算!予算月,AF$53) -> 0 | BJ57: =BD57/BG57 -> #DIV/0! | BQ57: TB | BW57: =SUMIFS(実績!見積額13,実績!報告者名13,A!$K$1,実績!月13,$BQ$53,実績!受注確定13,BW$53,実績!工種13,$BQ57) -> 0 | BZ57: =SUMIFS(実績!見積額13,実績!報告者名13,A!$K$1,実績!月13,BQ$53,実績!受注確定13,BZ56) -> 0 | CC57: =SUM(BW57+BZ57) -> 0 | CF57: =SUMIFS(予算!TB,予算!対象ユーザー名,$K$1,予算!予算月,BQ$53) -> 0 | CI57: =CC57/CF57 -> #DIV/0!
A58: その他 | G58: =IFERROR(G77+G85+G93,G85+G93) -> 0 | J58: =IFERROR(L77*U77+L85*U85+L93*U93,L85*U85+L93*U93) -> 0 | L58: =SUMIFS(実績!見積額13,実績!報告者名13,A!$K$1,実績!月13,$A$53,実績!受注確定13,L$52,実績!工種13,$A58) -> 0 | O58: =SUMIFS(実績!見積額13,実績!報告者名13,A!$K$1,実績!月13,$A$53,実績!受注確定13,O$52,実績!工種13,$A58) -> 0 | R58: =SUMIFS(実績!見積額13,実績!報告者名13,A!$K$1,実績!月13,$A$53,実績!受注確定13,R$52,実績!工種13,$A58) -> 0 | U58: =G58+L58+O58+R58 -> 0 | X58: =X54-X55-X56-X57 -> 0 | AA58: =U58/X58 -> #DIV/0! | AC58: =IFERROR(IF(((X58-U58)/AVERAGE(Y77,Y93,Y85))/U77<0,0,((X58-U58)/AVERAGE(Y77,Y93,Y85))/U77),0) -> 0 | AF58: その他 | AL58: =AL54-AL55-AL56-AL57 -> 0 | AO58: =AO54-AO55-AO56-AO57 -> 0 | AR58: =SUM(AL58:AQ58) -> 0 | AU58: =AU54-AU55-AU56-AU57 -> 0 | AX58: =AR58/AU58 -> #DIV/0! | BA58: =BA54-BA55-BA56-BA57 -> 0 | BD58: =AL58+AO58+BA58 -> 0 | BG58: =BG54-BG55-BG56-BG57 -> 0 | BJ58: =BD58/BG58 -> #DIV/0! | BQ58: その他 | BW58: =BW54-BW55-BW56-BW57 -> 0 | BZ58: =SUMIFS(実績!見積額13,実績!報告者名13,A!$K$1,実績!月13,BQ$53,実績!受注確定13,BZ57) -> 0 | CC58: =SUM(BW58+BZ58) -> 0 | CF58: =CF54-CF55-CF56-CF57 -> 0 | CI58: =CC58/CF58 -> #DIV/0!
A70: 〇当月〇
A71: 対象月 | G71: a*b*c | L71: a見積数 | P71: 見積金額 | U71: b受注率 | Y71: c平均単価
A72: =MONTH(R1)&"月" -> 10月
A73: 合計 | G73: =IFERROR(L73*Y73*U73,0) -> 0 | L73: =SUMIFS(見積!見積数,見積!報告者名,A!K$1,見積!月,A$72,見積!年,YEAR(A!R1)) -> 0 | P73: =SUMIFS(見積!見積額,見積!報告者名,A!K$1,見積!月,A$72,見積!年,YEAR(A!R1)) -> 0 | U73: =VLOOKUP(A!$K$1,受注率!$A$3:$P$15,2,FALSE) -> 0.071428571 | Y73: =IFERROR(P73/L73,"")
A74: AP | G74: =IFERROR(L74*Y74*U74,0) -> 0 | L74: =SUMIFS(見積!見積数,見積!報告者名,A!K$1,見積!月,A$72,見積!工種,A74,見積!年,YEAR(A!R1)) -> 0 | P74: =SUMIFS(見積!見積額,見積!報告者名,A!K$1,見積!月,A$72,見積!工種,A74,見積!年,YEAR(A!R1)) -> 0 | U74: =VLOOKUP(A!$K$1,受注率!$A$3:$P$15,3,FALSE) -> 0.090252708 | Y74: =IFERROR(P74/L74,"")
A75: SP | G75: =IFERROR(L75*Y75*U75,0) -> 0 | L75: =SUMIFS(見積!見積数,見積!報告者名,A!K$1,見積!月,A$72,見積!工種,A75,見積!年,YEAR(A!R1)) -> 0 | P75: =SUMIFS(見積!見積額,見積!報告者名,A!K$1,見積!月,A$72,見積!工種,A75,見積!年,YEAR(A!R1)) -> 0 | U75: =VLOOKUP(A!$K$1,受注率!$A$3:$P$15,4,FALSE) -> 0.053333333 | Y75: =IFERROR(P75/L75,"")
A76: TB | G76: =IFERROR(L76*Y76*U76,0) -> 0 | L76: =SUMIFS(見積!見積数,見積!報告者名,A!K$1,見積!月,A$72,見積!工種,A76,見積!年,YEAR(A!R1)) -> 0 | P76: =SUMIFS(見積!見積額,見積!報告者名,A!K$1,見積!月,A$72,見積!工種,A76,見積!年,YEAR(A!R1)) -> 0 | U76: =VLOOKUP(A!$K$1,受注率!$A$3:$P$15,5,FALSE) -> 0.066797642 | Y76: =IFERROR(P76/L76,"")
A77: その他 | G77: =IFERROR(L77*Y77*U77,0) -> 0 | L77: =L73-L74-L75-L76 -> 0 | P77: =P73-P74-P75-P76 -> 0 | U77: =VLOOKUP(A!$K$1,受注率!$A$3:$P$15,6,FALSE) -> 0.040816327 | Y77: =IFERROR(P77/L77,"")
A78: 〇前月〇 | AG78: 〇予算比（方針会議-目標70％）〇 | AY78: 〇予算比（営業面談A-目標80％）〇 | BR78: 〇予算比（方針会議-目標A+B 100％）〇 | CJ78: 〇予算比（営業面談A-目標Aのみ 90%）〇
A79: 対象月 | G79: a*b*c | L79: a見積数 | P79: 見積金額 | U79: b受注率 | Y79: c平均単価 | AF79: 対象月 | AL79: 予算差額 | AO79: 対象予算額 | AR79: 対象比率 | AU79: 最終予算額 | AX79: 対象月 | BD79: 予算差額 | BG79: 対象予算額 | BJ79: 対象比率 | BM79: 最終予算額 | BQ79: 対象月 | BW79: 予算差額 | BZ79: 対象予算額 | CC79: 対象比率 | CF79: 最終予算額 | CI79: 対象月 | CO79: 予算差額 | CR79: 対象予算額 | CU79: 対象比率 | CX79: 最終予算額
A80: =MONTH(EDATE(R1,-1))&"月" -> 9月 | AF80: =AF53 -> 11月 | AO80: 対象予算額 | AR80: 対象比率 | AU80: 最終予算額 | AX80: =AF53 -> 11月 | BG80: 対象予算額 | BJ80: 対象比率 | BM80: 最終予算額 | BQ80: =BQ53 -> 10月 | BZ80: 対象予算額 | CC80: 対象比率 | CF80: 最終予算額 | CI80: =BQ53 -> 10月 | CR80: 対象予算額 | CU80: 対象比率 | CX80: 最終予算額
A81: 合計 | G81: =IFERROR(L81*Y81*U81,0) -> 0 | L81: =SUMIFS(見積!見積数,見積!報告者名,A!K$1,見積!月,A$80,見積!年,YEAR(EDATE(A!R1,-1))) -> 0 | P81: =SUMIFS(見積!見積額,見積!報告者名,A!K$1,見積!月,A$80,見積!年,YEAR(EDATE(A!R1,-1))) -> 0 | U81: =VLOOKUP(A!$K$1,受注率!$A$3:$P$15,7,FALSE) -> 0.025274725 | Y81: =IFERROR(P81/L81,"") | AF81: 合計 | AL81: =AU54-AO81 -> 0 | AO81: =AU81*AR81 -> 0 | AR81: 0.7 | AU81: =SUMIFS(予算!目標金額,予算!対象ユーザー名,A!K$1,予算!予算月,AF$80) -> 0 | AX81: 合計 | BD81: =AU54-BG81 -> 0 | BG81: =BM81*BJ81 -> 0 | BJ81: 0.8 | BM81: =SUMIFS(予算!目標金額,予算!対象ユーザー名,A!K$1,予算!予算月,AX$80) -> 0 | BQ81: 合計 | BW81: =CC54-BZ81 -> 0 | BZ81: =CF81*CC81 -> 0 | CC81: 1 | CF81: =SUMIFS(予算!目標金額,予算!対象ユーザー名,A!$K$1,予算!予算月,BQ$80) -> 0 | CI81: 合計 | CO81: =BW54-CR81 -> 0 | CR81: =CX81*CU81 -> 0 | CU81: 0.9 | CX81: =SUMIFS(予算!目標金額,予算!対象ユーザー名,A!$K$1,予算!予算月,CI$80) -> 0
A82: AP | G82: =IFERROR(L82*Y82*U82,0) -> 0 | L82: =SUMIFS(見積!見積数,見積!報告者名,A!K$1,見積!月,A$80,見積!工種,A82,見積!年,YEAR(EDATE(A!R1,-1))) -> 0 | P82: =SUMIFS(見積!見積額,見積!報告者名,A!K$1,見積!月,A$80,見積!工種,A82,見積!年,YEAR(EDATE(A!R1,-1))) -> 0 | U82: =VLOOKUP(A!$K$1,受注率!$A$3:$P$15,8,FALSE) -> 0.036101083 | Y82: =IFERROR(P82/L82,"") | AF82: AP | AL82: =AU55-AO82 -> 0 | AO82: =AU82*AR82 -> 0 | AR82: 0.7 | AU82: =SUMIFS(予算!AP,予算!対象ユーザー名,A!$K$1,予算!予算月,AF$80) -> 0 | AX82: AP | BD82: =AU55-BG82 -> 0 | BG82: =BM82*BJ82 -> 0 | BJ82: 0.8 | BM82: =SUMIFS(予算!AP,予算!対象ユーザー名,A!$K$1,予算!予算月,AX$80) -> 0 | BQ82: AP | BW82: =CC55-BZ82 -> 0 | BZ82: =CF82*CC82 -> 0 | CC82: 1 | CF82: =SUMIFS(予算!AP,予算!対象ユーザー名,A!$K$1,予算!予算月,BQ$80) -> 0 | CI82: AP | CO82: =BW55-CR82 -> 0 | CR82: =CX82*CU82 -> 0 | CU82: 0.9 | CX82: =SUMIFS(予算!AP,予算!対象ユーザー名,A!$K$1,予算!予算月,CI$80) -> 0
A83: SP | G83: =IFERROR(L83*Y83*U83,0) -> 0 | L83: =SUMIFS(見積!見積数,見積!報告者名,A!K$1,見積!月,A$80,見積!工種,A83,見積!年,YEAR(EDATE(A!R1,-1))) -> 0 | P83: =SUMIFS(見積!見積額,見積!報告者名,A!K$1,見積!月,A$80,見積!工種,A83,見積!年,YEAR(EDATE(A!R1,-1))) -> 0 | U83: =VLOOKUP(A!$K$1,受注率!$A$3:$P$15,9,FALSE) -> 0.013333333 | Y83: =IFERROR(P83/L83,"") | AF83: SP | AL83: =AU56-AO83 -> 0 | AO83: =AU83*AR83 -> 0 | AR83: 0.7 | AU83: =SUMIFS(予算!SP,予算!対象ユーザー名,A!$K$1,予算!予算月,AF$80) -> 0 | AX83: SP | BD83: =AU56-BG83 -> 0 | BG83: =BM83*BJ83 -> 0 | BJ83: 0.8 | BM83: =SUMIFS(予算!SP,予算!対象ユーザー名,A!$K$1,予算!予算月,AX$80) -> 0 | BQ83: SP | BW83: =CC56-BZ83 -> 0 | BZ83: =CF83*CC83 -> 0 | CC83: 1 | CF83: =SUMIFS(予算!SP,予算!対象ユーザー名,A!$K$1,予算!予算月,BQ$80) -> 0 | CI83: SP | CO83: =BW56-CR83 -> 0 | CR83: =CX83*CU83 -> 0 | CU83: 0.9 | CX83: =SUMIFS(予算!SP,予算!対象ユーザー名,A!$K$1,予算!予算月,CI$80) -> 0
A84: TB | G84: =IFERROR(L84*Y84*U84,0) -> 0 | L84: =SUMIFS(見積!見積数,見積!報告者名,A!K$1,見積!月,A$80,見積!工種,A84,見積!年,YEAR(EDATE(A!R1,-1))) -> 0 | P84: =SUMIFS(見積!見積額,見積!報告者名,A!K$1,見積!月,A$80,見積!工種,A84,見積!年,YEAR(EDATE(A!R1,-1))) -> 0 | U84: =VLOOKUP(A!$K$1,受注率!$A$3:$P$15,10,FALSE) -> 0.023575639 | Y84: =IFERROR(P84/L84,"") | AF84: TB | AL84: =AU57-AO84 -> 0 | AO84: =AU84*AR84 -> 0 | AR84: 0.7 | AU84: =SUMIFS(予算!TB,予算!対象ユーザー名,A!$K$1,予算!予算月,AF$80) -> 0 | AX84: TB | BD84: =AU57-BG84 -> 0 | BG84: =BM84*BJ84 -> 0 | BJ84: 0.8 | BM84: =SUMIFS(予算!TB,予算!対象ユーザー名,A!$K$1,予算!予算月,AX$80) -> 0 | BQ84: TB | BW84: =CC57-BZ84 -> 0 | BZ84: =CF84*CC84 -> 0 | CC84: 1 | CF84: =SUMIFS(予算!TB,予算!対象ユーザー名,A!$K$1,予算!予算月,BQ$80) -> 0 | CI84: TB | CO84: =BW57-CR84 -> 0 | CR84: =CX84*CU84 -> 0 | CU84: 0.9 | CX84: =SUMIFS(予算!TB,予算!対象ユーザー名,A!$K$1,予算!予算月,CI$80) -> 0
A85: その他 | G85: =IFERROR(L85*Y85*U85,0) -> 0 | L85: =L81-L82-L83-L84 -> 0 | P85: =P81-P82-P83-P84 -> 0 | U85: =VLOOKUP(A!$K$1,受注率!$A$3:$P$15,11,FALSE) -> 0 | Y85: =IFERROR(P85/L85,"") | AF85: その他 | AL85: =AU58-AO85 -> 0 | AO85: =AU85*AR85 -> 0 | AR85: 0.7 | AU85: =SUMIFS(予算!その他,予算!対象ユーザー名,A!$K$1,予算!予算月,AF$80) -> 0 | AX85: その他 | BD85: =AU58-BG85 -> 0 | BG85: =BM85*BJ85 -> 0 | BJ85: 0.8 | BM85: =SUMIFS(予算!その他,予算!対象ユーザー名,A!$K$1,予算!予算月,AX$80) -> 0 | BQ85: その他 | BW85: =CC58-BZ85 -> 0 | BZ85: =CF85*CC85 -> 0 | CC85: 1 | CF85: =SUMIFS(予算!その他,予算!対象ユーザー名,A!$K$1,予算!予算月,BQ$80) -> 0 | CI85: その他 | CO85: =BW58-CR85 -> 0 | CR85: =CX85*CU85 -> 0 | CU85: 0.9 | CX85: =SUMIFS(予算!その他,予算!対象ユーザー名,A!$K$1,予算!予算月,CI$80) -> 0
A86: 〇前々月〇 | AF86: 〇予算比（役員会議-目標90％）〇 | AX86: 〇予算比（営業面談B-目標100％）〇 | BQ86: 〇予算比（役員会議-目標Aのみ 100％）〇 | CI86: 〇予算比（営業面談B-目標Aのみ 105％）〇
A87: 対象月 | G87: a*b*c | L87: a見積数 | P87: 見積金額 | U87: b受注率 | Y87: c平均単価 | AF87: 対象月 | AL87: 予算差額 | AO87: 対象予算額 | AR87: 対象比率 | AU87: 最終予算額 | AX87: 対象月 | BD87: 予算差額 | BG87: 対象予算額 | BJ87: 対象比率 | BM87: 最終予算額 | BQ87: 対象月 | BW87: 予算差額 | BZ87: 対象予算額 | CC87: 対象比率 | CF87: 最終予算額 | CI87: 対象月 | CO87: 予算差額 | CR87: 対象予算額 | CU87: 対象比率 | CX87: 最終予算額
A88: =MONTH(EDATE(R1,-2))&"月" -> 8月 | AF88: =AF53 -> 11月 | AO88: 対象予算額 | AR88: 対象比率 | AU88: 最終予算額 | AX88: =AF53 -> 11月 | BG88: 対象予算額 | BJ88: 対象比率 | BM88: 最終予算額 | BQ88: =BQ53 -> 10月 | BZ88: 対象予算額 | CC88: 対象比率 | CF88: 最終予算額 | CI88: =BQ53 -> 10月 | CR88: 対象予算額 | CU88: 対象比率 | CX88: 最終予算額
A89: 合計 | G89: =IFERROR(L89*Y89*U89,0) -> 0 | L89: =SUMIFS(見積!見積数,見積!報告者名,A!K$1,見積!月,A$88,見積!年,YEAR(EDATE(A!R1,-2))) -> 0 | P89: =SUMIFS(見積!見積額,見積!報告者名,A!K$1,見積!月,A$88,見積!年,YEAR(EDATE(A!R1,-2))) -> 0 | U89: =VLOOKUP(A!$K$1,受注率!$A$3:$P$15,12,FALSE) -> 0.025274725 | Y89: =IFERROR(P89/L89,"") | AF89: 合計 | AL89: =AU54-AO89 -> 0 | AO89: =AU89*AR89 -> 0 | AR89: 0.9 | AU89: =SUMIFS(予算!目標金額,予算!対象ユーザー名,A!K$1,予算!予算月,AF$88) -> 0 | AX89: 合計 | BD89: =AU54-BG89 -> 0 | BG89: =BM89*BJ89 -> 0 | BJ89: 1 | BM89: =SUMIFS(予算!目標金額,予算!対象ユーザー名,A!K$1,予算!予算月,AX$88) -> 0 | BQ89: 合計 | BW89: =BW54-BZ89 -> 0 | BZ89: =CF89*CC89 -> 0 | CC89: 1 | CF89: =SUMIFS(予算!目標金額,予算!対象ユーザー名,A!$K$1,予算!予算月,BQ$88) -> 0 | CI89: 合計 | CO89: =BW54-CR89 -> 0 | CR89: =CX89*CU89 -> 0 | CU89: 1.05 | CX89: =SUMIFS(予算!目標金額,予算!対象ユーザー名,A!$K$1,予算!予算月,BQ$80) -> 0
A90: AP | G90: =IFERROR(L90*Y90*U90,0) -> 0 | L90: =SUMIFS(見積!見積数,見積!報告者名,A!K$1,見積!月,A$88,見積!工種,A90,見積!年,YEAR(EDATE(A!R1,-2))) -> 0 | P90: =SUMIFS(見積!見積額,見積!報告者名,A!K$1,見積!月,A$88,見積!工種,A90,見積!年,YEAR(EDATE(A!R1,-2))) -> 0 | U90: =VLOOKUP(A!$K$1,受注率!$A$3:$P$15,13,FALSE) -> 0.025270758 | Y90: =IFERROR(P90/L90,"") | AF90: AP | AL90: =AU55-AO90 -> 0 | AO90: =AU90*AR90 -> 0 | AR90: 0.9 | AU90: =SUMIFS(予算!AP,予算!対象ユーザー名,A!$K$1,予算!予算月,AF$88) -> 0 | AX90: AP | BD90: =AU55-BG90 -> 0 | BG90: =BM90*BJ90 -> 0 | BJ90: 1 | BM90: =SUMIFS(予算!AP,予算!対象ユーザー名,A!$K$1,予算!予算月,AX$88) -> 0 | BQ90: AP | BW90: =BW55-BZ90 -> 0 | BZ90: =CF90*CC90 -> 0 | CC90: 1 | CF90: =SUMIFS(予算!AP,予算!対象ユーザー名,A!$K$1,予算!予算月,BQ$88) -> 0 | CI90: AP | CO90: =BW55-CR90 -> 0 | CR90: =CX90*CU90 -> 0 | CU90: 1.05 | CX90: =SUMIFS(予算!AP,予算!対象ユーザー名,A!$K$1,予算!予算月,BQ$80) -> 0
A91: SP | G91: =IFERROR(L91*Y91*U91,0) -> 0 | L91: =SUMIFS(見積!見積数,見積!報告者名,A!K$1,見積!月,A$88,見積!工種,A91,見積!年,YEAR(EDATE(A!R1,-2))) -> 0 | P91: =SUMIFS(見積!見積額,見積!報告者名,A!K$1,見積!月,A$88,見積!工種,A91,見積!年,YEAR(EDATE(A!R1,-2))) -> 0 | U91: =VLOOKUP(A!$K$1,受注率!$A$3:$P$15,14,FALSE) -> 0.026666667 | Y91: =IFERROR(P91/L91,"") | AF91: SP | AL91: =AU56-AO91 -> 0 | AO91: =AU91*AR91 -> 0 | AR91: 0.9 | AU91: =SUMIFS(予算!SP,予算!対象ユーザー名,A!$K$1,予算!予算月,AF$88) -> 0 | AX91: SP | BD91: =AU56-BG91 -> 0 | BG91: =BM91*BJ91 -> 0 | BJ91: 1 | BM91: =SUMIFS(予算!SP,予算!対象ユーザー名,A!$K$1,予算!予算月,AX$88) -> 0 | BQ91: SP | BW91: =BW56-BZ91 -> 0 | BZ91: =CF91*CC91 -> 0 | CC91: 1 | CF91: =SUMIFS(予算!SP,予算!対象ユーザー名,A!$K$1,予算!予算月,BQ$88) -> 0 | CI91: SP | CO91: =BW56-CR91 -> 0 | CR91: =CX91*CU91 -> 0 | CU91: 1.05 | CX91: =SUMIFS(予算!SP,予算!対象ユーザー名,A!$K$1,予算!予算月,BQ$80) -> 0
A92: TB | G92: =IFERROR(L92*Y92*U92,0) -> 0 | L92: =SUMIFS(見積!見積数,見積!報告者名,A!K$1,見積!月,A$88,見積!工種,A92,見積!年,YEAR(EDATE(A!R1,-2))) -> 0 | P92: =SUMIFS(見積!見積額,見積!報告者名,A!K$1,見積!月,A$88,見積!工種,A92,見積!年,YEAR(EDATE(A!R1,-2))) -> 0 | U92: =VLOOKUP(A!$K$1,受注率!$A$3:$P$15,15,FALSE) -> 0.025540275 | Y92: =IFERROR(P92/L92,"") | AF92: TB | AL92: =AU57-AO92 -> 0 | AO92: =AU92*AR92 -> 0 | AR92: 0.9 | AU92: =SUMIFS(予算!TB,予算!対象ユーザー名,A!$K$1,予算!予算月,AF$88) -> 0 | AX92: TB | BD92: =AU57-BG92 -> 0 | BG92: =BM92*BJ92 -> 0 | BJ92: 1 | BM92: =SUMIFS(予算!TB,予算!対象ユーザー名,A!$K$1,予算!予算月,AX$88) -> 0 | BQ92: TB | BW92: =BW57-BZ92 -> 0 | BZ92: =CF92*CC92 -> 0 | CC92: 1 | CF92: =SUMIFS(予算!TB,予算!対象ユーザー名,A!$K$1,予算!予算月,BQ$88) -> 0 | CI92: TB | CO92: =BW57-CR92 -> 0 | CR92: =CX92*CU92 -> 0 | CU92: 1.05 | CX92: =SUMIFS(予算!TB,予算!対象ユーザー名,A!$K$1,予算!予算月,BQ$80) -> 0
A93: その他 | G93: =IFERROR(L93*Y93*U93,0) -> 0 | L93: =L89-L90-L91-L92 -> 0 | P93: =P89-P90-P91-P92 -> 0 | U93: =VLOOKUP(A!$K$1,受注率!$A$3:$P$16,11,FALSE) -> 0 | Y93: =IFERROR(P93/L93,"") | AF93: その他 | AL93: =AU58-AO93 -> 0 | AO93: =AU93*AR93 -> 0 | AR93: 0.9 | AU93: =SUMIFS(予算!その他,予算!対象ユーザー名,A!$K$1,予算!予算月,AF$88) -> 0 | AX93: その他 | BD93: =AU58-BG93 -> 0 | BG93: =BM93*BJ93 -> 0 | BJ93: 1 | BM93: =SUMIFS(予算!その他,予算!対象ユーザー名,A!$K$1,予算!予算月,AX$88) -> 0 | BQ93: その他 | BW93: =BW58-BZ93 -> 0 | BZ93: =CF93*CC93 -> 0 | CC93: 1 | CF93: =SUMIFS(予算!その他,予算!対象ユーザー名,A!$K$1,予算!予算月,BQ$88) -> 0 | CI93: その他 | CO93: =BW58-CR93 -> 0 | CR93: =CX93*CU93 -> 0 | CU93: 1.05 | CX93: =SUMIFS(予算!その他,予算!対象ユーザー名,A!$K$1,予算!予算月,BQ$80) -> 0
A95: ■プロジェクト別/個人実績
A96: ・PARTITIONLAB
A97: 実績 | G97: 合計 | L97: 10月 | Q97: 11月 | V97: 12月 | AA97: 1Q小計 | AF97: 1月 | AK97: 2月 | AP97: 3月 | AU97: 2Q小計 | AZ97: 4月 | BE97: 5月 | BJ97: 6月 | BO97: 3Q小計 | BT97: 7月 | BY97: 8月 | CD97: 9月 | CI97: 4Q小計
G98: 実績 | J98: 比率 | L98: 実績 | O98: 比率 | Q98: 実績 | T98: 比率 | V98: 実績 | Y98: 比率 | AA98: 実績 | AD98: 比率 | AF98: 実績 | AI98: 比率 | AK98: 実績 | AN98: 比率 | AP98: 実績 | AS98: 比率 | AU98: 実績 | AX98: 比率 | AZ98: 実績 | BC98: 比率 | BE98: 実績 | BH98: 比率 | BJ98: 実績 | BM98: 比率 | BO98: 実績 | BR98: 比率 | BT98: 実績 | BW98: 比率 | BY98: 実績 | CB98: 比率 | CD98: 実績 | CG98: 比率 | CI98: 実績 | CL98: 比率
A99: 総計 | E99: 売上 | G99: =G104+G109 -> 0 | J99: =G99/G100 -> #DIV/0! | L99: =L104+L109 -> 0 | O99: =L99/L100 -> #DIV/0! | Q99: =Q104+Q109 -> 0 | T99: =Q99/Q100 -> #DIV/0! | V99: =V104+V109 -> 0 | Y99: =V99/V100 -> #DIV/0! | AA99: =AA104+AA109 -> 0 | AD99: =AA99/AA100 -> #DIV/0! | AF99: =AF104+AF109 -> 0 | AI99: =AF99/AF100 -> #DIV/0! | AK99: =AK104+AK109 -> 0 | AN99: =AK99/AK100 -> #DIV/0! | AP99: =AP104+AP109 -> 0 | AS99: =AP99/AP100 -> #DIV/0! | AU99: =AU104+AU109 -> 0 | AX99: =AU99/AU100 -> #DIV/0! | AZ99: =AZ104+AZ109 -> 0 | BC99: =AZ99/AZ100 -> #DIV/0! | BE99: =BE104+BE109 -> 0 | BH99: =BE99/BE100 -> #DIV/0! | BJ99: =BJ104+BJ109 -> 0 | BM99: =BJ99/BJ100 -> #DIV/0! | BO99: =BO104+BO109 -> 0 | BR99: =BO99/BO100 -> #DIV/0! | BT99: =BT104+BT109 -> 0 | BW99: =BT99/BT100 -> #DIV/0! | BY99: =BY104+BY109 -> 0 | CB99: =BY99/BY100 -> #DIV/0! | CD99: =CD104+CD109 -> 0 | CG99: =CD99/CD100 -> #DIV/0! | CI99: =CI104+CI109 -> 0 | CL99: =CI99/CI100 -> #DIV/0!
E100: 予算 | G100: =G105+G110 -> 0 | L100: =L105+L110 -> 0 | Q100: =Q105+Q110 -> 0 | V100: =V105+V110 -> 0 | AA100: =AA105+AA110 -> 0 | AF100: =AF105+AF110 -> 0 | AK100: =AK105+AK110 -> 0 | AP100: =AP105+AP110 -> 0 | AU100: =AU105+AU110 -> 0 | AZ100: =AZ105+AZ110 -> 0 | BE100: =BE105+BE110 -> 0 | BJ100: =BJ105+BJ110 -> 0 | BO100: =BO105+BO110 -> 0 | BT100: =BT105+BT110 -> 0 | BY100: =BY105+BY110 -> 0 | CD100: =CD105+CD110 -> 0 | CI100: =CI105+CI110 -> 0
E101: 販利 | G101: =G106+G111 -> 0 | L101: =L106+L111 -> 0 | Q101: =Q106+Q111 -> 0 | V101: =V106+V111 -> 0 | AA101: =AA106+AA111 -> 0 | AF101: =AF106+AF111 -> 0 | AK101: =AK106+AK111 -> 0 | AP101: =AP106+AP111 -> 0 | AU101: =AU106+AU111 -> 0 | AZ101: =AZ106+AZ111 -> 0 | BE101: =BE106+BE111 -> 0 | BJ101: =BJ106+BJ111 -> 0 | BO101: =BO106+BO111 -> 0 | BT101: =BT106+BT111 -> 0 | BY101: =BY106+BY111 -> 0 | CD101: =CD106+CD111 -> 0 | CI101: =CI106+CI111 -> 0
E102: 販利率 | G102: =G101/G99 -> #DIV/0! | L102: =L101/L99 -> #DIV/0! | Q102: =Q101/Q99 -> #DIV/0! | V102: =V101/V99 -> #DIV/0! | AA102: =AA101/AA99 -> #DIV/0! | AF102: =AF101/AF99 -> #DIV/0! | AK102: =AK101/AK99 -> #DIV/0! | AP102: =AP101/AP99 -> #DIV/0! | AU102: =AU101/AU99 -> #DIV/0! | AZ102: =AZ101/AZ99 -> #DIV/0! | BE102: =BE101/BE99 -> #DIV/0! | BJ102: =BJ101/BJ99 -> #DIV/0! | BO102: =BO101/BO99 -> #DIV/0! | BT102: =BT101/BT99 -> #DIV/0! | BY102: =BY101/BY99 -> #DIV/0! | CD102: =CD101/CD99 -> #DIV/0! | CI102: =CI101/CI99 -> #DIV/0!
E103: 見積数 | G103: =G108+G113 -> 0 | L103: =L108+L113 -> 0 | Q103: =Q108+Q113 -> 0 | V103: =V108+V113 -> 0 | AA103: =AA108+AA113 -> 0 | AF103: =AF108+AF113 -> 0 | AK103: =AK108+AK113 -> 0 | AP103: =AP108+AP113 -> 0 | AU103: =AU108+AU113 -> 0 | AZ103: =AZ108+AZ113 -> 0 | BE103: =BE108+BE113 -> 0 | BJ103: =BJ108+BJ113 -> 0 | BO103: =BO108+BO113 -> 0 | BT103: =BT108+BT113 -> 0 | BY103: =BY108+BY113 -> 0 | CD103: =CD108+CD113 -> 0 | CI103: =CI108+CI113 -> 0
A104: 合計 | C104: EU | E104: 売上 | G104: =AA104+AU104+BO104+CI104 -> 0 | J104: =G104/G105 -> #DIV/0! | L104: =L114+L122 -> 0 | O104: =L104/L105 -> #DIV/0! | Q104: =Q114+Q122 -> 0 | T104: =Q104/Q105 -> #DIV/0! | V104: =V114+V122 -> 0 | Y104: =V104/V105 -> #DIV/0! | AA104: =L104+Q104+V104 -> 0 | AD104: =AA104/AA105 -> #DIV/0! | AF104: =AF114+AF122 -> 0 | AI104: =AF104/AF105 -> #DIV/0! | AK104: =AK114+AK122 -> 0 | AN104: =AK104/AK105 -> #DIV/0! | AP104: =AP114+AP122 -> 0 | AS104: =AP104/AP105 -> #DIV/0! | AU104: =AF104+AK104+AP104 -> 0 | AX104: =AU104/AU105 -> #DIV/0! | AZ104: =AZ114+AZ122 -> 0 | BC104: =AZ104/AZ105 -> #DIV/0! | BE104: =BE114+BE122 -> 0 | BH104: =BE104/BE105 -> #DIV/0! | BJ104: =BJ114+BJ122 -> 0 | BM104: =BJ104/BJ105 -> #DIV/0! | BO104: =AZ104+BE104+BJ104 -> 0 | BR104: =BO104/BO105 -> #DIV/0! | BT104: =BT114+BT122 -> 0 | BW104: =BT104/BT105 -> #DIV/0! | BY104: =BY114+BY122 -> 0 | CB104: =BY104/BY105 -> #DIV/0! | CD104: =CD114+CD122 -> 0 | CG104: =CD104/CD105 -> #DIV/0! | CI104: =BT104+BY104+CD104 -> 0 | CL104: =CI104/CI105 -> #DIV/0!
E105: 予算 | G105: =AA105+AU105+BO105+CI105 -> 0 | L105: =SUMIFS(予算!LABEU,予算!対象ユーザー名,A!$K$1,予算!予算月,A!L$97) -> 0 | Q105: =SUMIFS(予算!LABEU,予算!対象ユーザー名,A!$K$1,予算!予算月,A!Q$97) -> 0 | V105: =SUMIFS(予算!LABEU,予算!対象ユーザー名,A!$K$1,予算!予算月,A!V$97) -> 0 | AA105: =L105+Q105+V105 -> 0 | AF105: =SUMIFS(予算!LABEU,予算!対象ユーザー名,A!$K$1,予算!予算月,A!AF$97) -> 0 | AK105: =SUMIFS(予算!LABEU,予算!対象ユーザー名,A!$K$1,予算!予算月,A!AK$97) -> 0 | AP105: =SUMIFS(予算!LABEU,予算!対象ユーザー名,A!$K$1,予算!予算月,A!AP$97) -> 0 | AU105: =AF105+AK105+AP105 -> 0 | AZ105: =SUMIFS(予算!LABEU,予算!対象ユーザー名,A!$K$1,予算!予算月,A!AZ$97) -> 0 | BE105: =SUMIFS(予算!LABEU,予算!対象ユーザー名,A!$K$1,予算!予算月,A!BE$97) -> 0 | BJ105: =SUMIFS(予算!LABEU,予算!対象ユーザー名,A!$K$1,予算!予算月,A!BJ$97) -> 0 | BO105: =AZ105+BE105+BJ105 -> 0 | BT105: =SUMIFS(予算!LABEU,予算!対象ユーザー名,A!$K$1,予算!予算月,A!BT$97) -> 0 | BY105: =SUMIFS(予算!LABEU,予算!対象ユーザー名,A!$K$1,予算!予算月,A!BY$97) -> 0 | CD105: =SUMIFS(予算!LABEU,予算!対象ユーザー名,A!$K$1,予算!予算月,A!CD$97) -> 0 | CI105: =BT105+BY105+CD105 -> 0
E106: 販利 | G106: =AA106+AU106+BO106+CI106 -> 0 | L106: =L115+L123 -> 0 | Q106: =Q115+Q123 -> 0 | V106: =V115+V123 -> 0 | AA106: =L106+Q106+V106 -> 0 | AF106: =AF115+AF123 -> 0 | AK106: =AK115+AK123 -> 0 | AP106: =AP115+AP123 -> 0 | AU106: =AF106+AK106+AP106 -> 0 | AZ106: =AZ115+AZ123 -> 0 | BE106: =BE115+BE123 -> 0 | BJ106: =BJ115+BJ123 -> 0 | BO106: =AZ106+BE106+BJ106 -> 0 | BT106: =BT115+BT123 -> 0 | BY106: =BY115+BY123 -> 0 | CD106: =CD115+CD123 -> 0 | CI106: =BT106+BY106+CD106 -> 0
E107: 販利率 | G107: =G106/G104 -> #DIV/0! | L107: =L106/L104 -> #DIV/0! | Q107: =Q106/Q104 -> #DIV/0! | V107: =V106/V104 -> #DIV/0! | AA107: =AA106/AA104 -> #DIV/0! | AF107: =AF106/AF104 -> #DIV/0! | AK107: =AK106/AK104 -> #DIV/0! | AP107: =AP106/AP104 -> #DIV/0! | AU107: =AU106/AU104 -> #DIV/0! | AZ107: =AZ106/AZ104 -> #DIV/0! | BE107: =BE106/BE104 -> #DIV/0! | BJ107: =BJ106/BJ104 -> #DIV/0! | BO107: =BO106/BO104 -> #DIV/0! | BT107: =BT106/BT104 -> #DIV/0! | BY107: =BY106/BY104 -> #DIV/0! | CD107: =CD106/CD104 -> #DIV/0! | CI107: =CI106/CI104 -> #DIV/0!
E108: 見積数 | G108: =AA108+AU108+BO108+CI108 -> 0 | L108: =L117+L125 -> 0 | Q108: =Q117+Q125 -> 0 | V108: =V117+V125 -> 0 | AA108: =L108+Q108+V108 -> 0 | AF108: =AF117+AF125 -> 0 | AK108: =AK117+AK125 -> 0 | AP108: =AP117+AP125 -> 0 | AU108: =AF108+AK108+AP108 -> 0 | AZ108: =AZ117+AZ125 -> 0 | BE108: =BE117+BE125 -> 0 | BJ108: =BJ117+BJ125 -> 0 | BO108: =AZ108+BE108+BJ108 -> 0 | BT108: =BT117+BT125 -> 0 | BY108: =BY117+BY125 -> 0 | CD108: =CD117+CD125 -> 0 | CI108: =BT108+BY108+CD108 -> 0
C109: 業者 | E109: 売上 | G109: =AA109+AU109+BO109+CI109 -> 0 | J109: =G109/G110 -> #DIV/0! | L109: =L118+L126 -> 0 | O109: =L109/L110 -> #DIV/0! | Q109: =Q118+Q126 -> 0 | T109: =Q109/Q110 -> #DIV/0! | V109: =V118+V126 -> 0 | Y109: =V109/V110 -> #DIV/0! | AA109: =L109+Q109+V109 -> 0 | AD109: =AA109/AA110 -> #DIV/0! | AF109: =AF118+AF126 -> 0 | AI109: =AF109/AF110 -> #DIV/0! | AK109: =AK118+AK126 -> 0 | AN109: =AK109/AK110 -> #DIV/0! | AP109: =AP118+AP126 -> 0 | AS109: =AP109/AP110 -> #DIV/0! | AU109: =AF109+AK109+AP109 -> 0 | AX109: =AU109/AU110 -> #DIV/0! | AZ109: =AZ118+AZ126 -> 0 | BC109: =AZ109/AZ110 -> #DIV/0! | BE109: =BE118+BE126 -> 0 | BH109: =BE109/BE110 -> #DIV/0! | BJ109: =BJ118+BJ126 -> 0 | BM109: =BJ109/BJ110 -> #DIV/0! | BO109: =AZ109+BE109+BJ109 -> 0 | BR109: =BO109/BO110 -> #DIV/0! | BT109: =BT118+BT126 -> 0 | BW109: =BT109/BT110 -> #DIV/0! | BY109: =BY118+BY126 -> 0 | CB109: =BY109/BY110 -> #DIV/0! | CD109: =CD118+CD126 -> 0 | CG109: =CD109/CD110 -> #DIV/0! | CI109: =BT109+BY109+CD109 -> 0 | CL109: =CI109/CI110 -> #DIV/0!
E110: 予算 | G110: =AA110+AU110+BO110+CI110 -> 0 | L110: =SUMIFS(予算!LAB業者,予算!対象ユーザー名,A!$K$1,予算!予算月,A!L$97) -> 0 | Q110: =SUMIFS(予算!LAB業者,予算!対象ユーザー名,A!$K$1,予算!予算月,A!Q$97) -> 0 | V110: =SUMIFS(予算!LAB業者,予算!対象ユーザー名,A!$K$1,予算!予算月,A!V$97) -> 0 | AA110: =L110+Q110+V110 -> 0 | AF110: =SUMIFS(予算!LAB業者,予算!対象ユーザー名,A!$K$1,予算!予算月,A!AF$97) -> 0 | AK110: =SUMIFS(予算!LAB業者,予算!対象ユーザー名,A!$K$1,予算!予算月,A!AK$97) -> 0 | AP110: =SUMIFS(予算!LAB業者,予算!対象ユーザー名,A!$K$1,予算!予算月,A!AP$97) -> 0 | AU110: =AF110+AK110+AP110 -> 0 | AZ110: =SUMIFS(予算!LAB業者,予算!対象ユーザー名,A!$K$1,予算!予算月,A!AZ$97) -> 0 | BE110: =SUMIFS(予算!LAB業者,予算!対象ユーザー名,A!$K$1,予算!予算月,A!BE$97) -> 0 | BJ110: =SUMIFS(予算!LAB業者,予算!対象ユーザー名,A!$K$1,予算!予算月,A!BJ$97) -> 0 | BO110: =AZ110+BE110+BJ110 -> 0 | BT110: =SUMIFS(予算!LAB業者,予算!対象ユーザー名,A!$K$1,予算!予算月,A!BT$97) -> 0 | BY110: =SUMIFS(予算!LAB業者,予算!対象ユーザー名,A!$K$1,予算!予算月,A!BY$97) -> 0 | CD110: =SUMIFS(予算!LAB業者,予算!対象ユーザー名,A!$K$1,予算!予算月,A!CD$97) -> 0 | CI110: =BT110+BY110+CD110 -> 0
E111: 販利 | G111: =AA111+AU111+BO111+CI111 -> 0 | L111: =L119+L127 -> 0 | Q111: =Q119+Q127 -> 0 | V111: =V119+V127 -> 0 | AA111: =L111+Q111+V111 -> 0 | AF111: =AF119+AF127 -> 0 | AK111: =AK119+AK127 -> 0 | AP111: =AP119+AP127 -> 0 | AU111: =AF111+AK111+AP111 -> 0 | AZ111: =AZ119+AZ127 -> 0 | BE111: =BE119+BE127 -> 0 | BJ111: =BJ119+BJ127 -> 0 | BO111: =AZ111+BE111+BJ111 -> 0 | BT111: =BT119+BT127 -> 0 | BY111: =BY119+BY127 -> 0 | CD111: =CD119+CD127 -> 0 | CI111: =BT111+BY111+CD111 -> 0
E112: 販利率 | G112: =G111/G109 -> #DIV/0! | L112: =L111/L109 -> #DIV/0! | Q112: =Q111/Q109 -> #DIV/0! | V112: =V111/V109 -> #DIV/0! | AA112: =AA111/AA109 -> #DIV/0! | AF112: =AF111/AF109 -> #DIV/0! | AK112: =AK111/AK109 -> #DIV/0! | AP112: =AP111/AP109 -> #DIV/0! | AU112: =AU111/AU109 -> #DIV/0! | AZ112: =AZ111/AZ109 -> #DIV/0! | BE112: =BE111/BE109 -> #DIV/0! | BJ112: =BJ111/BJ109 -> #DIV/0! | BO112: =BO111/BO109 -> #DIV/0! | BT112: =BT111/BT109 -> #DIV/0! | BY112: =BY111/BY109 -> #DIV/0! | CD112: =CD111/CD109 -> #DIV/0! | CI112: =CI111/CI109 -> #DIV/0!
E113: 見積数 | G113: =AA113+AU113+BO113+CI113 -> 0 | L113: =L121+L129 -> 0 | Q113: =Q121+Q129 -> 0 | V113: =V121+V129 -> 0 | AA113: =L113+Q113+V113 -> 0 | AF113: =AF121+AF129 -> 0 | AK113: =AK121+AK129 -> 0 | AP113: =AP121+AP129 -> 0 | AU113: =AF113+AK113+AP113 -> 0 | AZ113: =AZ121+AZ129 -> 0 | BE113: =BE121+BE129 -> 0 | BJ113: =BJ121+BJ129 -> 0 | BO113: =AZ113+BE113+BJ113 -> 0 | BT113: =BT121+BT129 -> 0 | BY113: =BY121+BY129 -> 0 | CD113: =CD121+CD129 -> 0 | CI113: =BT113+BY113+CD113 -> 0
A114: 新規 | C114: EU | E114: 売上 | G114: =AA114+AU114+BO114+CI114 -> 0 | L114: =SUMIFS(実績!見積額13,実績!報告者名13,A!$K$1,実績!月13,A!L$97,実績!ラボ13,"〇",実績!リピート判別13,"新規",実績!受注確定13,"A",実績!得意先分類名13,"EU")+SUMIFS(実績!見積額13,実績!報告者名13,A!$K$1,実績!月13,A!L$97,実績!顧客名13,"EU (施主 未登録）",実績!受注確定13,"A") -> 0 | Q114: =SUMIFS(実績!見積額13,実績!報告者名13,A!$K$1,実績!月13,A!Q$97,実績!ラボ13,"〇",実績!リピート判別13,"新規",実績!受注確定13,"A",実績!得意先分類名13,"EU")+SUMIFS(実績!見積額13,実績!報告者名13,A!$K$1,実績!月13,A!Q$97,実績!顧客名13,"EU (施主 未登録）",実績!受注確定13,"A") -> 0 | V114: =SUMIFS(実績!見積額13,実績!報告者名13,A!$K$1,実績!月13,A!V$97,実績!ラボ13,"〇",実績!リピート判別13,"新規",実績!受注確定13,"A",実績!得意先分類名13,"EU")+SUMIFS(実績!見積額13,実績!報告者名13,A!$K$1,実績!月13,A!V$97,実績!顧客名13,"EU (施主 未登録）",実績!受注確定13,"A") -> 0 | AA114: =L114+Q114+V114 -> 0 | AF114: =SUMIFS(実績!見積額13,実績!報告者名13,A!$K$1,実績!月13,A!AF$97,実績!ラボ13,"〇",実績!リピート判別13,"新規",実績!受注確定13,"A",実績!得意先分類名13,"EU")+SUMIFS(実績!見積額13,実績!報告者名13,A!$K$1,実績!月13,A!AF$97,実績!顧客名13,"EU (施主 未登録）",実績!受注確定13,"A") -> 0 | AK114: =SUMIFS(実績!見積額13,実績!報告者名13,A!$K$1,実績!月13,A!AK$97,実績!ラボ13,"〇",実績!リピート判別13,"新規",実績!受注確定13,"A",実績!得意先分類名13,"EU")+SUMIFS(実績!見積額13,実績!報告者名13,A!$K$1,実績!月13,A!AK$97,実績!顧客名13,"EU (施主 未登録）",実績!受注確定13,"A") -> 0 | AP114: =SUMIFS(実績!見積額13,実績!報告者名13,A!$K$1,実績!月13,A!AP$97,実績!ラボ13,"〇",実績!リピート判別13,"新規",実績!受注確定13,"A",実績!得意先分類名13,"EU")+SUMIFS(実績!見積額13,実績!報告者名13,A!$K$1,実績!月13,A!AP$97,実績!顧客名13,"EU (施主 未登録）",実績!受注確定13,"A") -> 0 | AU114: =AF114+AK114+AP114 -> 0 | AZ114: =SUMIFS(実績!見積額13,実績!報告者名13,A!$K$1,実績!月13,A!AZ$97,実績!ラボ13,"〇",実績!リピート判別13,"新規",実績!受注確定13,"A",実績!得意先分類名13,"EU")+SUMIFS(実績!見積額13,実績!報告者名13,A!$K$1,実績!月13,A!AZ$97,実績!顧客名13,"EU (施主 未登録）",実績!受注確定13,"A") -> 0 | BE114: =SUMIFS(実績!見積額13,実績!報告者名13,A!$K$1,実績!月13,A!BE$97,実績!ラボ13,"〇",実績!リピート判別13,"新規",実績!受注確定13,"A",実績!得意先分類名13,"EU")+SUMIFS(実績!見積額13,実績!報告者名13,A!$K$1,実績!月13,A!BE$97,実績!顧客名13,"EU (施主 未登録）",実績!受注確定13,"A") -> 0 | BJ114: =SUMIFS(実績!見積額13,実績!報告者名13,A!$K$1,実績!月13,A!BJ$97,実績!ラボ13,"〇",実績!リピート判別13,"新規",実績!受注確定13,"A",実績!得意先分類名13,"EU")+SUMIFS(実績!見積額13,実績!報告者名13,A!$K$1,実績!月13,A!BJ$97,実績!顧客名13,"EU (施主 未登録）",実績!受注確定13,"A") -> 0 | BO114: =AZ114+BE114+BJ114 -> 0 | BT114: =SUMIFS(実績!見積額13,実績!報告者名13,A!$K$1,実績!月13,A!BT$97,実績!ラボ13,"〇",実績!リピート判別13,"新規",実績!受注確定13,"A",実績!得意先分類名13,"EU")+SUMIFS(実績!見積額13,実績!報告者名13,A!$K$1,実績!月13,A!BT$97,実績!顧客名13,"EU (施主 未登録）",実績!受注確定13,"A") -> 0 | BY114: =SUMIFS(実績!見積額13,実績!報告者名13,A!$K$1,実績!月13,A!BY$97,実績!ラボ13,"〇",実績!リピート判別13,"新規",実績!受注確定13,"A",実績!得意先分類名13,"EU")+SUMIFS(実績!見積額13,実績!報告者名13,A!$K$1,実績!月13,A!BY$97,実績!顧客名13,"EU (施主 未登録）",実績!受注確定13,"A") -> 0 | CD114: =SUMIFS(実績!見積額13,実績!報告者名13,A!$K$1,実績!月13,A!CD$97,実績!ラボ13,"〇",実績!リピート判別13,"新規",実績!受注確定13,"A",実績!得意先分類名13,"EU")+SUMIFS(実績!見積額13,実績!報告者名13,A!$K$1,実績!月13,A!CD$97,実績!顧客名13,"EU (施主 未登録）",実績!受注確定13,"A") -> 0 | CI114: =BT114+BY114+CD114 -> 0
E115: 販利 | G115: =AA115+AU115+BO115+CI115 -> 0 | L115: =SUMIFS(実績!販売利益13,実績!報告者名13,A!$K$1,実績!月13,A!L$97,実績!ラボ13,"〇",実績!リピート判別13,"新規",実績!受注確定13,"A",実績!得意先分類名13,"EU")+SUMIFS(実績!販売利益13,実績!報告者名13,A!$K$1,実績!月13,A!L$97,実績!顧客名13,"EU (施主 未登録）",実績!受注確定13,"A") -> 0 | Q115: =SUMIFS(実績!販売利益13,実績!報告者名13,A!$K$1,実績!月13,A!Q$97,実績!ラボ13,"〇",実績!リピート判別13,"新規",実績!受注確定13,"A",実績!得意先分類名13,"EU")+SUMIFS(実績!販売利益13,実績!報告者名13,A!$K$1,実績!月13,A!Q$97,実績!顧客名13,"EU (施主 未登録）",実績!受注確定13,"A") -> 0 | V115: =SUMIFS(実績!販売利益13,実績!報告者名13,A!$K$1,実績!月13,A!V$97,実績!ラボ13,"〇",実績!リピート判別13,"新規",実績!受注確定13,"A",実績!得意先分類名13,"EU")+SUMIFS(実績!販売利益13,実績!報告者名13,A!$K$1,実績!月13,A!V$97,実績!顧客名13,"EU (施主 未登録）",実績!受注確定13,"A") -> 0 | AA115: =L115+Q115+V115 -> 0 | AF115: =SUMIFS(実績!販売利益13,実績!報告者名13,A!$K$1,実績!月13,A!AF$97,実績!ラボ13,"〇",実績!リピート判別13,"新規",実績!受注確定13,"A",実績!得意先分類名13,"EU")+SUMIFS(実績!販売利益13,実績!報告者名13,A!$K$1,実績!月13,A!AF$97,実績!顧客名13,"EU (施主 未登録）",実績!受注確定13,"A") -> 0 | AK115: =SUMIFS(実績!販売利益13,実績!報告者名13,A!$K$1,実績!月13,A!AK$97,実績!ラボ13,"〇",実績!リピート判別13,"新規",実績!受注確定13,"A",実績!得意先分類名13,"EU")+SUMIFS(実績!販売利益13,実績!報告者名13,A!$K$1,実績!月13,A!AK$97,実績!顧客名13,"EU (施主 未登録）",実績!受注確定13,"A") -> 0 | AP115: =SUMIFS(実績!販売利益13,実績!報告者名13,A!$K$1,実績!月13,A!AP$97,実績!ラボ13,"〇",実績!リピート判別13,"新規",実績!受注確定13,"A",実績!得意先分類名13,"EU")+SUMIFS(実績!販売利益13,実績!報告者名13,A!$K$1,実績!月13,A!AP$97,実績!顧客名13,"EU (施主 未登録）",実績!受注確定13,"A") -> 0 | AU115: =AF115+AK115+AP115 -> 0 | AZ115: =SUMIFS(実績!販売利益13,実績!報告者名13,A!$K$1,実績!月13,A!AZ$97,実績!ラボ13,"〇",実績!リピート判別13,"新規",実績!受注確定13,"A",実績!得意先分類名13,"EU")+SUMIFS(実績!販売利益13,実績!報告者名13,A!$K$1,実績!月13,A!AZ$97,実績!顧客名13,"EU (施主 未登録）",実績!受注確定13,"A") -> 0 | BE115: =SUMIFS(実績!販売利益13,実績!報告者名13,A!$K$1,実績!月13,A!BE$97,実績!ラボ13,"〇",実績!リピート判別13,"新規",実績!受注確定13,"A",実績!得意先分類名13,"EU")+SUMIFS(実績!販売利益13,実績!報告者名13,A!$K$1,実績!月13,A!BE$97,実績!顧客名13,"EU (施主 未登録）",実績!受注確定13,"A") -> 0 | BJ115: =SUMIFS(実績!販売利益13,実績!報告者名13,A!$K$1,実績!月13,A!BJ$97,実績!ラボ13,"〇",実績!リピート判別13,"新規",実績!受注確定13,"A",実績!得意先分類名13,"EU")+SUMIFS(実績!販売利益13,実績!報告者名13,A!$K$1,実績!月13,A!BJ$97,実績!顧客名13,"EU (施主 未登録）",実績!受注確定13,"A") -> 0 | BO115: =AZ115+BE115+BJ115 -> 0 | BT115: =SUMIFS(実績!販売利益13,実績!報告者名13,A!$K$1,実績!月13,A!BT$97,実績!ラボ13,"〇",実績!リピート判別13,"新規",実績!受注確定13,"A",実績!得意先分類名13,"EU")+SUMIFS(実績!販売利益13,実績!報告者名13,A!$K$1,実績!月13,A!BT$97,実績!顧客名13,"EU (施主 未登録）",実績!受注確定13,"A") -> 0 | BY115: =SUMIFS(実績!販売利益13,実績!報告者名13,A!$K$1,実績!月13,A!BY$97,実績!ラボ13,"〇",実績!リピート判別13,"新規",実績!受注確定13,"A",実績!得意先分類名13,"EU")+SUMIFS(実績!販売利益13,実績!報告者名13,A!$K$1,実績!月13,A!BY$97,実績!顧客名13,"EU (施主 未登録）",実績!受注確定13,"A") -> 0 | CD115: =SUMIFS(実績!販売利益13,実績!報告者名13,A!$K$1,実績!月13,A!CD$97,実績!ラボ13,"〇",実績!リピート判別13,"新規",実績!受注確定13,"A",実績!得意先分類名13,"EU")+SUMIFS(実績!販売利益13,実績!報告者名13,A!$K$1,実績!月13,A!CD$97,実績!顧客名13,"EU (施主 未登録）",実績!受注確定13,"A") -> 0 | CI115: =BT115+BY115+CD115 -> 0
E116: 販利率 | G116: =G115/G114 -> #DIV/0! | L116: =L115/L114 -> #DIV/0! | Q116: =Q115/Q114 -> #DIV/0! | V116: =V115/V114 -> #DIV/0! | AA116: =AA115/AA114 -> #DIV/0! | AF116: =AF115/AF114 -> #DIV/0! | AK116: =AK115/AK114 -> #DIV/0! | AP116: =AP115/AP114 -> #DIV/0! | AU116: =AU115/AU114 -> #DIV/0! | AZ116: =AZ115/AZ114 -> #DIV/0! | BE116: =BE115/BE114 -> #DIV/0! | BJ116: =BJ115/BJ114 -> #DIV/0! | BO116: =BO115/BO114 -> #DIV/0! | BT116: =BT115/BT114 -> #DIV/0! | BY116: =BY115/BY114 -> #DIV/0! | CD116: =CD115/CD114 -> #DIV/0! | CI116: =CI115/CI114 -> #DIV/0!
E117: 見積数 | G117: =AA117+AU117+BO117+CI117 -> 0 | L117: =SUMIFS(見積!見積数,見積!月,A!L$97,見積!報告者名,A!$K$1,見積!顧客名見積,"EU (施主 未登録）") -> 0 | Q117: =SUMIFS(見積!見積数,見積!月,A!Q$97,見積!報告者名,A!$K$1,見積!顧客名見積,"EU (施主 未登録）") -> 0 | V117: =SUMIFS(見積!見積数,見積!月,A!V$97,見積!報告者名,A!$K$1,見積!顧客名見積,"EU (施主 未登録）") -> 0 | AA117: =L117+Q117+V117 -> 0 | AF117: =SUMIFS(見積!見積数,見積!月,A!AF$97,見積!報告者名,A!$K$1,見積!顧客名見積,"EU (施主 未登録）") -> 0 | AK117: =SUMIFS(見積!見積数,見積!月,A!AK$97,見積!報告者名,A!$K$1,見積!顧客名見積,"EU (施主 未登録）") -> 0 | AP117: =SUMIFS(見積!見積数,見積!月,A!AP$97,見積!報告者名,A!$K$1,見積!顧客名見積,"EU (施主 未登録）") -> 0 | AU117: =AF117+AK117+AP117 -> 0 | AZ117: =SUMIFS(見積!見積数,見積!月,A!AZ$97,見積!報告者名,A!$K$1,見積!顧客名見積,"EU (施主 未登録）") -> 0 | BE117: =SUMIFS(見積!見積数,見積!月,A!BE$97,見積!報告者名,A!$K$1,見積!顧客名見積,"EU (施主 未登録）") -> 0 | BJ117: =SUMIFS(見積!見積数,見積!月,A!BJ$97,見積!報告者名,A!$K$1,見積!顧客名見積,"EU (施主 未登録）") -> 0 | BO117: =AZ117+BE117+BJ117 -> 0 | BT117: =SUMIFS(見積!見積数,見積!月,A!BT$97,見積!報告者名,A!$K$1,見積!顧客名見積,"EU (施主 未登録）") -> 0 | BY117: =SUMIFS(見積!見積数,見積!月,A!BY$97,見積!報告者名,A!$K$1,見積!顧客名見積,"EU (施主 未登録）") -> 0 | CD117: =SUMIFS(見積!見積数,見積!月,A!CD$97,見積!報告者名,A!$K$1,見積!顧客名見積,"EU (施主 未登録）") -> 0 | CI117: =BT117+BY117+CD117 -> 0
C118: 業者 | E118: 売上 | G118: =AA118+AU118+BO118+CI118 -> 0 | L118: =SUMIFS(実績!見積額13,実績!報告者名13,A!$K$1,実績!月13,A!L$97,実績!ラボ13,"〇",実績!リピート判別13,"新規",実績!受注確定13,"A",実績!得意先分類名13,"一般")+SUMIFS(実績!見積額13,実績!報告者名13,A!$K$1,実績!月13,A!L$97,実績!顧客名13,"EU (業者 未登録）",実績!受注確定13,"A") -> 0 | Q118: =SUMIFS(実績!見積額13,実績!報告者名13,A!$K$1,実績!月13,A!Q$97,実績!ラボ13,"〇",実績!リピート判別13,"新規",実績!受注確定13,"A",実績!得意先分類名13,"一般")+SUMIFS(実績!見積額13,実績!報告者名13,A!$K$1,実績!月13,A!Q$97,実績!顧客名13,"EU (業者 未登録）",実績!受注確定13,"A") -> 0 | V118: =SUMIFS(実績!見積額13,実績!報告者名13,A!$K$1,実績!月13,A!V$97,実績!ラボ13,"〇",実績!リピート判別13,"新規",実績!受注確定13,"A",実績!得意先分類名13,"一般")+SUMIFS(実績!見積額13,実績!報告者名13,A!$K$1,実績!月13,A!V$97,実績!顧客名13,"EU (業者 未登録）",実績!受注確定13,"A") -> 0 | AA118: =L118+Q118+V118 -> 0 | AF118: =SUMIFS(実績!見積額13,実績!報告者名13,A!$K$1,実績!月13,A!AF$97,実績!ラボ13,"〇",実績!リピート判別13,"新規",実績!受注確定13,"A",実績!得意先分類名13,"一般")+SUMIFS(実績!見積額13,実績!報告者名13,A!$K$1,実績!月13,A!AF$97,実績!顧客名13,"EU (業者 未登録）",実績!受注確定13,"A") -> 0 | AK118: =SUMIFS(実績!見積額13,実績!報告者名13,A!$K$1,実績!月13,A!AK$97,実績!ラボ13,"〇",実績!リピート判別13,"新規",実績!受注確定13,"A",実績!得意先分類名13,"一般")+SUMIFS(実績!見積額13,実績!報告者名13,A!$K$1,実績!月13,A!AK$97,実績!顧客名13,"EU (業者 未登録）",実績!受注確定13,"A") -> 0 | AP118: =SUMIFS(実績!見積額13,実績!報告者名13,A!$K$1,実績!月13,A!AP$97,実績!ラボ13,"〇",実績!リピート判別13,"新規",実績!受注確定13,"A",実績!得意先分類名13,"一般")+SUMIFS(実績!見積額13,実績!報告者名13,A!$K$1,実績!月13,A!AP$97,実績!顧客名13,"EU (業者 未登録）",実績!受注確定13,"A") -> 0 | AU118: =AF118+AK118+AP118 -> 0 | AZ118: =SUMIFS(実績!見積額13,実績!報告者名13,A!$K$1,実績!月13,A!AZ$97,実績!ラボ13,"〇",実績!リピート判別13,"新規",実績!受注確定13,"A",実績!得意先分類名13,"一般")+SUMIFS(実績!見積額13,実績!報告者名13,A!$K$1,実績!月13,A!AZ$97,実績!顧客名13,"EU (業者 未登録）",実績!受注確定13,"A") -> 0 | BE118: =SUMIFS(実績!見積額13,実績!報告者名13,A!$K$1,実績!月13,A!BE$97,実績!ラボ13,"〇",実績!リピート判別13,"新規",実績!受注確定13,"A",実績!得意先分類名13,"一般")+SUMIFS(実績!見積額13,実績!報告者名13,A!$K$1,実績!月13,A!BE$97,実績!顧客名13,"EU (業者 未登録）",実績!受注確定13,"A") -> 0 | BJ118: =SUMIFS(実績!見積額13,実績!報告者名13,A!$K$1,実績!月13,A!BJ$97,実績!ラボ13,"〇",実績!リピート判別13,"新規",実績!受注確定13,"A",実績!得意先分類名13,"一般")+SUMIFS(実績!見積額13,実績!報告者名13,A!$K$1,実績!月13,A!BJ$97,実績!顧客名13,"EU (業者 未登録）",実績!受注確定13,"A") -> 0 | BO118: =AZ118+BE118+BJ118 -> 0 | BT118: =SUMIFS(実績!見積額13,実績!報告者名13,A!$K$1,実績!月13,A!BT$97,実績!ラボ13,"〇",実績!リピート判別13,"新規",実績!受注確定13,"A",実績!得意先分類名13,"一般")+SUMIFS(実績!見積額13,実績!報告者名13,A!$K$1,実績!月13,A!BT$97,実績!顧客名13,"EU (業者 未登録）",実績!受注確定13,"A") -> 0 | BY118: =SUMIFS(実績!見積額13,実績!報告者名13,A!$K$1,実績!月13,A!BY$97,実績!ラボ13,"〇",実績!リピート判別13,"新規",実績!受注確定13,"A",実績!得意先分類名13,"一般")+SUMIFS(実績!見積額13,実績!報告者名13,A!$K$1,実績!月13,A!BY$97,実績!顧客名13,"EU (業者 未登録）",実績!受注確定13,"A") -> 0 | CD118: =SUMIFS(実績!見積額13,実績!報告者名13,A!$K$1,実績!月13,A!CD$97,実績!ラボ13,"〇",実績!リピート判別13,"新規",実績!受注確定13,"A",実績!得意先分類名13,"一般")+SUMIFS(実績!見積額13,実績!報告者名13,A!$K$1,実績!月13,A!CD$97,実績!顧客名13,"EU (業者 未登録）",実績!受注確定13,"A") -> 0 | CI118: =BT118+BY118+CD118 -> 0
E119: 販利 | G119: =AA119+AU119+BO119+CI119 -> 0 | L119: =SUMIFS(実績!販売利益13,実績!報告者名13,A!$K$1,実績!月13,A!L$97,実績!ラボ13,"〇",実績!リピート判別13,"新規",実績!受注確定13,"A",実績!得意先分類名13,"一般")+SUMIFS(実績!販売利益13,実績!報告者名13,A!$K$1,実績!月13,A!L$97,実績!顧客名13,"EU (業者 未登録）",実績!受注確定13,"A") -> 0 | Q119: =SUMIFS(実績!販売利益13,実績!報告者名13,A!$K$1,実績!月13,A!Q$97,実績!ラボ13,"〇",実績!リピート判別13,"新規",実績!受注確定13,"A",実績!得意先分類名13,"一般")+SUMIFS(実績!販売利益13,実績!報告者名13,A!$K$1,実績!月13,A!Q$97,実績!顧客名13,"EU (業者 未登録）",実績!受注確定13,"A") -> 0 | V119: =SUMIFS(実績!販売利益13,実績!報告者名13,A!$K$1,実績!月13,A!V$97,実績!ラボ13,"〇",実績!リピート判別13,"新規",実績!受注確定13,"A",実績!得意先分類名13,"一般")+SUMIFS(実績!販売利益13,実績!報告者名13,A!$K$1,実績!月13,A!V$97,実績!顧客名13,"EU (業者 未登録）",実績!受注確定13,"A") -> 0 | AA119: =L119+Q119+V119 -> 0 | AF119: =SUMIFS(実績!販売利益13,実績!報告者名13,A!$K$1,実績!月13,A!AF$97,実績!ラボ13,"〇",実績!リピート判別13,"新規",実績!受注確定13,"A",実績!得意先分類名13,"一般")+SUMIFS(実績!販売利益13,実績!報告者名13,A!$K$1,実績!月13,A!AF$97,実績!顧客名13,"EU (業者 未登録）",実績!受注確定13,"A") -> 0 | AK119: =SUMIFS(実績!販売利益13,実績!報告者名13,A!$K$1,実績!月13,A!AK$97,実績!ラボ13,"〇",実績!リピート判別13,"新規",実績!受注確定13,"A",実績!得意先分類名13,"一般")+SUMIFS(実績!販売利益13,実績!報告者名13,A!$K$1,実績!月13,A!AK$97,実績!顧客名13,"EU (業者 未登録）",実績!受注確定13,"A") -> 0 | AP119: =SUMIFS(実績!販売利益13,実績!報告者名13,A!$K$1,実績!月13,A!AP$97,実績!ラボ13,"〇",実績!リピート判別13,"新規",実績!受注確定13,"A",実績!得意先分類名13,"一般")+SUMIFS(実績!販売利益13,実績!報告者名13,A!$K$1,実績!月13,A!AP$97,実績!顧客名13,"EU (業者 未登録）",実績!受注確定13,"A") -> 0 | AU119: =AF119+AK119+AP119 -> 0 | AZ119: =SUMIFS(実績!販売利益13,実績!報告者名13,A!$K$1,実績!月13,A!AZ$97,実績!ラボ13,"〇",実績!リピート判別13,"新規",実績!受注確定13,"A",実績!得意先分類名13,"一般")+SUMIFS(実績!販売利益13,実績!報告者名13,A!$K$1,実績!月13,A!AZ$97,実績!顧客名13,"EU (業者 未登録）",実績!受注確定13,"A") -> 0 | BE119: =SUMIFS(実績!販売利益13,実績!報告者名13,A!$K$1,実績!月13,A!BE$97,実績!ラボ13,"〇",実績!リピート判別13,"新規",実績!受注確定13,"A",実績!得意先分類名13,"一般")+SUMIFS(実績!販売利益13,実績!報告者名13,A!$K$1,実績!月13,A!BE$97,実績!顧客名13,"EU (業者 未登録）",実績!受注確定13,"A") -> 0 | BJ119: =SUMIFS(実績!販売利益13,実績!報告者名13,A!$K$1,実績!月13,A!BJ$97,実績!ラボ13,"〇",実績!リピート判別13,"新規",実績!受注確定13,"A",実績!得意先分類名13,"一般")+SUMIFS(実績!販売利益13,実績!報告者名13,A!$K$1,実績!月13,A!BJ$97,実績!顧客名13,"EU (業者 未登録）",実績!受注確定13,"A") -> 0 | BO119: =AZ119+BE119+BJ119 -> 0 | BT119: =SUMIFS(実績!販売利益13,実績!報告者名13,A!$K$1,実績!月13,A!BT$97,実績!ラボ13,"〇",実績!リピート判別13,"新規",実績!受注確定13,"A",実績!得意先分類名13,"一般")+SUMIFS(実績!販売利益13,実績!報告者名13,A!$K$1,実績!月13,A!BT$97,実績!顧客名13,"EU (業者 未登録）",実績!受注確定13,"A") -> 0 | BY119: =SUMIFS(実績!販売利益13,実績!報告者名13,A!$K$1,実績!月13,A!BY$97,実績!ラボ13,"〇",実績!リピート判別13,"新規",実績!受注確定13,"A",実績!得意先分類名13,"一般")+SUMIFS(実績!販売利益13,実績!報告者名13,A!$K$1,実績!月13,A!BY$97,実績!顧客名13,"EU (業者 未登録）",実績!受注確定13,"A") -> 0 | CD119: =SUMIFS(実績!販売利益13,実績!報告者名13,A!$K$1,実績!月13,A!CD$97,実績!ラボ13,"〇",実績!リピート判別13,"新規",実績!受注確定13,"A",実績!得意先分類名13,"一般")+SUMIFS(実績!販売利益13,実績!報告者名13,A!$K$1,実績!月13,A!CD$97,実績!顧客名13,"EU (業者 未登録）",実績!受注確定13,"A") -> 0 | CI119: =BT119+BY119+CD119 -> 0
E120: 販利率 | G120: =G119/G118 -> #DIV/0! | L120: =L119/L118 -> #DIV/0! | Q120: =Q119/Q118 -> #DIV/0! | V120: =V119/V118 -> #DIV/0! | AA120: =AA119/AA118 -> #DIV/0! | AF120: =AF119/AF118 -> #DIV/0! | AK120: =AK119/AK118 -> #DIV/0! | AP120: =AP119/AP118 -> #DIV/0! | AU120: =AU119/AU118 -> #DIV/0! | AZ120: =AZ119/AZ118 -> #DIV/0! | BE120: =BE119/BE118 -> #DIV/0! | BJ120: =BJ119/BJ118 -> #DIV/0! | BO120: =BO119/BO118 -> #DIV/0! | BT120: =BT119/BT118 -> #DIV/0! | BY120: =BY119/BY118 -> #DIV/0! | CD120: =CD119/CD118 -> #DIV/0! | CI120: =CI119/CI118 -> #DIV/0!
E121: 見積数 | G121: =AA121+AU121+BO121+CI121 -> 0 | L121: =SUMIFS(見積!見積数,見積!月,A!L$97,見積!報告者名,A!$K$1,見積!顧客名見積,"EU (業者 未登録）") -> 0 | Q121: =SUMIFS(見積!見積数,見積!月,A!Q$97,見積!報告者名,A!$K$1,見積!顧客名見積,"EU (業者 未登録）") -> 0 | V121: =SUMIFS(見積!見積数,見積!月,A!V$97,見積!報告者名,A!$K$1,見積!顧客名見積,"EU (業者 未登録）") -> 0 | AA121: =L121+Q121+V121 -> 0 | AF121: =SUMIFS(見積!見積数,見積!月,A!AF$97,見積!報告者名,A!$K$1,見積!顧客名見積,"EU (業者 未登録）") -> 0 | AK121: =SUMIFS(見積!見積数,見積!月,A!AK$97,見積!報告者名,A!$K$1,見積!顧客名見積,"EU (業者 未登録）") -> 0 | AP121: =SUMIFS(見積!見積数,見積!月,A!AP$97,見積!報告者名,A!$K$1,見積!顧客名見積,"EU (業者 未登録）") -> 0 | AU121: =AF121+AK121+AP121 -> 0 | AZ121: =SUMIFS(見積!見積数,見積!月,A!AZ$97,見積!報告者名,A!$K$1,見積!顧客名見積,"EU (業者 未登録）") -> 0 | BE121: =SUMIFS(見積!見積数,見積!月,A!BE$97,見積!報告者名,A!$K$1,見積!顧客名見積,"EU (業者 未登録）") -> 0 | BJ121: =SUMIFS(見積!見積数,見積!月,A!BJ$97,見積!報告者名,A!$K$1,見積!顧客名見積,"EU (業者 未登録）") -> 0 | BO121: =AZ121+BE121+BJ121 -> 0 | BT121: =SUMIFS(見積!見積数,見積!月,A!BT$97,見積!報告者名,A!$K$1,見積!顧客名見積,"EU (業者 未登録）") -> 0 | BY121: =SUMIFS(見積!見積数,見積!月,A!BY$97,見積!報告者名,A!$K$1,見積!顧客名見積,"EU (業者 未登録）") -> 0 | CD121: =SUMIFS(見積!見積数,見積!月,A!CD$97,見積!報告者名,A!$K$1,見積!顧客名見積,"EU (業者 未登録）") -> 0 | CI121: =BT121+BY121+CD121 -> 0
A122: 期中内リピート | C122: EU | E122: 売上 | G122: =AA122+AU122+BO122+CI122 -> 0 | L122: =SUMIFS(実績!見積額13,実績!報告者名13,A!$K$1,実績!月13,A!L$97,実績!ラボ13,"〇",実績!リピート判別13,"リピート",実績!受注確定13,"A",実績!得意先分類名13,"EU",実績!期中内13,"〇") -> 0 | Q122: =SUMIFS(実績!見積額13,実績!報告者名13,A!$K$1,実績!月13,A!Q$97,実績!ラボ13,"〇",実績!リピート判別13,"リピート",実績!受注確定13,"A",実績!得意先分類名13,"EU",実績!期中内13,"〇") -> 0 | V122: =SUMIFS(実績!見積額13,実績!報告者名13,A!$K$1,実績!月13,A!V$97,実績!ラボ13,"〇",実績!リピート判別13,"リピート",実績!受注確定13,"A",実績!得意先分類名13,"EU",実績!期中内13,"〇") -> 0 | AA122: =L122+Q122+V122 -> 0 | AF122: =SUMIFS(実績!見積額13,実績!報告者名13,A!$K$1,実績!月13,A!AF$97,実績!ラボ13,"〇",実績!リピート判別13,"リピート",実績!受注確定13,"A",実績!得意先分類名13,"EU",実績!期中内13,"〇") -> 0 | AK122: =SUMIFS(実績!見積額13,実績!報告者名13,A!$K$1,実績!月13,A!AK$97,実績!ラボ13,"〇",実績!リピート判別13,"リピート",実績!受注確定13,"A",実績!得意先分類名13,"EU",実績!期中内13,"〇") -> 0 | AP122: =SUMIFS(実績!見積額13,実績!報告者名13,A!$K$1,実績!月13,A!AP$97,実績!ラボ13,"〇",実績!リピート判別13,"リピート",実績!受注確定13,"A",実績!得意先分類名13,"EU",実績!期中内13,"〇") -> 0 | AU122: =AF122+AK122+AP122 -> 0 | AZ122: =SUMIFS(実績!見積額13,実績!報告者名13,A!$K$1,実績!月13,A!AZ$97,実績!ラボ13,"〇",実績!リピート判別13,"リピート",実績!受注確定13,"A",実績!得意先分類名13,"EU",実績!期中内13,"〇") -> 0 | BE122: =SUMIFS(実績!見積額13,実績!報告者名13,A!$K$1,実績!月13,A!BE$97,実績!ラボ13,"〇",実績!リピート判別13,"リピート",実績!受注確定13,"A",実績!得意先分類名13,"EU",実績!期中内13,"〇") -> 0 | BJ122: =SUMIFS(実績!見積額13,実績!報告者名13,A!$K$1,実績!月13,A!BJ$97,実績!ラボ13,"〇",実績!リピート判別13,"リピート",実績!受注確定13,"A",実績!得意先分類名13,"EU",実績!期中内13,"〇") -> 0 | BO122: =AZ122+BE122+BJ122 -> 0 | BT122: =SUMIFS(実績!見積額13,実績!報告者名13,A!$K$1,実績!月13,A!BT$97,実績!ラボ13,"〇",実績!リピート判別13,"リピート",実績!受注確定13,"A",実績!得意先分類名13,"EU",実績!期中内13,"〇") -> 0 | BY122: =SUMIFS(実績!見積額13,実績!報告者名13,A!$K$1,実績!月13,A!BY$97,実績!ラボ13,"〇",実績!リピート判別13,"リピート",実績!受注確定13,"A",実績!得意先分類名13,"EU",実績!期中内13,"〇") -> 0 | CD122: =SUMIFS(実績!見積額13,実績!報告者名13,A!$K$1,実績!月13,A!CD$97,実績!ラボ13,"〇",実績!リピート判別13,"リピート",実績!受注確定13,"A",実績!得意先分類名13,"EU",実績!期中内13,"〇") -> 0 | CI122: =BT122+BY122+CD122 -> 0
E123: 販利 | G123: =AA123+AU123+BO123+CI123 -> 0 | L123: =SUMIFS(実績!販売利益13,実績!報告者名13,A!$K$1,実績!月13,A!L$97,実績!ラボ13,"〇",実績!リピート判別13,"リピート",実績!受注確定13,"A",実績!得意先分類名13,"EU",実績!期中内13,"〇") -> 0 | Q123: =SUMIFS(実績!販売利益13,実績!報告者名13,A!$K$1,実績!月13,A!Q$97,実績!ラボ13,"〇",実績!リピート判別13,"リピート",実績!受注確定13,"A",実績!得意先分類名13,"EU",実績!期中内13,"〇") -> 0 | V123: =SUMIFS(実績!販売利益13,実績!報告者名13,A!$K$1,実績!月13,A!V$97,実績!ラボ13,"〇",実績!リピート判別13,"リピート",実績!受注確定13,"A",実績!得意先分類名13,"EU",実績!期中内13,"〇") -> 0 | AA123: =L123+Q123+V123 -> 0 | AF123: =SUMIFS(実績!販売利益13,実績!報告者名13,A!$K$1,実績!月13,A!AF$97,実績!ラボ13,"〇",実績!リピート判別13,"リピート",実績!受注確定13,"A",実績!得意先分類名13,"EU",実績!期中内13,"〇") -> 0 | AK123: =SUMIFS(実績!販売利益13,実績!報告者名13,A!$K$1,実績!月13,A!AK$97,実績!ラボ13,"〇",実績!リピート判別13,"リピート",実績!受注確定13,"A",実績!得意先分類名13,"EU",実績!期中内13,"〇") -> 0 | AP123: =SUMIFS(実績!販売利益13,実績!報告者名13,A!$K$1,実績!月13,A!AP$97,実績!ラボ13,"〇",実績!リピート判別13,"リピート",実績!受注確定13,"A",実績!得意先分類名13,"EU",実績!期中内13,"〇") -> 0 | AU123: =AF123+AK123+AP123 -> 0 | AZ123: =SUMIFS(実績!販売利益13,実績!報告者名13,A!$K$1,実績!月13,A!AZ$97,実績!ラボ13,"〇",実績!リピート判別13,"リピート",実績!受注確定13,"A",実績!得意先分類名13,"EU",実績!期中内13,"〇") -> 0 | BE123: =SUMIFS(実績!販売利益13,実績!報告者名13,A!$K$1,実績!月13,A!BE$97,実績!ラボ13,"〇",実績!リピート判別13,"リピート",実績!受注確定13,"A",実績!得意先分類名13,"EU",実績!期中内13,"〇") -> 0 | BJ123: =SUMIFS(実績!販売利益13,実績!報告者名13,A!$K$1,実績!月13,A!BJ$97,実績!ラボ13,"〇",実績!リピート判別13,"リピート",実績!受注確定13,"A",実績!得意先分類名13,"EU",実績!期中内13,"〇") -> 0 | BO123: =AZ123+BE123+BJ123 -> 0 | BT123: =SUMIFS(実績!販売利益13,実績!報告者名13,A!$K$1,実績!月13,A!BT$97,実績!ラボ13,"〇",実績!リピート判別13,"リピート",実績!受注確定13,"A",実績!得意先分類名13,"EU",実績!期中内13,"〇") -> 0 | BY123: =SUMIFS(実績!販売利益13,実績!報告者名13,A!$K$1,実績!月13,A!BY$97,実績!ラボ13,"〇",実績!リピート判別13,"リピート",実績!受注確定13,"A",実績!得意先分類名13,"EU",実績!期中内13,"〇") -> 0 | CD123: =SUMIFS(実績!販売利益13,実績!報告者名13,A!$K$1,実績!月13,A!CD$97,実績!ラボ13,"〇",実績!リピート判別13,"リピート",実績!受注確定13,"A",実績!得意先分類名13,"EU",実績!期中内13,"〇") -> 0 | CI123: =BT123+BY123+CD123 -> 0
E124: 販利率 | G124: =G123/G122 -> #DIV/0! | L124: =L123/L122 -> #DIV/0! | Q124: =Q123/Q122 -> #DIV/0! | V124: =V123/V122 -> #DIV/0! | AA124: =AA123/AA122 -> #DIV/0! | AF124: =AF123/AF122 -> #DIV/0! | AK124: =AK123/AK122 -> #DIV/0! | AP124: =AP123/AP122 -> #DIV/0! | AU124: =AU123/AU122 -> #DIV/0! | AZ124: =AZ123/AZ122 -> #DIV/0! | BE124: =BE123/BE122 -> #DIV/0! | BJ124: =BJ123/BJ122 -> #DIV/0! | BO124: =BO123/BO122 -> #DIV/0! | BT124: =BT123/BT122 -> #DIV/0! | BY124: =BY123/BY122 -> #DIV/0! | CD124: =CD123/CD122 -> #DIV/0! | CI124: =CI123/CI122 -> #DIV/0!
...

Sheet AD
B1: =(MONTH('1課合計'!R1)+2)&"月" -> 12月 | C1: 予測用 | F1: A | I1: ダッシュボード
B3: =MONTH('1課合計'!R1)&"月" -> 10月 | C3: 見積数 | G3: 予算 | I3: =SUMIFS(予算!目標見積数,予算!対象ユーザー名,F1,予算!予算月,B1) -> 0 | K3: 件 | N3: 必要見積数 | R3: =M10/(I5/100)/R5 -> #DIV/0! | T3: 件
B5: 今期 | C5: 平均 | G5: 受注率 | I5: =A!G31*100 -> #DIV/0! | K5: ％ | N5: 受注単価 | R5: =A!G32 -> #DIV/0! | T5: 円
B7: =(MONTH('1課合計'!R1)+2)&"月" -> 12月 | C7: 予測 | F7: ※過去3か月分+現状ステータス変更分を加味した予測数字です。 | V7: 【顧客ランク数】
B8: 対象月 | H8: 予測値 | M8: 予算 | P8: 達成率 | V8: sa | W8: =COUNTIFS(顧客ランク分け一覧表!$H$4:$H$5000,AD!V8,顧客ランク分け一覧表!$E$4:$E$5000,AD!$F$1) -> 0
B9: =B7 -> 12月 | H9: 売上金額 | K9: 件数 | V9: aa | W9: =COUNTIFS(顧客ランク分け一覧表!$H$4:$H$5000,AD!V9,顧客ランク分け一覧表!$E$4:$E$5000,AD!$F$1) -> 0
B10: 合計 | H10: =A!U54 -> 0 | K10: =A!J54 -> 0 | M10: =A!X54 -> 0 | P10: =A!AA54 -> #DIV/0! | V10: ba | W10: =COUNTIFS(顧客ランク分け一覧表!$H$4:$H$5000,AD!V10,顧客ランク分け一覧表!$E$4:$E$5000,AD!$F$1) -> 0
B11: AP | H11: =A!U55 -> 0 | K11: =A!J55 -> 0 | V11: ca | W11: =COUNTIFS(顧客ランク分け一覧表!$H$4:$H$5000,AD!V11,顧客ランク分け一覧表!$E$4:$E$5000,AD!$F$1) -> 0
B12: SP | H12: =A!U56 -> 0 | K12: =A!J56 -> 0 | V12: a合計 | W12: =SUM(W8:W11) -> 0
B13: TB | H13: =A!U57 -> 0 | K13: =A!J57 -> 0 | V13: b | W13: =COUNTIFS(顧客ランク分け一覧表!$H$4:$H$5000,AD!V13,顧客ランク分け一覧表!$E$4:$E$5000,AD!$F$1) -> 0
B14: その他 | H14: =A!U58 -> 0 | K14: =A!J58 -> 0 | V14: c | W14: =COUNTIFS(顧客ランク分け一覧表!$H$4:$H$5000,AD!V14,顧客ランク分け一覧表!$E$4:$E$5000,AD!$F$1) -> 0

Sheet B
A1: 方針会議資料案（Ver1.00） | I1: 担当者 | K1: B | O1: 対象日： | R1: ='1課合計'!R1 -> 45596 | V1: 対象MTG名： | Z1: ='1課合計'!Z1 -> 【営業方針会議】
A13: ■個人実績
G14: 合計 | L14: 10月 | Q14: 11月 | V14: 12月 | AA14: 1Q小計 | AF14: 1月 | AK14: 2月 | AP14: 3月 | AU14: 2Q小計 | AZ14: 4月 | BE14: 5月 | BJ14: 6月 | BO14: 3Q小計 | BT14: 7月 | BY14: 8月 | CD14: 9月 | CI14: 4Q小計
G15: 実績 | J15: 比率 | L15: 実績 | O15: 比率 | Q15: 実績 | T15: 比率 | V15: 実績 | Y15: 比率 | AA15: 実績 | AD15: 比率 | AF15: 実績 | AI15: 比率 | AK15: 実績 | AN15: 比率 | AP15: 実績 | AS15: 比率 | AU15: 実績 | AX15: 比率 | AZ15: 実績 | BC15: 比率 | BE15: 実績 | BH15: 比率 | BJ15: 実績 | BM15: 比率 | BO15: 実績 | BR15: 比率 | BT15: 実績 | BW15: 比率 | BY15: 実績 | CB15: 比率 | CD15: 実績 | CG15: 比率 | CI15: 実績 | CL15: 比率
A16: 行動数目標 | G16: =AA16+AU16+BO16+CI16 -> 0 | L16: =SUMIFS(予算!目標営業数,予算!対象ユーザー名,B!$K$1,予算!予算月,B!L$14) -> 0 | Q16: =SUMIFS(予算!目標営業数,予算!対象ユーザー名,B!$K$1,予算!予算月,B!Q$14) -> 0 | V16: =SUMIFS(予算!目標営業数,予算!対象ユーザー名,B!$K$1,予算!予算月,B!V$14) -> 0 | AA16: =L16+Q16+V16 -> 0 | AF16: =SUMIFS(予算!目標営業数,予算!対象ユーザー名,B!$K$1,予算!予算月,B!AF$14) -> 0 | AK16: =SUMIFS(予算!目標営業数,予算!対象ユーザー名,B!$K$1,予算!予算月,B!AK$14) -> 0 | AP16: =SUMIFS(予算!目標営業数,予算!対象ユーザー名,B!$K$1,予算!予算月,B!AP$14) -> 0 | AU16: =AF16+AK16+AP16 -> 0 | AZ16: =SUMIFS(予算!目標営業数,予算!対象ユーザー名,B!$K$1,予算!予算月,B!AZ$14) -> 0 | BE16: =SUMIFS(予算!目標営業数,予算!対象ユーザー名,B!$K$1,予算!予算月,B!BE$14) -> 0 | BJ16: =SUMIFS(予算!目標営業数,予算!対象ユーザー名,B!$K$1,予算!予算月,B!BJ$14) -> 0 | BO16: =AZ16+BE16+BJ16 -> 0 | BT16: =SUMIFS(予算!目標営業数,予算!対象ユーザー名,B!$K$1,予算!予算月,B!BT$14) -> 0 | BY16: =SUMIFS(予算!目標営業数,予算!対象ユーザー名,B!$K$1,予算!予算月,B!BY$14) -> 0 | CD16: =SUMIFS(予算!目標営業数,予算!対象ユーザー名,B!$K$1,予算!予算月,B!CD$14) -> 0 | CI16: =BT16+BY16+CD16 -> 0
A17: 行動数 | G17: =AA17+AU17+BO17+CI17 -> 0 | J17: =G17/G16 -> #DIV/0! | L17: =SUMIFS(行動!件数行動,行動!対象者名,B!$K$1,行動!月行動,B!L$14) -> 0 | O17: =L17/L16 -> #DIV/0! | Q17: =SUMIFS(行動!件数行動,行動!対象者名,B!$K$1,行動!月行動,B!Q$14) -> 0 | T17: =Q17/Q16 -> #DIV/0! | V17: =SUMIFS(行動!件数行動,行動!対象者名,B!$K$1,行動!月行動,B!V$14) -> 0 | Y17: =V17/V16 -> #DIV/0! | AA17: =L17+Q17+V17 -> 0 | AD17: =AA17/AA16 -> #DIV/0! | AF17: =SUMIFS(行動!件数行動,行動!対象者名,B!$K$1,行動!月行動,B!AF$14) -> 0 | AI17: =AF17/AF16 -> #DIV/0! | AK17: =SUMIFS(行動!件数行動,行動!対象者名,B!$K$1,行動!月行動,B!AK$14) -> 0 | AN17: =AK17/AK16 -> #DIV/0! | AP17: =SUMIFS(行動!件数行動,行動!対象者名,B!$K$1,行動!月行動,B!AP$14) -> 0 | AS17: =AP17/AP16 -> #DIV/0! | AU17: =AF17+AK17+AP17 -> 0 | AX17: =AU17/AU16 -> #DIV/0! | AZ17: =SUMIFS(行動!件数行動,行動!対象者名,B!$K$1,行動!月行動,B!AZ$14) -> 0 | BC17: =AZ17/AZ16 -> #DIV/0! | BE17: =SUMIFS(行動!件数行動,行動!対象者名,B!$K$1,行動!月行動,B!BE$14) -> 0 | BH17: =BE17/BE16 -> #DIV/0! | BJ17: =SUMIFS(行動!件数行動,行動!対象者名,B!$K$1,行動!月行動,B!BJ$14) -> 0 | BM17: =BJ17/BJ16 -> #DIV/0! | BO17: =AZ17+BE17+BJ17 -> 0 | BR17: =BO17/BO16 -> #DIV/0! | BT17: =SUMIFS(行動!件数行動,行動!対象者名,B!$K$1,行動!月行動,B!BT$14) -> 0 | BW17: =BT17/BT16 -> #DIV/0! | BY17: =SUMIFS(行動!件数行動,行動!対象者名,B!$K$1,行動!月行動,B!BY$14) -> 0 | CB17: =BY17/BY16 -> #DIV/0! | CD17: =SUMIFS(行動!件数行動,行動!対象者名,B!$K$1,行動!月行動,B!CD$14) -> 0 | CG17: =CD17/CD16 -> #DIV/0! | CI17: =BT17+BY17+CD17 -> 0 | CL17: =CI17/CI16 -> #DIV/0!
A18: 見積数目標 | G18: =AA18+AU18+BO18+CI18 -> 0 | L18: =SUMIFS(予算!目標見積数,予算!対象ユーザー名,B!$K$1,予算!予算月,B!L$14) -> 0 | Q18: =SUMIFS(予算!目標見積数,予算!対象ユーザー名,B!$K$1,予算!予算月,B!Q$14) -> 0 | V18: =SUMIFS(予算!目標見積数,予算!対象ユーザー名,B!$K$1,予算!予算月,B!V$14) -> 0 | AA18: =L18+Q18+V18 -> 0 | AF18: =SUMIFS(予算!目標見積数,予算!対象ユーザー名,B!$K$1,予算!予算月,B!AF$14) -> 0 | AK18: =SUMIFS(予算!目標見積数,予算!対象ユーザー名,B!$K$1,予算!予算月,B!AK$14) -> 0 | AP18: =SUMIFS(予算!目標見積数,予算!対象ユーザー名,B!$K$1,予算!予算月,B!AP$14) -> 0 | AU18: =AF18+AK18+AP18 -> 0 | AZ18: =SUMIFS(予算!目標見積数,予算!対象ユーザー名,B!$K$1,予算!予算月,B!AZ$14) -> 0 | BE18: =SUMIFS(予算!目標見積数,予算!対象ユーザー名,B!$K$1,予算!予算月,B!BE$14) -> 0 | BJ18: =SUMIFS(予算!目標見積数,予算!対象ユーザー名,B!$K$1,予算!予算月,B!BJ$14) -> 0 | BO18: =AZ18+BE18+BJ18 -> 0 | BT18: =SUMIFS(予算!目標見積数,予算!対象ユーザー名,B!$K$1,予算!予算月,B!BT$14) -> 0 | BY18: =SUMIFS(予算!目標見積数,予算!対象ユーザー名,B!$K$1,予算!予算月,B!BY$14) -> 0 | CD18: =SUMIFS(予算!目標見積数,予算!対象ユーザー名,B!$K$1,予算!予算月,B!CD$14) -> 0 | CI18: =BT18+BY18+CD18 -> 0
A19: 見積数 | G19: =AA19+AU19+BO19+CI19 -> 0 | J19: =G19/G18 -> #DIV/0! | L19: =SUMIFS(見積!見積数,見積!報告者名,B!$K$1,見積!月,L$14) -> 0 | O19: =L19/L18 -> #DIV/0! | Q19: =SUMIFS(見積!見積数,見積!報告者名,B!$K$1,見積!月,Q$14) -> 0 | T19: =Q19/Q18 -> #DIV/0! | V19: =SUMIFS(見積!見積数,見積!報告者名,B!$K$1,見積!月,V$14) -> 0 | Y19: =V19/V18 -> #DIV/0! | AA19: =L19+Q19+V19 -> 0 | AD19: =AA19/AA18 -> #DIV/0! | AF19: =SUMIFS(見積!見積数,見積!報告者名,B!$K$1,見積!月,AF$14) -> 0 | AI19: =AF19/AF18 -> #DIV/0! | AK19: =SUMIFS(見積!見積数,見積!報告者名,B!$K$1,見積!月,AK$14) -> 0 | AN19: =AK19/AK18 -> #DIV/0! | AP19: =SUMIFS(見積!見積数,見積!報告者名,B!$K$1,見積!月,AP$14) -> 0 | AS19: =AP19/AP18 -> #DIV/0! | AU19: =AF19+AK19+AP19 -> 0 | AX19: =AU19/AU18 -> #DIV/0! | AZ19: =SUMIFS(見積!見積数,見積!報告者名,B!$K$1,見積!月,AZ$14) -> 0 | BC19: =AZ19/AZ18 -> #DIV/0! | BE19: =SUMIFS(見積!見積数,見積!報告者名,B!$K$1,見積!月,BE$14) -> 0 | BH19: =BE19/BE18 -> #DIV/0! | BJ19: =SUMIFS(見積!見積数,見積!報告者名,B!$K$1,見積!月,BJ$14) -> 0 | BM19: =BJ19/BJ18 -> #DIV/0! | BO19: =AZ19+BE19+BJ19 -> 0 | BR19: =BO19/BO18 -> #DIV/0! | BT19: =SUMIFS(見積!見積数,見積!報告者名,B!$K$1,見積!月,BT$14) -> 0 | BW19: =BT19/BT18 -> #DIV/0! | BY19: =SUMIFS(見積!見積数,見積!報告者名,B!$K$1,見積!月,BY$14,見積!年,"2025") -> 0 | CB19: =BY19/BY18 -> #DIV/0! | CD19: =SUMIFS(見積!見積数,見積!報告者名,B!$K$1,見積!月,CD$14,見積!年,"2025") -> 0 | CG19: =CD19/CD18 -> #DIV/0! | CI19: =BT19+BY19+CD19 -> 0 | CL19: =CI19/CI18 -> #DIV/0!
A20: 売上目標 | G20: =AA20+AU20+BO20+CI20 -> 0 | L20: =SUMIFS(予算!目標金額,予算!対象ユーザー名,B!$K$1,予算!予算月,B!L$14) -> 0 | Q20: =SUMIFS(予算!目標金額,予算!対象ユーザー名,B!$K$1,予算!予算月,B!Q$14) -> 0 | V20: =SUMIFS(予算!目標金額,予算!対象ユーザー名,B!$K$1,予算!予算月,B!V$14) -> 0 | AA20: =L20+Q20+V20 -> 0 | AF20: =SUMIFS(予算!目標金額,予算!対象ユーザー名,B!$K$1,予算!予算月,B!AF$14) -> 0 | AK20: =SUMIFS(予算!目標金額,予算!対象ユーザー名,B!$K$1,予算!予算月,B!AK$14) -> 0 | AP20: =SUMIFS(予算!目標金額,予算!対象ユーザー名,B!$K$1,予算!予算月,B!AP$14) -> 0 | AU20: =AF20+AK20+AP20 -> 0 | AZ20: =SUMIFS(予算!目標金額,予算!対象ユーザー名,B!$K$1,予算!予算月,B!AZ$14) -> 0 | BE20: =SUMIFS(予算!目標金額,予算!対象ユーザー名,B!$K$1,予算!予算月,B!BE$14) -> 0 | BJ20: =SUMIFS(予算!目標金額,予算!対象ユーザー名,B!$K$1,予算!予算月,B!BJ$14) -> 0 | BO20: =AZ20+BE20+BJ20 -> 0 | BT20: =SUMIFS(予算!目標金額,予算!対象ユーザー名,B!$K$1,予算!予算月,B!BT$14) -> 0 | BY20: =SUMIFS(予算!目標金額,予算!対象ユーザー名,B!$K$1,予算!予算月,B!BY$14) -> 0 | CD20: =SUMIFS(予算!目標金額,予算!対象ユーザー名,B!$K$1,予算!予算月,B!CD$14) -> 0 | CI20: =BT20+BY20+CD20 -> 0
A21: AP | G21: =AA21+AU21+BO21+CI21 -> 0 | L21: =SUMIFS(予算!AP,予算!予算月,L$14,予算!対象ユーザー名,$K$1) -> 0 | Q21: =SUMIFS(予算!AP,予算!予算月,Q$14,予算!対象ユーザー名,$K$1) -> 0 | V21: =SUMIFS(予算!AP,予算!予算月,V$14,予算!対象ユーザー名,$K$1) -> 0 | AA21: =L21+Q21+V21 -> 0 | AF21: =SUMIFS(予算!AP,予算!予算月,AF$14,予算!対象ユーザー名,$K$1) -> 0 | AK21: =SUMIFS(予算!AP,予算!予算月,AK$14,予算!対象ユーザー名,$K$1) -> 0 | AP21: =SUMIFS(予算!AP,予算!予算月,AP$14,予算!対象ユーザー名,$K$1) -> 0 | AU21: =AF21+AK21+AP21 -> 0 | AZ21: =SUMIFS(予算!AP,予算!予算月,AZ$14,予算!対象ユーザー名,$K$1) -> 0 | BE21: =SUMIFS(予算!AP,予算!予算月,BE$14,予算!対象ユーザー名,$K$1) -> 0 | BJ21: =SUMIFS(予算!AP,予算!予算月,BJ$14,予算!対象ユーザー名,$K$1) -> 0 | BO21: =AZ21+BE21+BJ21 -> 0 | BT21: =SUMIFS(予算!AP,予算!予算月,BT$14,予算!対象ユーザー名,$K$1) -> 0 | BY21: =SUMIFS(予算!AP,予算!予算月,BY$14,予算!対象ユーザー名,$K$1) -> 0 | CD21: =SUMIFS(予算!AP,予算!予算月,CD$14,予算!対象ユーザー名,$K$1) -> 0 | CI21: =BT21+BY21+CD21 -> 0
A22: SP | G22: =AA22+AU22+BO22+CI22 -> 0 | L22: =SUMIFS(予算!SP,予算!予算月,L$14,予算!対象ユーザー名,$K$1) -> 0 | Q22: =SUMIFS(予算!SP,予算!予算月,Q$14,予算!対象ユーザー名,$K$1) -> 0 | V22: =SUMIFS(予算!SP,予算!予算月,V$14,予算!対象ユーザー名,$K$1) -> 0 | AA22: =L22+Q22+V22 -> 0 | AF22: =SUMIFS(予算!SP,予算!予算月,AF$14,予算!対象ユーザー名,$K$1) -> 0 | AK22: =SUMIFS(予算!SP,予算!予算月,AK$14,予算!対象ユーザー名,$K$1) -> 0 | AP22: =SUMIFS(予算!SP,予算!予算月,AP$14,予算!対象ユーザー名,$K$1) -> 0 | AU22: =AF22+AK22+AP22 -> 0 | AZ22: =SUMIFS(予算!SP,予算!予算月,AZ$14,予算!対象ユーザー名,$K$1) -> 0 | BE22: =SUMIFS(予算!SP,予算!予算月,BE$14,予算!対象ユーザー名,$K$1) -> 0 | BJ22: =SUMIFS(予算!SP,予算!予算月,BJ$14,予算!対象ユーザー名,$K$1) -> 0 | BO22: =AZ22+BE22+BJ22 -> 0 | BT22: =SUMIFS(予算!SP,予算!予算月,BT$14,予算!対象ユーザー名,$K$1) -> 0 | BY22: =SUMIFS(予算!SP,予算!予算月,BY$14,予算!対象ユーザー名,$K$1) -> 0 | CD22: =SUMIFS(予算!SP,予算!予算月,CD$14,予算!対象ユーザー名,$K$1) -> 0 | CI22: =BT22+BY22+CD22 -> 0
A23: TB | G23: =AA23+AU23+BO23+CI23 -> 0 | L23: =SUMIFS(予算!TB,予算!予算月,L$14,予算!対象ユーザー名,$K$1) -> 0 | Q23: =SUMIFS(予算!TB,予算!予算月,Q$14,予算!対象ユーザー名,$K$1) -> 0 | V23: =SUMIFS(予算!TB,予算!予算月,V$14,予算!対象ユーザー名,$K$1) -> 0 | AA23: =L23+Q23+V23 -> 0 | AF23: =SUMIFS(予算!TB,予算!予算月,AF$14,予算!対象ユーザー名,$K$1) -> 0 | AK23: =SUMIFS(予算!TB,予算!予算月,AK$14,予算!対象ユーザー名,$K$1) -> 0 | AP23: =SUMIFS(予算!TB,予算!予算月,AP$14,予算!対象ユーザー名,$K$1) -> 0 | AU23: =AF23+AK23+AP23 -> 0 | AZ23: =SUMIFS(予算!TB,予算!予算月,AZ$14,予算!対象ユーザー名,$K$1) -> 0 | BE23: =SUMIFS(予算!TB,予算!予算月,BE$14,予算!対象ユーザー名,$K$1) -> 0 | BJ23: =SUMIFS(予算!TB,予算!予算月,BJ$14,予算!対象ユーザー名,$K$1) -> 0 | BO23: =AZ23+BE23+BJ23 -> 0 | BT23: =SUMIFS(予算!TB,予算!予算月,BT$14,予算!対象ユーザー名,$K$1) -> 0 | BY23: =SUMIFS(予算!TB,予算!予算月,BY$14,予算!対象ユーザー名,$K$1) -> 0 | CD23: =SUMIFS(予算!TB,予算!予算月,CD$14,予算!対象ユーザー名,$K$1) -> 0 | CI23: =BT23+BY23+CD23 -> 0
A24: その他 | G24: =AA24+AU24+BO24+CI24 -> 0 | L24: =L20-L21-L22-L23 -> 0 | Q24: =Q20-Q21-Q22-Q23 -> 0 | V24: =V20-V21-V22-V23 -> 0 | AA24: =L24+Q24+V24 -> 0 | AF24: =AF20-AF21-AF22-AF23 -> 0 | AK24: =AK20-AK21-AK22-AK23 -> 0 | AP24: =AP20-AP21-AP22-AP23 -> 0 | AU24: =AF24+AK24+AP24 -> 0 | AZ24: =AZ20-AZ21-AZ22-AZ23 -> 0 | BE24: =BE20-BE21-BE22-BE23 -> 0 | BJ24: =BJ20-BJ21-BJ22-BJ23 -> 0 | BO24: =AZ24+BE24+BJ24 -> 0 | BT24: =BT20-BT21-BT22-BT23 -> 0 | BY24: =BY20-BY21-BY22-BY23 -> 0 | CD24: =CD20-CD21-CD22-CD23 -> 0 | CI24: =BT24+BY24+CD24 -> 0
A25: 売上実績 | G25: =AA25+AU25+BO25+CI25 -> 0 | J25: =G25/G20 -> #DIV/0! | L25: =SUMIFS(実績!見積額13,実績!月13,B!L$14,実績!報告者名13,B!$K$1) -> 0 | O25: =L25/L20 -> #DIV/0! | Q25: =SUMIFS(実績!見積額13,実績!月13,B!Q$14,実績!報告者名13,B!$K$1) -> 0 | T25: =Q25/Q20 -> #DIV/0! | V25: =SUMIFS(実績!見積額13,実績!月13,B!V$14,実績!報告者名13,B!$K$1) -> 0 | Y25: =V25/V20 -> #DIV/0! | AA25: =L25+Q25+V25 -> 0 | AD25: =AA25/AA20 -> #DIV/0! | AF25: =SUMIFS(実績!見積額13,実績!月13,B!AF$14,実績!報告者名13,B!$K$1) -> 0 | AI25: =AF25/AF20 -> #DIV/0! | AK25: =SUMIFS(実績!見積額13,実績!月13,B!AK$14,実績!報告者名13,B!$K$1) -> 0 | AN25: =AK25/AK20 -> #DIV/0! | AP25: =SUMIFS(実績!見積額13,実績!月13,B!AP$14,実績!報告者名13,B!$K$1) -> 0 | AS25: =AP25/AP20 -> #DIV/0! | AU25: =AF25+AK25+AP25 -> 0 | AX25: =AU25/AU20 -> #DIV/0! | AZ25: =SUMIFS(実績!見積額13,実績!月13,B!AZ$14,実績!報告者名13,B!$K$1) -> 0 | BC25: =AZ25/AZ20 -> #DIV/0! | BE25: =SUMIFS(実績!見積額13,実績!月13,B!BE$14,実績!報告者名13,B!$K$1) -> 0 | BH25: =BE25/BE20 -> #DIV/0! | BJ25: =SUMIFS(実績!見積額13,実績!月13,B!BJ$14,実績!報告者名13,B!$K$1) -> 0 | BM25: =BJ25/BJ20 -> #DIV/0! | BO25: =AZ25+BE25+BJ25 -> 0 | BR25: =BO25/BO20 -> #DIV/0! | BT25: =SUMIFS(実績!見積額13,実績!月13,B!BT$14,実績!報告者名13,B!$K$1) -> 0 | BW25: =BT25/BT20 -> #DIV/0! | BY25: =SUMIFS(実績!見積額13,実績!月13,B!BY$14,実績!報告者名13,B!$K$1) -> 0 | CB25: =BY25/BY20 -> #DIV/0! | CD25: =SUMIFS(実績!見積額13,実績!月13,B!CD$14,実績!報告者名13,B!$K$1) -> 0 | CG25: =CD25/CD20 -> #DIV/0! | CI25: =BT25+BY25+CD25 -> 0 | CL25: =CI25/CI20 -> #DIV/0!
A26: AP | G26: =AA26+AU26+BO26+CI26 -> 0 | J26: =G26/G21 -> #DIV/0! | L26: =SUMIFS(実績!見積額13,実績!月13,B!L$14,実績!報告者名13,B!$K$1,実績!工種13,$A26) -> 0 | O26: =L26/L21 -> #DIV/0! | Q26: =SUMIFS(実績!見積額13,実績!月13,B!Q$14,実績!報告者名13,B!$K$1,実績!工種13,$A26) -> 0 | T26: =Q26/Q21 -> #DIV/0! | V26: =SUMIFS(実績!見積額13,実績!月13,B!V$14,実績!報告者名13,B!$K$1,実績!工種13,$A26) -> 0 | Y26: =V26/V21 -> #DIV/0! | AA26: =L26+Q26+V26 -> 0 | AD26: =AA26/AA21 -> #DIV/0! | AF26: =SUMIFS(実績!見積額13,実績!月13,B!AF$14,実績!報告者名13,B!$K$1,実績!工種13,$A26) -> 0 | AI26: =AF26/AF21 -> #DIV/0! | AK26: =SUMIFS(実績!見積額13,実績!月13,B!AK$14,実績!報告者名13,B!$K$1,実績!工種13,$A26) -> 0 | AN26: =AK26/AK21 -> #DIV/0! | AP26: =SUMIFS(実績!見積額13,実績!月13,B!AP$14,実績!報告者名13,B!$K$1,実績!工種13,$A26) -> 0 | AS26: =AP26/AP21 -> #DIV/0! | AU26: =AF26+AK26+AP26 -> 0 | AX26: =AU26/AU21 -> #DIV/0! | AZ26: =SUMIFS(実績!見積額13,実績!月13,B!AZ$14,実績!報告者名13,B!$K$1,実績!工種13,$A26) -> 0 | BC26: =AZ26/AZ21 -> #DIV/0! | BE26: =SUMIFS(実績!見積額13,実績!月13,B!BE$14,実績!報告者名13,B!$K$1,実績!工種13,$A26) -> 0 | BH26: =BE26/BE21 -> #DIV/0! | BJ26: =SUMIFS(実績!見積額13,実績!月13,B!BJ$14,実績!報告者名13,B!$K$1,実績!工種13,$A26) -> 0 | BM26: =BJ26/BJ21 -> #DIV/0! | BO26: =AZ26+BE26+BJ26 -> 0 | BR26: =BO26/BO21 -> #DIV/0! | BT26: =SUMIFS(実績!見積額13,実績!月13,B!BT$14,実績!報告者名13,B!$K$1,実績!工種13,$A26) -> 0 | BW26: =BT26/BT21 -> #DIV/0! | BY26: =SUMIFS(実績!見積額13,実績!月13,B!BY$14,実績!報告者名13,B!$K$1,実績!工種13,$A26) -> 0 | CB26: =BY26/BY21 -> #DIV/0! | CD26: =SUMIFS(実績!見積額13,実績!月13,B!CD$14,実績!報告者名13,B!$K$1,実績!工種13,$A26) -> 0 | CG26: =CD26/CD21 -> #DIV/0! | CI26: =BT26+BY26+CD26 -> 0 | CL26: =CI26/CI21 -> #DIV/0!
A27: SP | G27: =AA27+AU27+BO27+CI27 -> 0 | J27: =G27/G22 -> #DIV/0! | L27: =SUMIFS(実績!見積額13,実績!月13,B!L$14,実績!報告者名13,B!$K$1,実績!工種13,$A27) -> 0 | O27: =L27/L22 -> #DIV/0! | Q27: =SUMIFS(実績!見積額13,実績!月13,B!Q$14,実績!報告者名13,B!$K$1,実績!工種13,$A27) -> 0 | T27: =Q27/Q22 -> #DIV/0! | V27: =SUMIFS(実績!見積額13,実績!月13,B!V$14,実績!報告者名13,B!$K$1,実績!工種13,$A27) -> 0 | Y27: =V27/V22 -> #DIV/0! | AA27: =L27+Q27+V27 -> 0 | AD27: =AA27/AA22 -> #DIV/0! | AF27: =SUMIFS(実績!見積額13,実績!月13,B!AF$14,実績!報告者名13,B!$K$1,実績!工種13,$A27) -> 0 | AI27: =AF27/AF22 -> #DIV/0! | AK27: =SUMIFS(実績!見積額13,実績!月13,B!AK$14,実績!報告者名13,B!$K$1,実績!工種13,$A27) -> 0 | AN27: =AK27/AK22 -> #DIV/0! | AP27: =SUMIFS(実績!見積額13,実績!月13,B!AP$14,実績!報告者名13,B!$K$1,実績!工種13,$A27) -> 0 | AS27: =AP27/AP22 -> #DIV/0! | AU27: =AF27+AK27+AP27 -> 0 | AX27: =AU27/AU22 -> #DIV/0! | AZ27: =SUMIFS(実績!見積額13,実績!月13,B!AZ$14,実績!報告者名13,B!$K$1,実績!工種13,$A27) -> 0 | BC27: =AZ27/AZ22 -> #DIV/0! | BE27: =SUMIFS(実績!見積額13,実績!月13,B!BE$14,実績!報告者名13,B!$K$1,実績!工種13,$A27) -> 0 | BH27: =BE27/BE22 -> #DIV/0! | BJ27: =SUMIFS(実績!見積額13,実績!月13,B!BJ$14,実績!報告者名13,B!$K$1,実績!工種13,$A27) -> 0 | BM27: =BJ27/BJ22 -> #DIV/0! | BO27: =AZ27+BE27+BJ27 -> 0 | BR27: =BO27/BO22 -> #DIV/0! | BT27: =SUMIFS(実績!見積額13,実績!月13,B!BT$14,実績!報告者名13,B!$K$1,実績!工種13,$A27) -> 0 | BW27: =BT27/BT22 -> #DIV/0! | BY27: =SUMIFS(実績!見積額13,実績!月13,B!BY$14,実績!報告者名13,B!$K$1,実績!工種13,$A27) -> 0 | CB27: =BY27/BY22 -> #DIV/0! | CD27: =SUMIFS(実績!見積額13,実績!月13,B!CD$14,実績!報告者名13,B!$K$1,実績!工種13,$A27) -> 0 | CG27: =CD27/CD22 -> #DIV/0! | CI27: =BT27+BY27+CD27 -> 0 | CL27: =CI27/CI22 -> #DIV/0!
A28: TB | G28: =AA28+AU28+BO28+CI28 -> 0 | J28: =G28/G23 -> #DIV/0! | L28: =SUMIFS(実績!見積額13,実績!月13,B!L$14,実績!報告者名13,B!$K$1,実績!工種13,$A28) -> 0 | O28: =L28/L23 -> #DIV/0! | Q28: =SUMIFS(実績!見積額13,実績!月13,B!Q$14,実績!報告者名13,B!$K$1,実績!工種13,$A28) -> 0 | T28: =Q28/Q23 -> #DIV/0! | V28: =SUMIFS(実績!見積額13,実績!月13,B!V$14,実績!報告者名13,B!$K$1,実績!工種13,$A28) -> 0 | Y28: =V28/V23 -> #DIV/0! | AA28: =L28+Q28+V28 -> 0 | AD28: =AA28/AA23 -> #DIV/0! | AF28: =SUMIFS(実績!見積額13,実績!月13,B!AF$14,実績!報告者名13,B!$K$1,実績!工種13,$A28) -> 0 | AI28: =AF28/AF23 -> #DIV/0! | AK28: =SUMIFS(実績!見積額13,実績!月13,B!AK$14,実績!報告者名13,B!$K$1,実績!工種13,$A28) -> 0 | AN28: =AK28/AK23 -> #DIV/0! | AP28: =SUMIFS(実績!見積額13,実績!月13,B!AP$14,実績!報告者名13,B!$K$1,実績!工種13,$A28) -> 0 | AS28: =AP28/AP23 -> #DIV/0! | AU28: =AF28+AK28+AP28 -> 0 | AX28: =AU28/AU23 -> #DIV/0! | AZ28: =SUMIFS(実績!見積額13,実績!月13,B!AZ$14,実績!報告者名13,B!$K$1,実績!工種13,$A28) -> 0 | BC28: =AZ28/AZ23 -> #DIV/0! | BE28: =SUMIFS(実績!見積額13,実績!月13,B!BE$14,実績!報告者名13,B!$K$1,実績!工種13,$A28) -> 0 | BH28: =BE28/BE23 -> #DIV/0! | BJ28: =SUMIFS(実績!見積額13,実績!月13,B!BJ$14,実績!報告者名13,B!$K$1,実績!工種13,$A28) -> 0 | BM28: =BJ28/BJ23 -> #DIV/0! | BO28: =AZ28+BE28+BJ28 -> 0 | BR28: =BO28/BO23 -> #DIV/0! | BT28: =SUMIFS(実績!見積額13,実績!月13,B!BT$14,実績!報告者名13,B!$K$1,実績!工種13,$A28) -> 0 | BW28: =BT28/BT23 -> #DIV/0! | BY28: =SUMIFS(実績!見積額13,実績!月13,B!BY$14,実績!報告者名13,B!$K$1,実績!工種13,$A28) -> 0 | CB28: =BY28/BY23 -> #DIV/0! | CD28: =SUMIFS(実績!見積額13,実績!月13,B!CD$14,実績!報告者名13,B!$K$1,実績!工種13,$A28) -> 0 | CG28: =CD28/CD23 -> #DIV/0! | CI28: =BT28+BY28+CD28 -> 0 | CL28: =CI28/CI23 -> #DIV/0!
A29: その他 | G29: =AA29+AU29+BO29+CI29 -> 0 | J29: =G29/G24 -> #DIV/0! | L29: =L25-L26-L27-L28 -> 0 | O29: =L29/L24 -> #DIV/0! | Q29: =Q25-Q26-Q27-Q28 -> 0 | T29: =Q29/Q24 -> #DIV/0! | V29: =V25-V26-V27-V28 -> 0 | Y29: =V29/V24 -> #DIV/0! | AA29: =L29+Q29+V29 -> 0 | AD29: =AA29/AA24 -> #DIV/0! | AF29: =AF25-AF26-AF27-AF28 -> 0 | AI29: =AF29/AF24 -> #DIV/0! | AK29: =AK25-AK26-AK27-AK28 -> 0 | AN29: =AK29/AK24 -> #DIV/0! | AP29: =AP25-AP26-AP27-AP28 -> 0 | AS29: =AP29/AP24 -> #DIV/0! | AU29: =AF29+AK29+AP29 -> 0 | AX29: =AU29/AU24 -> #DIV/0! | AZ29: =AZ25-AZ26-AZ27-AZ28 -> 0 | BC29: =AZ29/AZ24 -> #DIV/0! | BE29: =BE25-BE26-BE27-BE28 -> 0 | BH29: =BE29/BE24 -> #DIV/0! | BJ29: =BJ25-BJ26-BJ27-BJ28 -> 0 | BM29: =BJ29/BJ24 -> #DIV/0! | BO29: =AZ29+BE29+BJ29 -> 0 | BR29: =BO29/BO24 -> #DIV/0! | BT29: =BT25-BT26-BT27-BT28 -> 0 | BW29: =BT29/BT24 -> #DIV/0! | BY29: =BY25-BY26-BY27-BY28 -> 0 | CB29: =BY29/BY24 -> #DIV/0! | CD29: =CD25-CD26-CD27-CD28 -> 0 | CG29: =CD29/CD24 -> #DIV/0! | CI29: =BT29+BY29+CD29 -> 0 | CL29: =CI29/CI24 -> #DIV/0!
A30: 受注件数 | G30: =AA30+AU30+BO30+CI30 -> 0 | L30: =COUNTIFS(実績!月13,B!L$14,実績!報告者名13,B!$K$1) -> 0 | Q30: =COUNTIFS(実績!月13,B!Q$14,実績!報告者名13,B!$K$1) -> 0 | V30: =COUNTIFS(実績!月13,B!V$14,実績!報告者名13,B!$K$1) -> 0 | AA30: =L30+Q30+V30 -> 0 | AF30: =COUNTIFS(実績!月13,B!AF$14,実績!報告者名13,B!$K$1) -> 0 | AK30: =COUNTIFS(実績!月13,B!AK$14,実績!報告者名13,B!$K$1) -> 0 | AP30: =COUNTIFS(実績!月13,B!AP$14,実績!報告者名13,B!$K$1) -> 0 | AU30: =AF30+AK30+AP30 -> 0 | AZ30: =COUNTIFS(実績!月13,B!AZ$14,実績!報告者名13,B!$K$1) -> 0 | BE30: =COUNTIFS(実績!月13,B!BE$14,実績!報告者名13,B!$K$1) -> 0 | BJ30: =COUNTIFS(実績!月13,B!BJ$14,実績!報告者名13,B!$K$1) -> 0 | BO30: =AZ30+BE30+BJ30 -> 0 | BT30: =COUNTIFS(実績!月13,B!BT$14,実績!報告者名13,B!$K$1) -> 0 | BY30: =COUNTIFS(実績!月13,B!BY$14,実績!報告者名13,B!$K$1) -> 0 | CD30: =COUNTIFS(実績!月13,B!CD$14,実績!報告者名13,B!$K$1) -> 0 | CI30: =BT30+BY30+CD30 -> 0
A31: 受注率 | G31: =G30/G19 -> #DIV/0! | L31: =L30/L19 -> #DIV/0! | Q31: =Q30/Q19 -> #DIV/0! | V31: =V30/V19 -> #DIV/0! | AA31: =AA30/AA19 -> #DIV/0! | AF31: =AF30/AF19 -> #DIV/0! | AK31: =AK30/AK19 -> #DIV/0! | AP31: =AP30/AP19 -> #DIV/0! | AU31: =AU30/AU19 -> #DIV/0! | AZ31: =AZ30/AZ19 -> #DIV/0! | BE31: =BE30/BE19 -> #DIV/0! | BJ31: =BJ30/BJ19 -> #DIV/0! | BO31: =BO30/BO19 -> #DIV/0! | BT31: =BT30/BT19 -> #DIV/0! | BY31: =BY30/BY19 -> #DIV/0! | CD31: =CD30/CD19 -> #DIV/0! | CI31: =CI30/CI19 -> #DIV/0!
A32: 受注単価 | G32: =G25/G30 -> #DIV/0! | L32: =L25/L30 -> #DIV/0! | Q32: =Q25/Q30 -> #DIV/0! | V32: =V25/V30 -> #DIV/0! | AA32: =AA25/AA30 -> #DIV/0! | AF32: =AF25/AF30 -> #DIV/0! | AK32: =AK25/AK30 -> #DIV/0! | AP32: =AP25/AP30 -> #DIV/0! | AU32: =AU25/AU30 -> #DIV/0! | AZ32: =AZ25/AZ30 -> #DIV/0! | BE32: =BE25/BE30 -> #DIV/0! | BJ32: =BJ25/BJ30 -> #DIV/0! | BO32: =BO25/BO30 -> #DIV/0! | BT32: =BT25/BT30 -> #DIV/0! | BY32: =BY25/BY30 -> #DIV/0! | CD32: =CD25/CD30 -> #DIV/0! | CI32: =CI25/CI30 -> #DIV/0!
A33: 販利目標 | G33: =AA33+AU33+BO33+CI33 -> 0 | L33: =SUMIFS(予算!利益予算,予算!対象ユーザー名,B!$K$1,予算!予算月,B!L$14) -> 0 | Q33: =SUMIFS(予算!利益予算,予算!対象ユーザー名,B!$K$1,予算!予算月,B!Q$14) -> 0 | V33: =SUMIFS(予算!利益予算,予算!対象ユーザー名,B!$K$1,予算!予算月,B!V$14) -> 0 | AA33: =L33+Q33+V33 -> 0 | AF33: =SUMIFS(予算!利益予算,予算!対象ユーザー名,B!$K$1,予算!予算月,B!AF$14) -> 0 | AK33: =SUMIFS(予算!利益予算,予算!対象ユーザー名,B!$K$1,予算!予算月,B!AK$14) -> 0 | AP33: =SUMIFS(予算!利益予算,予算!対象ユーザー名,B!$K$1,予算!予算月,B!AP$14) -> 0 | AU33: =AF33+AK33+AP33 -> 0 | AZ33: =SUMIFS(予算!利益予算,予算!対象ユーザー名,B!$K$1,予算!予算月,B!AZ$14) -> 0 | BE33: =SUMIFS(予算!利益予算,予算!対象ユーザー名,B!$K$1,予算!予算月,B!BE$14) -> 0 | BJ33: =SUMIFS(予算!利益予算,予算!対象ユーザー名,B!$K$1,予算!予算月,B!BJ$14) -> 0 | BO33: =AZ33+BE33+BJ33 -> 0 | BT33: =SUMIFS(予算!利益予算,予算!対象ユーザー名,B!$K$1,予算!予算月,B!BT$14) -> 0 | BY33: =SUMIFS(予算!利益予算,予算!対象ユーザー名,B!$K$1,予算!予算月,B!BY$14) -> 0 | CD33: =SUMIFS(予算!利益予算,予算!対象ユーザー名,B!$K$1,予算!予算月,B!CD$14) -> 0 | CI33: =BT33+BY33+CD33 -> 0
A34: 販利率目標 | G34: =G33/G20 -> #DIV/0! | L34: =L33/L20 -> #DIV/0! | Q34: =Q33/Q20 -> #DIV/0! | V34: =V33/V20 -> #DIV/0! | AA34: =AA33/AA20 -> #DIV/0! | AF34: =AF33/AF20 -> #DIV/0! | AK34: =AK33/AK20 -> #DIV/0! | AP34: =AP33/AP20 -> #DIV/0! | AU34: =AU33/AU20 -> #DIV/0! | AZ34: =AZ33/AZ20 -> #DIV/0! | BE34: =BE33/BE20 -> #DIV/0! | BJ34: =BJ33/BJ20 -> #DIV/0! | BO34: =BO33/BO20 -> #DIV/0! | BT34: =BT33/BT20 -> #DIV/0! | BY34: =BY33/BY20 -> #DIV/0! | CD34: =CD33/CD20 -> #DIV/0! | CI34: =CI33/CI20 -> #DIV/0!
A35: 販利（予算） | G35: =AA35+AU35+BO35+CI35 -> 0 | J35: =G35/G33 -> #DIV/0! | L35: =SUMIFS(実績!想定販利13,実績!月13,B!L$14,実績!報告者名13,B!$K$1) -> 0 | O35: =L35/L33 -> #DIV/0! | Q35: =SUMIFS(実績!想定販利13,実績!月13,B!Q$14,実績!報告者名13,B!$K$1) -> 0 | T35: =Q35/Q33 -> #DIV/0! | V35: =SUMIFS(実績!想定販利13,実績!月13,B!V$14,実績!報告者名13,B!$K$1) -> 0 | Y35: =V35/V33 -> #DIV/0! | AA35: =L35+Q35+V35 -> 0 | AD35: =AA35/AA33 -> #DIV/0! | AF35: =SUMIFS(実績!想定販利13,実績!月13,B!AF$14,実績!報告者名13,B!$K$1) -> 0 | AI35: =AF35/AF33 -> #DIV/0! | AK35: =SUMIFS(実績!想定販利13,実績!月13,B!AK$14,実績!報告者名13,B!$K$1) -> 0 | AN35: =AK35/AK33 -> #DIV/0! | AP35: =SUMIFS(実績!想定販利13,実績!月13,B!AP$14,実績!報告者名13,B!$K$1) -> 0 | AS35: =AP35/AP33 -> #DIV/0! | AU35: =AF35+AK35+AP35 -> 0 | AX35: =AU35/AU33 -> #DIV/0! | AZ35: =SUMIFS(実績!想定販利13,実績!月13,B!AZ$14,実績!報告者名13,B!$K$1) -> 0 | BC35: =AZ35/AZ33 -> #DIV/0! | BE35: =SUMIFS(実績!想定販利13,実績!月13,B!BE$14,実績!報告者名13,B!$K$1) -> 0 | BH35: =BE35/BE33 -> #DIV/0! | BJ35: =SUMIFS(実績!想定販利13,実績!月13,B!BJ$14,実績!報告者名13,B!$K$1) -> 0 | BM35: =BJ35/BJ33 -> #DIV/0! | BO35: =AZ35+BE35+BJ35 -> 0 | BR35: =BO35/BO33 -> #DIV/0! | BT35: =SUMIFS(実績!想定販利13,実績!月13,B!BT$14,実績!報告者名13,B!$K$1) -> 0 | BW35: =BT35/BT33 -> #DIV/0! | BY35: =SUMIFS(実績!想定販利13,実績!月13,B!BY$14,実績!報告者名13,B!$K$1) -> 0 | CB35: =BY35/BY33 -> #DIV/0! | CD35: =SUMIFS(実績!想定販利13,実績!月13,B!CD$14,実績!報告者名13,B!$K$1) -> 0 | CG35: =CD35/CD33 -> #DIV/0! | CI35: =BT35+BY35+CD35 -> 0 | CL35: =CI35/CI33 -> #DIV/0!
A36: 販利率（予算） | G36: =G35/G25 -> #DIV/0! | L36: =L35/L25 -> #DIV/0! | Q36: =Q35/Q25 -> #DIV/0! | V36: =V35/V25 -> #DIV/0! | AA36: =AA35/AA25 -> #DIV/0! | AF36: =AF35/AF25 -> #DIV/0! | AK36: =AK35/AK25 -> #DIV/0! | AP36: =AP35/AP25 -> #DIV/0! | AU36: =AU35/AU25 -> #DIV/0! | AZ36: =AZ35/AZ25 -> #DIV/0! | BE36: =BE35/BE25 -> #DIV/0! | BJ36: =BJ35/BJ25 -> #DIV/0! | BO36: =BO35/BO25 -> #DIV/0! | BT36: =BT35/BT25 -> #DIV/0! | BY36: =BY35/BY25 -> #DIV/0! | CD36: =CD35/CD25 -> #DIV/0! | CI36: =CI35/CI25 -> #DIV/0!
A37: AP | G37: =AA37+AU37+BO37+CI37 -> 0 | J37: =G37/G26 -> #DIV/0! | L37: =SUMIFS(実績!想定販利13,実績!月13,L$14,実績!報告者名13,$K$1,実績!工種13,$A37) -> 0 | O37: =L37/L26 -> #DIV/0! | Q37: =SUMIFS(実績!想定販利13,実績!月13,Q$14,実績!報告者名13,$K$1,実績!工種13,$A37) -> 0 | T37: =Q37/Q26 -> #DIV/0! | V37: =SUMIFS(実績!想定販利13,実績!月13,V$14,実績!報告者名13,$K$1,実績!工種13,$A37) -> 0 | Y37: =V37/V26 -> #DIV/0! | AA37: =L37+Q37+V37 -> 0 | AD37: =AA37/AA26 -> #DIV/0! | AF37: =SUMIFS(実績!想定販利13,実績!月13,AF$14,実績!報告者名13,$K$1,実績!工種13,$A37) -> 0 | AI37: =AF37/AF26 -> #DIV/0! | AK37: =SUMIFS(実績!想定販利13,実績!月13,AK$14,実績!報告者名13,$K$1,実績!工種13,$A37) -> 0 | AN37: =AK37/AK26 -> #DIV/0! | AP37: =SUMIFS(実績!想定販利13,実績!月13,AP$14,実績!報告者名13,$K$1,実績!工種13,$A37) -> 0 | AS37: =AP37/AP26 -> #DIV/0! | AU37: =AF37+AK37+AP37 -> 0 | AX37: =AU37/AU26 -> #DIV/0! | AZ37: =SUMIFS(実績!想定販利13,実績!月13,AZ$14,実績!報告者名13,$K$1,実績!工種13,$A37) -> 0 | BC37: =AZ37/AZ26 -> #DIV/0! | BE37: =SUMIFS(実績!想定販利13,実績!月13,BE$14,実績!報告者名13,$K$1,実績!工種13,$A37) -> 0 | BH37: =BE37/BE26 -> #DIV/0! | BJ37: =SUMIFS(実績!想定販利13,実績!月13,BJ$14,実績!報告者名13,$K$1,実績!工種13,$A37) -> 0 | BM37: =BJ37/BJ26 -> #DIV/0! | BO37: =AZ37+BE37+BJ37 -> 0 | BR37: =BO37/BO26 -> #DIV/0! | BT37: =SUMIFS(実績!想定販利13,実績!月13,BT$14,実績!報告者名13,$K$1,実績!工種13,$A37) -> 0 | BW37: =BT37/BT26 -> #DIV/0! | BY37: =SUMIFS(実績!想定販利13,実績!月13,BY$14,実績!報告者名13,$K$1,実績!工種13,$A37) -> 0 | CB37: =BY37/BY26 -> #DIV/0! | CD37: =SUMIFS(実績!想定販利13,実績!月13,CD$14,実績!報告者名13,$K$1,実績!工種13,$A37) -> 0 | CG37: =CD37/CD26 -> #DIV/0! | CI37: =BT37+BY37+CD37 -> 0 | CL37: =CI37/CI26 -> #DIV/0!
A38: SP | G38: =AA38+AU38+BO38+CI38 -> 0 | J38: =G38/G27 -> #DIV/0! | L38: =SUMIFS(実績!想定販利13,実績!月13,L$14,実績!報告者名13,$K$1,実績!工種13,$A38) -> 0 | O38: =L38/L27 -> #DIV/0! | Q38: =SUMIFS(実績!想定販利13,実績!月13,Q$14,実績!報告者名13,$K$1,実績!工種13,$A38) -> 0 | T38: =Q38/Q27 -> #DIV/0! | V38: =SUMIFS(実績!想定販利13,実績!月13,V$14,実績!報告者名13,$K$1,実績!工種13,$A38) -> 0 | Y38: =V38/V27 -> #DIV/0! | AA38: =L38+Q38+V38 -> 0 | AD38: =AA38/AA27 -> #DIV/0! | AF38: =SUMIFS(実績!想定販利13,実績!月13,AF$14,実績!報告者名13,$K$1,実績!工種13,$A38) -> 0 | AI38: =AF38/AF27 -> #DIV/0! | AK38: =SUMIFS(実績!想定販利13,実績!月13,AK$14,実績!報告者名13,$K$1,実績!工種13,$A38) -> 0 | AN38: =AK38/AK27 -> #DIV/0! | AP38: =SUMIFS(実績!想定販利13,実績!月13,AP$14,実績!報告者名13,$K$1,実績!工種13,$A38) -> 0 | AS38: =AP38/AP27 -> #DIV/0! | AU38: =AF38+AK38+AP38 -> 0 | AX38: =AU38/AU27 -> #DIV/0! | AZ38: =SUMIFS(実績!想定販利13,実績!月13,AZ$14,実績!報告者名13,$K$1,実績!工種13,$A38) -> 0 | BC38: =AZ38/AZ27 -> #DIV/0! | BE38: =SUMIFS(実績!想定販利13,実績!月13,BE$14,実績!報告者名13,$K$1,実績!工種13,$A38) -> 0 | BH38: =BE38/BE27 -> #DIV/0! | BJ38: =SUMIFS(実績!想定販利13,実績!月13,BJ$14,実績!報告者名13,$K$1,実績!工種13,$A38) -> 0 | BM38: =BJ38/BJ27 -> #DIV/0! | BO38: =AZ38+BE38+BJ38 -> 0 | BR38: =BO38/BO27 -> #DIV/0! | BT38: =SUMIFS(実績!想定販利13,実績!月13,BT$14,実績!報告者名13,$K$1,実績!工種13,$A38) -> 0 | BW38: =BT38/BT27 -> #DIV/0! | BY38: =SUMIFS(実績!想定販利13,実績!月13,BY$14,実績!報告者名13,$K$1,実績!工種13,$A38) -> 0 | CB38: =BY38/BY27 -> #DIV/0! | CD38: =SUMIFS(実績!想定販利13,実績!月13,CD$14,実績!報告者名13,$K$1,実績!工種13,$A38) -> 0 | CG38: =CD38/CD27 -> #DIV/0! | CI38: =BT38+BY38+CD38 -> 0 | CL38: =CI38/CI27 -> #DIV/0!
A39: TB | G39: =AA39+AU39+BO39+CI39 -> 0 | J39: =G39/G28 -> #DIV/0! | L39: =SUMIFS(実績!想定販利13,実績!月13,L$14,実績!報告者名13,$K$1,実績!工種13,$A39) -> 0 | O39: =L39/L28 -> #DIV/0! | Q39: =SUMIFS(実績!想定販利13,実績!月13,Q$14,実績!報告者名13,$K$1,実績!工種13,$A39) -> 0 | T39: =Q39/Q28 -> #DIV/0! | V39: =SUMIFS(実績!想定販利13,実績!月13,V$14,実績!報告者名13,$K$1,実績!工種13,$A39) -> 0 | Y39: =V39/V28 -> #DIV/0! | AA39: =L39+Q39+V39 -> 0 | AD39: =AA39/AA28 -> #DIV/0! | AF39: =SUMIFS(実績!想定販利13,実績!月13,AF$14,実績!報告者名13,$K$1,実績!工種13,$A39) -> 0 | AI39: =AF39/AF28 -> #DIV/0! | AK39: =SUMIFS(実績!想定販利13,実績!月13,AK$14,実績!報告者名13,$K$1,実績!工種13,$A39) -> 0 | AN39: =AK39/AK28 -> #DIV/0! | AP39: =SUMIFS(実績!想定販利13,実績!月13,AP$14,実績!報告者名13,$K$1,実績!工種13,$A39) -> 0 | AS39: =AP39/AP28 -> #DIV/0! | AU39: =AF39+AK39+AP39 -> 0 | AX39: =AU39/AU28 -> #DIV/0! | AZ39: =SUMIFS(実績!想定販利13,実績!月13,AZ$14,実績!報告者名13,$K$1,実績!工種13,$A39) -> 0 | BC39: =AZ39/AZ28 -> #DIV/0! | BE39: =SUMIFS(実績!想定販利13,実績!月13,BE$14,実績!報告者名13,$K$1,実績!工種13,$A39) -> 0 | BH39: =BE39/BE28 -> #DIV/0! | BJ39: =SUMIFS(実績!想定販利13,実績!月13,BJ$14,実績!報告者名13,$K$1,実績!工種13,$A39) -> 0 | BM39: =BJ39/BJ28 -> #DIV/0! | BO39: =AZ39+BE39+BJ39 -> 0 | BR39: =BO39/BO28 -> #DIV/0! | BT39: =SUMIFS(実績!想定販利13,実績!月13,BT$14,実績!報告者名13,$K$1,実績!工種13,$A39) -> 0 | BW39: =BT39/BT28 -> #DIV/0! | BY39: =SUMIFS(実績!想定販利13,実績!月13,BY$14,実績!報告者名13,$K$1,実績!工種13,$A39) -> 0 | CB39: =BY39/BY28 -> #DIV/0! | CD39: =SUMIFS(実績!想定販利13,実績!月13,CD$14,実績!報告者名13,$K$1,実績!工種13,$A39) -> 0 | CG39: =CD39/CD28 -> #DIV/0! | CI39: =BT39+BY39+CD39 -> 0 | CL39: =CI39/CI28 -> #DIV/0!
A40: その他 | G40: =AA40+AU40+BO40+CI40 -> 0 | J40: =G40/G29 -> #DIV/0! | L40: =L35-L37-L38-L39 -> 0 | O40: =L40/L29 -> #DIV/0! | Q40: =Q35-Q37-Q38-Q39 -> 0 | T40: =Q40/Q29 -> #DIV/0! | V40: =V35-V37-V38-V39 -> 0 | Y40: =V40/V29 -> #DIV/0! | AA40: =L40+Q40+V40 -> 0 | AD40: =AA40/AA29 -> #DIV/0! | AF40: =AF35-AF37-AF38-AF39 -> 0 | AI40: =AF40/AF29 -> #DIV/0! | AK40: =AK35-AK37-AK38-AK39 -> 0 | AN40: =AK40/AK29 -> #DIV/0! | AP40: =AP35-AP37-AP38-AP39 -> 0 | AS40: =AP40/AP29 -> #DIV/0! | AU40: =AF40+AK40+AP40 -> 0 | AX40: =AU40/AU29 -> #DIV/0! | AZ40: =AZ35-AZ37-AZ38-AZ39 -> 0 | BC40: =AZ40/AZ29 -> #DIV/0! | BE40: =BE35-BE37-BE38-BE39 -> 0 | BH40: =BE40/BE29 -> #DIV/0! | BJ40: =BJ35-BJ37-BJ38-BJ39 -> 0 | BM40: =BJ40/BJ29 -> #DIV/0! | BO40: =AZ40+BE40+BJ40 -> 0 | BR40: =BO40/BO29 -> #DIV/0! | BT40: =BT35-BT37-BT38-BT39 -> 0 | BW40: =BT40/BT29 -> #DIV/0! | BY40: =BY35-BY37-BY38-BY39 -> 0 | CB40: =BY40/BY29 -> #DIV/0! | CD40: =CD35-CD37-CD38-CD39 -> 0 | CG40: =CD40/CD29 -> #DIV/0! | CI40: =BT40+BY40+CD40 -> 0 | CL40: =CI40/CI29 -> #DIV/0!
A41: 販利（実行） | G41: =AA41+AU41+BO41+CI41 -> 0 | J41: =G41/G33 -> #DIV/0! | L41: =SUMIFS(実績!販売利益13,実績!月13,B!L$14,実績!報告者名13,B!$K$1) -> 0 | O41: =L41/L33 -> #DIV/0! | Q41: =SUMIFS(実績!販売利益13,実績!月13,B!Q$14,実績!報告者名13,B!$K$1) -> 0 | T41: =Q41/Q33 -> #DIV/0! | V41: =SUMIFS(実績!販売利益13,実績!月13,B!V$14,実績!報告者名13,B!$K$1) -> 0 | Y41: =V41/V33 -> #DIV/0! | AA41: =L41+Q41+V41 -> 0 | AD41: =AA41/AA33 -> #DIV/0! | AF41: =SUMIFS(実績!販売利益13,実績!月13,B!AF$14,実績!報告者名13,B!$K$1) -> 0 | AI41: =AF41/AF33 -> #DIV/0! | AK41: =SUMIFS(実績!販売利益13,実績!月13,B!AK$14,実績!報告者名13,B!$K$1) -> 0 | AN41: =AK41/AK33 -> #DIV/0! | AP41: =SUMIFS(実績!販売利益13,実績!月13,B!AP$14,実績!報告者名13,B!$K$1) -> 0 | AS41: =AP41/AP33 -> #DIV/0! | AU41: =AF41+AK41+AP41 -> 0 | AX41: =AU41/AU33 -> #DIV/0! | AZ41: =SUMIFS(実績!販売利益13,実績!月13,B!AZ$14,実績!報告者名13,B!$K$1) -> 0 | BC41: =AZ41/AZ33 -> #DIV/0! | BE41: =SUMIFS(実績!販売利益13,実績!月13,B!BE$14,実績!報告者名13,B!$K$1) -> 0 | BH41: =BE41/BE33 -> #DIV/0! | BJ41: =SUMIFS(実績!販売利益13,実績!月13,B!BJ$14,実績!報告者名13,B!$K$1) -> 0 | BM41: =BJ41/BJ33 -> #DIV/0! | BO41: =AZ41+BE41+BJ41 -> 0 | BR41: =BO41/BO33 -> #DIV/0! | BT41: =SUMIFS(実績!販売利益13,実績!月13,B!BT$14,実績!報告者名13,B!$K$1) -> 0 | BW41: =BT41/BT33 -> #DIV/0! | BY41: =SUMIFS(実績!販売利益13,実績!月13,B!BY$14,実績!報告者名13,B!$K$1) -> 0 | CB41: =BY41/BY33 -> #DIV/0! | CD41: =SUMIFS(実績!販売利益13,実績!月13,B!CD$14,実績!報告者名13,B!$K$1) -> 0 | CG41: =CD41/CD33 -> #DIV/0! | CI41: =BT41+BY41+CD41 -> 0 | CL41: =CI41/CI33 -> #DIV/0!
A42: 販利率（実行） | G42: =G41/G25 -> #DIV/0! | L42: =L41/L25 -> #DIV/0! | Q42: =Q41/Q25 -> #DIV/0! | V42: =V41/V25 -> #DIV/0! | AA42: =AA41/AA25 -> #DIV/0! | AF42: =AF41/AF25 -> #DIV/0! | AK42: =AK41/AK25 -> #DIV/0! | AP42: =AP41/AP25 -> #DIV/0! | AU42: =AU41/AU25 -> #DIV/0! | AZ42: =AZ41/AZ25 -> #DIV/0! | BE42: =BE41/BE25 -> #DIV/0! | BJ42: =BJ41/BJ25 -> #DIV/0! | BO42: =BO41/BO25 -> #DIV/0! | BT42: =BT41/BT25 -> #DIV/0! | BY42: =BY41/BY25 -> #DIV/0! | CD42: =CD41/CD25 -> #DIV/0! | CI42: =CI41/CI25 -> #DIV/0!
A43: AP | G43: =AA43+AU43+BO43+CI43 -> 0 | J43: =G43/G26 -> #DIV/0! | L43: =SUMIFS(実績!販売利益13,実績!月13,L$14,実績!報告者名13,$K$1,実績!工種13,$A43) -> 0 | O43: =L43/L26 -> #DIV/0! | Q43: =SUMIFS(実績!販売利益13,実績!月13,Q$14,実績!報告者名13,$K$1,実績!工種13,$A43) -> 0 | T43: =Q43/Q26 -> #DIV/0! | V43: =SUMIFS(実績!販売利益13,実績!月13,V$14,実績!報告者名13,$K$1,実績!工種13,$A43) -> 0 | Y43: =V43/V26 -> #DIV/0! | AA43: =L43+Q43+V43 -> 0 | AD43: =AA43/AA26 -> #DIV/0! | AF43: =SUMIFS(実績!販売利益13,実績!月13,AF$14,実績!報告者名13,$K$1,実績!工種13,$A43) -> 0 | AI43: =AF43/AF26 -> #DIV/0! | AK43: =SUMIFS(実績!販売利益13,実績!月13,AK$14,実績!報告者名13,$K$1,実績!工種13,$A43) -> 0 | AN43: =AK43/AK26 -> #DIV/0! | AP43: =SUMIFS(実績!販売利益13,実績!月13,AP$14,実績!報告者名13,$K$1,実績!工種13,$A43) -> 0 | AS43: =AP43/AP26 -> #DIV/0! | AU43: =AF43+AK43+AP43 -> 0 | AX43: =AU43/AU26 -> #DIV/0! | AZ43: =SUMIFS(実績!販売利益13,実績!月13,AZ$14,実績!報告者名13,$K$1,実績!工種13,$A43) -> 0 | BC43: =AZ43/AZ26 -> #DIV/0! | BE43: =SUMIFS(実績!販売利益13,実績!月13,BE$14,実績!報告者名13,$K$1,実績!工種13,$A43) -> 0 | BH43: =BE43/BE26 -> #DIV/0! | BJ43: =SUMIFS(実績!販売利益13,実績!月13,BJ$14,実績!報告者名13,$K$1,実績!工種13,$A43) -> 0 | BM43: =BJ43/BJ26 -> #DIV/0! | BO43: =AZ43+BE43+BJ43 -> 0 | BR43: =BO43/BO26 -> #DIV/0! | BT43: =SUMIFS(実績!販売利益13,実績!月13,BT$14,実績!報告者名13,$K$1,実績!工種13,$A43) -> 0 | BW43: =BT43/BT26 -> #DIV/0! | BY43: =SUMIFS(実績!販売利益13,実績!月13,BY$14,実績!報告者名13,$K$1,実績!工種13,$A43) -> 0 | CB43: =BY43/BY26 -> #DIV/0! | CD43: =SUMIFS(実績!販売利益13,実績!月13,CD$14,実績!報告者名13,$K$1,実績!工種13,$A43) -> 0 | CG43: =CD43/CD26 -> #DIV/0! | CI43: =BT43+BY43+CD43 -> 0 | CL43: =CI43/CI26 -> #DIV/0!
A44: SP | G44: =AA44+AU44+BO44+CI44 -> 0 | J44: =G44/G27 -> #DIV/0! | L44: =SUMIFS(実績!販売利益13,実績!月13,L$14,実績!報告者名13,$K$1,実績!工種13,$A44) -> 0 | O44: =L44/L27 -> #DIV/0! | Q44: =SUMIFS(実績!販売利益13,実績!月13,Q$14,実績!報告者名13,$K$1,実績!工種13,$A44) -> 0 | T44: =Q44/Q27 -> #DIV/0! | V44: =SUMIFS(実績!販売利益13,実績!月13,V$14,実績!報告者名13,$K$1,実績!工種13,$A44) -> 0 | Y44: =V44/V27 -> #DIV/0! | AA44: =L44+Q44+V44 -> 0 | AD44: =AA44/AA27 -> #DIV/0! | AF44: =SUMIFS(実績!販売利益13,実績!月13,AF$14,実績!報告者名13,$K$1,実績!工種13,$A44) -> 0 | AI44: =AF44/AF27 -> #DIV/0! | AK44: =SUMIFS(実績!販売利益13,実績!月13,AK$14,実績!報告者名13,$K$1,実績!工種13,$A44) -> 0 | AN44: =AK44/AK27 -> #DIV/0! | AP44: =SUMIFS(実績!販売利益13,実績!月13,AP$14,実績!報告者名13,$K$1,実績!工種13,$A44) -> 0 | AS44: =AP44/AP27 -> #DIV/0! | AU44: =AF44+AK44+AP44 -> 0 | AX44: =AU44/AU27 -> #DIV/0! | AZ44: =SUMIFS(実績!販売利益13,実績!月13,AZ$14,実績!報告者名13,$K$1,実績!工種13,$A44) -> 0 | BC44: =AZ44/AZ27 -> #DIV/0! | BE44: =SUMIFS(実績!販売利益13,実績!月13,BE$14,実績!報告者名13,$K$1,実績!工種13,$A44) -> 0 | BH44: =BE44/BE27 -> #DIV/0! | BJ44: =SUMIFS(実績!販売利益13,実績!月13,BJ$14,実績!報告者名13,$K$1,実績!工種13,$A44) -> 0 | BM44: =BJ44/BJ27 -> #DIV/0! | BO44: =AZ44+BE44+BJ44 -> 0 | BR44: =BO44/BO27 -> #DIV/0! | BT44: =SUMIFS(実績!販売利益13,実績!月13,BT$14,実績!報告者名13,$K$1,実績!工種13,$A44) -> 0 | BW44: =BT44/BT27 -> #DIV/0! | BY44: =SUMIFS(実績!販売利益13,実績!月13,BY$14,実績!報告者名13,$K$1,実績!工種13,$A44) -> 0 | CB44: =BY44/BY27 -> #DIV/0! | CD44: =SUMIFS(実績!販売利益13,実績!月13,CD$14,実績!報告者名13,$K$1,実績!工種13,$A44) -> 0 | CG44: =CD44/CD27 -> #DIV/0! | CI44: =BT44+BY44+CD44 -> 0 | CL44: =CI44/CI27 -> #DIV/0!
A45: TB | G45: =AA45+AU45+BO45+CI45 -> 0 | J45: =G45/G28 -> #DIV/0! | L45: =SUMIFS(実績!販売利益13,実績!月13,L$14,実績!報告者名13,$K$1,実績!工種13,$A45) -> 0 | O45: =L45/L28 -> #DIV/0! | Q45: =SUMIFS(実績!販売利益13,実績!月13,Q$14,実績!報告者名13,$K$1,実績!工種13,$A45) -> 0 | T45: =Q45/Q28 -> #DIV/0! | V45: =SUMIFS(実績!販売利益13,実績!月13,V$14,実績!報告者名13,$K$1,実績!工種13,$A45) -> 0 | Y45: =V45/V28 -> #DIV/0! | AA45: =L45+Q45+V45 -> 0 | AD45: =AA45/AA28 -> #DIV/0! | AF45: =SUMIFS(実績!販売利益13,実績!月13,AF$14,実績!報告者名13,$K$1,実績!工種13,$A45) -> 0 | AI45: =AF45/AF28 -> #DIV/0! | AK45: =SUMIFS(実績!販売利益13,実績!月13,AK$14,実績!報告者名13,$K$1,実績!工種13,$A45) -> 0 | AN45: =AK45/AK28 -> #DIV/0! | AP45: =SUMIFS(実績!販売利益13,実績!月13,AP$14,実績!報告者名13,$K$1,実績!工種13,$A45) -> 0 | AS45: =AP45/AP28 -> #DIV/0! | AU45: =AF45+AK45+AP45 -> 0 | AX45: =AU45/AU28 -> #DIV/0! | AZ45: =SUMIFS(実績!販売利益13,実績!月13,AZ$14,実績!報告者名13,$K$1,実績!工種13,$A45) -> 0 | BC45: =AZ45/AZ28 -> #DIV/0! | BE45: =SUMIFS(実績!販売利益13,実績!月13,BE$14,実績!報告者名13,$K$1,実績!工種13,$A45) -> 0 | BH45: =BE45/BE28 -> #DIV/0! | BJ45: =SUMIFS(実績!販売利益13,実績!月13,BJ$14,実績!報告者名13,$K$1,実績!工種13,$A45) -> 0 | BM45: =BJ45/BJ28 -> #DIV/0! | BO45: =AZ45+BE45+BJ45 -> 0 | BR45: =BO45/BO28 -> #DIV/0! | BT45: =SUMIFS(実績!販売利益13,実績!月13,BT$14,実績!報告者名13,$K$1,実績!工種13,$A45) -> 0 | BW45: =BT45/BT28 -> #DIV/0! | BY45: =SUMIFS(実績!販売利益13,実績!月13,BY$14,実績!報告者名13,$K$1,実績!工種13,$A45) -> 0 | CB45: =BY45/BY28 -> #DIV/0! | CD45: =SUMIFS(実績!販売利益13,実績!月13,CD$14,実績!報告者名13,$K$1,実績!工種13,$A45) -> 0 | CG45: =CD45/CD28 -> #DIV/0! | CI45: =BT45+BY45+CD45 -> 0 | CL45: =CI45/CI28 -> #DIV/0!
A46: その他 | G46: =AA46+AU46+BO46+CI46 -> 0 | J46: =G46/G29 -> #DIV/0! | L46: =L41-L43-L44-L45 -> 0 | O46: =L46/L29 -> #DIV/0! | Q46: =Q41-Q43-Q44-Q45 -> 0 | T46: =Q46/Q29 -> #DIV/0! | V46: =V41-V43-V44-V45 -> 0 | Y46: =V46/V29 -> #DIV/0! | AA46: =L46+Q46+V46 -> 0 | AD46: =AA46/AA29 -> #DIV/0! | AF46: =AF41-AF43-AF44-AF45 -> 0 | AI46: =AF46/AF29 -> #DIV/0! | AK46: =AK41-AK43-AK44-AK45 -> 0 | AN46: =AK46/AK29 -> #DIV/0! | AP46: =AP41-AP43-AP44-AP45 -> 0 | AS46: =AP46/AP29 -> #DIV/0! | AU46: =AF46+AK46+AP46 -> 0 | AX46: =AU46/AU29 -> #DIV/0! | AZ46: =AZ41-AZ43-AZ44-AZ45 -> 0 | BC46: =AZ46/AZ29 -> #DIV/0! | BE46: =BE41-BE43-BE44-BE45 -> 0 | BH46: =BE46/BE29 -> #DIV/0! | BJ46: =BJ41-BJ43-BJ44-BJ45 -> 0 | BM46: =BJ46/BJ29 -> #DIV/0! | BO46: =AZ46+BE46+BJ46 -> 0 | BR46: =BO46/BO29 -> #DIV/0! | BT46: =BT41-BT43-BT44-BT45 -> 0 | BW46: =BT46/BT29 -> #DIV/0! | BY46: =BY41-BY43-BY44-BY45 -> 0 | CB46: =BY46/BY29 -> #DIV/0! | CD46: =CD41-CD43-CD44-CD45 -> 0 | CG46: =CD46/CD29 -> #DIV/0! | CI46: =BT46+BY46+CD46 -> 0 | CL46: =CI46/CI29 -> #DIV/0!
A47: 販利（予実差異） | G47: =AA47+AU47+BO47+CI47 -> 0 | L47: =L41-L35 -> 0 | Q47: =Q41-Q35 -> 0 | V47: =V41-V35 -> 0 | AA47: =L47+Q47+V47 -> 0 | AF47: =AF41-AF35 -> 0 | AK47: =AK41-AK35 -> 0 | AP47: =AP41-AP35 -> 0 | AU47: =AF47+AK47+AP47 -> 0 | AZ47: =AZ41-AZ35 -> 0 | BE47: =BE41-BE35 -> 0 | BJ47: =BJ41-BJ35 -> 0 | BO47: =AZ47+BE47+BJ47 -> 0 | BT47: =BT41-BT35 -> 0 | BY47: =BY41-BY35 -> 0 | CD47: =CD41-CD35 -> 0 | CI47: =BT47+BY47+CD47 -> 0
G48: ※1：A確定+B確定+見込C | Q48: ※2：A確定+B確定 | Y48: ※3と※4：A確定
A50: 【次々月予測用フォーム】 | AF50: 【次月予測用フォーム】 | BQ50: 【当月予測用フォーム】
A51: 〇合計〇 | AF51: 〇合計〇 | BQ51: 〇合計〇
A52: 対象月 | G52: 予測値 | L52: A | O52: B | R52: C | U52: 合計 | X52: 予算 | AA52: 達成率 | AC52: 必要 見積数 | AF52: 対象月 | AL52: A | AO52: B | AR52: A+B | AU52: 予算 | AX52: 達成率 | BA52: C | BD52: A+B+C | BG52: 予算 | BJ52: 達成率 | BQ52: 対象月 | BW52: A | BZ52: B | CC52: A+B | CF52: 予算 | CI52: 達成率
A53: =MONTH(EDATE(R1,2))&"月" -> 12月 | G53: 売上金額 | J53: 件数 | AF53: =MONTH(EDATE(R1,1))&"月" -> 11月 | BQ53: =MONTH(R1)&"月" -> 10月 | BW53: A | BZ53: B | CC53: A+B
A54: 合計 | G54: =IFERROR(G73+G81+G89,G81+G89) -> 0 | J54: =IFERROR(L73*U73+L81*U81+L89*U89,L81*U81+L89*U89) -> 0 | L54: =SUMIFS(実績!見積額13,実績!報告者名13,B!$K$1,実績!月13,$A$53,実績!受注確定13,L$52) -> 0 | O54: =SUMIFS(実績!見積額13,実績!報告者名13,B!$K$1,実績!月13,$A$53,実績!受注確定13,O$52) -> 0 | R54: =SUMIFS(実績!見積額13,実績!報告者名13,B!$K$1,実績!月13,$A$53,実績!受注確定13,R$52) -> 0 | U54: =G54+L54+O54+R54 -> 0 | X54: =SUMIFS(予算!目標金額,予算!対象ユーザー名,B!K$1,予算!予算月,A$53) -> 0 | AA54: =U54/X54 -> #DIV/0! | AC54: =SUM(AC55:AD58) -> 0 | AF54: 合計 | AL54: =SUMIFS(実績!見積額13,実績!報告者名13,B!K$1,実績!月13,AF$53,実績!受注確定13,AL52) -> 0 | AO54: =SUMIFS(実績!見積額13,実績!報告者名13,B!K$1,実績!月13,AF$53,実績!受注確定13,AO52) -> 0 | AR54: =SUM(AL54:AQ54) -> 0 | AU54: =SUMIFS(予算!目標金額,予算!対象ユーザー名,$K$1,予算!予算月,AF$53) -> 0 | AX54: =AR54/AU54 -> #DIV/0! | BA54: =SUMIFS(実績!見積額13,実績!報告者名13,B!K$1,実績!月13,AF$53,実績!受注確定13,BA52) -> 0 | BD54: =AL54+AO54+BA54 -> 0 | BG54: =SUMIFS(予算!目標金額,予算!対象ユーザー名,$K$1,予算!予算月,AF$53) -> 0 | BJ54: =BD54/BG54 -> #DIV/0! | BQ54: 合計 | BW54: =SUMIFS(実績!見積額13,実績!報告者名13,B!$K$1,実績!月13,BQ$53,実績!受注確定13,BW53) -> 0 | BZ54: =SUMIFS(実績!見積額13,実績!報告者名13,B!$K$1,実績!月13,BQ$53,実績!受注確定13,BZ53) -> 0 | CC54: =SUM(BW54+BZ54) -> 0 | CF54: =SUMIFS(予算!目標金額,予算!対象ユーザー名,$K$1,予算!予算月,BQ$53) -> 0 | CI54: =CC54/CF54 -> #DIV/0!
A55: AP | G55: =IFERROR(G74+G82+G90,G82+G90) -> 0 | J55: =IFERROR(L74*U74+L82*U82+L90*U90,L82*U82+L90*U90) -> 0 | L55: =SUMIFS(実績!見積額13,実績!報告者名13,B!$K$1,実績!月13,$A$53,実績!受注確定13,L$52,実績!工種13,$A55) -> 0 | O55: =SUMIFS(実績!見積額13,実績!報告者名13,B!$K$1,実績!月13,$A$53,実績!受注確定13,O$52,実績!工種13,$A55) -> 0 | R55: =SUMIFS(実績!見積額13,実績!報告者名13,B!$K$1,実績!月13,$A$53,実績!受注確定13,R$52,実績!工種13,$A55) -> 0 | U55: =G55+L55+O55+R55 -> 0 | X55: =SUMIFS(予算!AP,予算!対象ユーザー名,B!K$1,予算!予算月,A$53) -> 0 | AA55: =U55/X55 -> #DIV/0! | AC55: =IFERROR(IF(((X55-U55)/AVERAGE(Y74,Y90,Y82))/U74<0,0,((X55-U55)/AVERAGE(Y74,Y90,Y82))/U74),0) -> 0 | AF55: AP | AL55: =SUMIFS(実績!見積額13,実績!報告者名13,B!$K$1,実績!月13,$AF$53,実績!受注確定13,AL$52,実績!工種13,$AF55) -> 0 | AO55: =SUMIFS(実績!見積額13,実績!報告者名13,B!$K$1,実績!月13,$AF$53,実績!受注確定13,AO$52,実績!工種13,$AF55) -> 0 | AR55: =SUM(AL55:AQ55) -> 0 | AU55: =SUMIFS(予算!AP,予算!対象ユーザー名,$K$1,予算!予算月,AF$53) -> 0 | AX55: =AR55/AU55 -> #DIV/0! | BA55: =SUMIFS(実績!見積額13,実績!報告者名13,B!$K$1,実績!月13,$AF$53,実績!受注確定13,BA$52,実績!工種13,$AF55) -> 0 | BD55: =AL55+AO55+BA55 -> 0 | BG55: =SUMIFS(予算!AP,予算!対象ユーザー名,$K$1,予算!予算月,AF$53) -> 0 | BJ55: =BD55/BG55 -> #DIV/0! | BQ55: AP | BW55: =SUMIFS(実績!見積額13,実績!報告者名13,B!$K$1,実績!月13,$BQ$53,実績!受注確定13,BW$53,実績!工種13,$BQ55) -> 0 | BZ55: =SUMIFS(実績!見積額13,実績!報告者名13,B!$K$1,実績!月13,BQ$53,実績!受注確定13,BZ54) -> 0 | CC55: =SUM(BW55+BZ55) -> 0 | CF55: =SUMIFS(予算!AP,予算!対象ユーザー名,$K$1,予算!予算月,BQ$53) -> 0 | CI55: =CC55/CF55 -> #DIV/0!
A56: SP | G56: =IFERROR(G75+G83+G91,G83+G91) -> 0 | J56: =IFERROR(L75*U75+L83*U83+L91*U91,L83*U83+L91*U91) -> 0 | L56: =SUMIFS(実績!見積額13,実績!報告者名13,B!$K$1,実績!月13,$A$53,実績!受注確定13,L$52,実績!工種13,$A56) -> 0 | O56: =SUMIFS(実績!見積額13,実績!報告者名13,B!$K$1,実績!月13,$A$53,実績!受注確定13,O$52,実績!工種13,$A56) -> 0 | R56: =SUMIFS(実績!見積額13,実績!報告者名13,B!$K$1,実績!月13,$A$53,実績!受注確定13,R$52,実績!工種13,$A56) -> 0 | U56: =G56+L56+O56+R56 -> 0 | X56: =SUMIFS(予算!SP,予算!対象ユーザー名,B!K$1,予算!予算月,A$53) -> 0 | AA56: =U56/X56 -> #DIV/0! | AC56: =IFERROR(IF(((X56-U56)/AVERAGE(Y75,Y91,Y83))/U75<0,0,((X56-U56)/AVERAGE(Y75,Y91,Y83))/U75),0) -> 0 | AF56: SP | AL56: =SUMIFS(実績!見積額13,実績!報告者名13,B!$K$1,実績!月13,$AF$53,実績!受注確定13,AL$52,実績!工種13,$AF56) -> 0 | AO56: =SUMIFS(実績!見積額13,実績!報告者名13,B!$K$1,実績!月13,$AF$53,実績!受注確定13,AO$52,実績!工種13,$AF56) -> 0 | AR56: =SUM(AL56:AQ56) -> 0 | AU56: =SUMIFS(予算!SP,予算!対象ユーザー名,$K$1,予算!予算月,AF$53) -> 0 | AX56: =AR56/AU56 -> #DIV/0! | BA56: =SUMIFS(実績!見積額13,実績!報告者名13,B!$K$1,実績!月13,$AF$53,実績!受注確定13,BA$52,実績!工種13,$AF56) -> 0 | BD56: =AL56+AO56+BA56 -> 0 | BG56: =SUMIFS(予算!SP,予算!対象ユーザー名,$K$1,予算!予算月,AF$53) -> 0 | BJ56: =BD56/BG56 -> #DIV/0! | BQ56: SP | BW56: =SUMIFS(実績!見積額13,実績!報告者名13,B!$K$1,実績!月13,$BQ$53,実績!受注確定13,BW$53,実績!工種13,$BQ56) -> 0 | BZ56: =SUMIFS(実績!見積額13,実績!報告者名13,B!$K$1,実績!月13,BQ$53,実績!受注確定13,BZ55) -> 0 | CC56: =SUM(BW56+BZ56) -> 0 | CF56: =SUMIFS(予算!SP,予算!対象ユーザー名,$K$1,予算!予算月,BQ$53) -> 0 | CI56: =CC56/CF56 -> #DIV/0!
A57: TB | G57: =IFERROR(G76+G84+G92,G84+G92) -> 0 | J57: =IFERROR(L76*U76+L84*U84+L92*U92,L84*U84+L92*U92) -> 0 | L57: =SUMIFS(実績!見積額13,実績!報告者名13,B!$K$1,実績!月13,$A$53,実績!受注確定13,L$52,実績!工種13,$A57) -> 0 | O57: =SUMIFS(実績!見積額13,実績!報告者名13,B!$K$1,実績!月13,$A$53,実績!受注確定13,O$52,実績!工種13,$A57) -> 0 | R57: =SUMIFS(実績!見積額13,実績!報告者名13,B!$K$1,実績!月13,$A$53,実績!受注確定13,R$52,実績!工種13,$A57) -> 0 | U57: =G57+L57+O57+R57 -> 0 | X57: =SUMIFS(予算!TB,予算!対象ユーザー名,B!K$1,予算!予算月,A$53) -> 0 | AA57: =U57/X57 -> #DIV/0! | AC57: =IFERROR(IF(((X57-U57)/AVERAGE(Y76,Y92,Y84))/U76<0,0,((X57-U57)/AVERAGE(Y76,Y92,Y84))/U76),0) -> 0 | AF57: TB | AL57: =SUMIFS(実績!見積額13,実績!報告者名13,B!$K$1,実績!月13,$AF$53,実績!受注確定13,AL$52,実績!工種13,$AF57) -> 0 | AO57: =SUMIFS(実績!見積額13,実績!報告者名13,B!$K$1,実績!月13,$AF$53,実績!受注確定13,AO$52,実績!工種13,$AF57) -> 0 | AR57: =SUM(AL57:AQ57) -> 0 | AU57: =SUMIFS(予算!TB,予算!対象ユーザー名,$K$1,予算!予算月,AF$53) -> 0 | AX57: =AR57/AU57 -> #DIV/0! | BA57: =SUMIFS(実績!見積額13,実績!報告者名13,B!$K$1,実績!月13,$AF$53,実績!受注確定13,BA$52,実績!工種13,$AF57) -> 0 | BD57: =AL57+AO57+BA57 -> 0 | BG57: =SUMIFS(予算!TB,予算!対象ユーザー名,$K$1,予算!予算月,AF$53) -> 0 | BJ57: =BD57/BG57 -> #DIV/0! | BQ57: TB | BW57: =SUMIFS(実績!見積額13,実績!報告者名13,B!$K$1,実績!月13,$BQ$53,実績!受注確定13,BW$53,実績!工種13,$BQ57) -> 0 | BZ57: =SUMIFS(実績!見積額13,実績!報告者名13,B!$K$1,実績!月13,BQ$53,実績!受注確定13,BZ56) -> 0 | CC57: =SUM(BW57+BZ57) -> 0 | CF57: =SUMIFS(予算!TB,予算!対象ユーザー名,$K$1,予算!予算月,BQ$53) -> 0 | CI57: =CC57/CF57 -> #DIV/0!
A58: その他 | G58: =IFERROR(G77+G85+G93,G85+G93) -> 0 | J58: =IFERROR(L77*U77+L85*U85+L93*U93,L85*U85+L93*U93) -> 0 | L58: =SUMIFS(実績!見積額13,実績!報告者名13,B!$K$1,実績!月13,$A$53,実績!受注確定13,L$52,実績!工種13,$A58) -> 0 | O58: =SUMIFS(実績!見積額13,実績!報告者名13,B!$K$1,実績!月13,$A$53,実績!受注確定13,O$52,実績!工種13,$A58) -> 0 | R58: =SUMIFS(実績!見積額13,実績!報告者名13,B!$K$1,実績!月13,$A$53,実績!受注確定13,R$52,実績!工種13,$A58) -> 0 | U58: =G58+L58+O58+R58 -> 0 | X58: =X54-X55-X56-X57 -> 0 | AA58: =U58/X58 -> #DIV/0! | AC58: =IFERROR(IF(((X58-U58)/AVERAGE(Y77,Y93,Y85))/U77<0,0,((X58-U58)/AVERAGE(Y77,Y93,Y85))/U77),0) -> 0 | AF58: その他 | AL58: =AL54-AL55-AL56-AL57 -> 0 | AO58: =AO54-AO55-AO56-AO57 -> 0 | AR58: =SUM(AL58:AQ58) -> 0 | AU58: =AU54-AU55-AU56-AU57 -> 0 | AX58: =AR58/AU58 -> #DIV/0! | BA58: =BA54-BA55-BA56-BA57 -> 0 | BD58: =AL58+AO58+BA58 -> 0 | BG58: =BG54-BG55-BG56-BG57 -> 0 | BJ58: =BD58/BG58 -> #DIV/0! | BQ58: その他 | BW58: =BW54-BW55-BW56-BW57 -> 0 | BZ58: =SUMIFS(実績!見積額13,実績!報告者名13,B!$K$1,実績!月13,BQ$53,実績!受注確定13,BZ57) -> 0 | CC58: =SUM(BW58+BZ58) -> 0 | CF58: =CF54-CF55-CF56-CF57 -> 0 | CI58: =CC58/CF58 -> #DIV/0!
A70: 〇当月〇
A71: 対象月 | G71: a*b*c | L71: a見積数 | P71: 見積金額 | U71: b受注率 | Y71: c平均単価
A72: =MONTH(R1)&"月" -> 10月
A73: 合計 | G73: =IFERROR(L73*Y73*U73,0) -> 0 | L73: =SUMIFS(見積!見積数,見積!報告者名,B!K$1,見積!月,A$72,見積!年,YEAR(B!R1)) -> 0 | P73: =SUMIFS(見積!見積額,見積!報告者名,B!K$1,見積!月,A$72,見積!年,YEAR(B!R1)) -> 0 | U73: =VLOOKUP(B!$K$1,受注率!$A$3:$P$15,2,FALSE) -> 0.082375479 | Y73: =IFERROR(P73/L73,"")
A74: AP | G74: =IFERROR(L74*Y74*U74,0) -> 0 | L74: =SUMIFS(見積!見積数,見積!報告者名,B!K$1,見積!月,A$72,見積!工種,A74,見積!年,YEAR(B!R1)) -> 0 | P74: =SUMIFS(見積!見積額,見積!報告者名,B!K$1,見積!月,A$72,見積!工種,A74,見積!年,YEAR(B!R1)) -> 0 | U74: =VLOOKUP(B!$K$1,受注率!$A$3:$P$15,3,FALSE) -> 0.12103746 | Y74: =IFERROR(P74/L74,"")
A75: SP | G75: =IFERROR(L75*Y75*U75,0) -> 0 | L75: =SUMIFS(見積!見積数,見積!報告者名,B!K$1,見積!月,A$72,見積!工種,A75,見積!年,YEAR(B!R1)) -> 0 | P75: =SUMIFS(見積!見積額,見積!報告者名,B!K$1,見積!月,A$72,見積!工種,A75,見積!年,YEAR(B!R1)) -> 0 | U75: =VLOOKUP(B!$K$1,受注率!$A$3:$P$15,4,FALSE) -> 0.1011236 | Y75: =IFERROR(P75/L75,"")
A76: TB | G76: =IFERROR(L76*Y76*U76,0) -> 0 | L76: =SUMIFS(見積!見積数,見積!報告者名,B!K$1,見積!月,A$72,見積!工種,A76,見積!年,YEAR(B!R1)) -> 0 | P76: =SUMIFS(見積!見積額,見積!報告者名,B!K$1,見積!月,A$72,見積!工種,A76,見積!年,YEAR(B!R1)) -> 0 | U76: =VLOOKUP(B!$K$1,受注率!$A$3:$P$15,5,FALSE) -> 0.057040998 | Y76: =IFERROR(P76/L76,"")
A77: その他 | G77: =IFERROR(L77*Y77*U77,0) -> 0 | L77: =L73-L74-L75-L76 -> 0 | P77: =P73-P74-P75-P76 -> 0 | U77: =VLOOKUP(B!$K$1,受注率!$A$3:$P$15,6,FALSE) -> 0.063829787 | Y77: =IFERROR(P77/L77,"")
A78: 〇前月〇 | AG78: 〇予算比（方針会議-目標70％）〇 | AY78: 〇予算比（営業面談A-目標80％）〇 | BR78: 〇予算比（方針会議-目標A+B 100％）〇 | CJ78: 〇予算比（営業面談A-目標Aのみ 90%）〇
A79: 対象月 | G79: a*b*c | L79: a見積数 | P79: 見積金額 | U79: b受注率 | Y79: c平均単価 | AF79: 対象月 | AL79: 予算差額 | AO79: 対象予算額 | AR79: 対象比率 | AU79: 最終予算額 | AX79: 対象月 | BD79: 予算差額 | BG79: 対象予算額 | BJ79: 対象比率 | BM79: 最終予算額 | BQ79: 対象月 | BW79: 予算差額 | BZ79: 対象予算額 | CC79: 対象比率 | CF79: 最終予算額 | CI79: 対象月 | CO79: 予算差額 | CR79: 対象予算額 | CU79: 対象比率 | CX79: 最終予算額
A80: =MONTH(EDATE(R1,-1))&"月" -> 9月 | AF80: =AF53 -> 11月 | AO80: 対象予算額 | AR80: 対象比率 | AU80: 最終予算額 | AX80: =AF53 -> 11月 | BG80: 対象予算額 | BJ80: 対象比率 | BM80: 最終予算額 | BQ80: =BQ53 -> 10月 | BZ80: 対象予算額 | CC80: 対象比率 | CF80: 最終予算額 | CI80: =BQ53 -> 10月 | CR80: 対象予算額 | CU80: 対象比率 | CX80: 最終予算額
A81: 合計 | G81: =IFERROR(L81*Y81*U81,0) -> 0 | L81: =SUMIFS(見積!見積数,見積!報告者名,B!K$1,見積!月,A$80,見積!年,YEAR(EDATE(B!R1,-1))) -> 0 | P81: =SUMIFS(見積!見積額,見積!報告者名,B!K$1,見積!月,A$80,見積!年,YEAR(EDATE(B!R1,-1))) -> 0 | U81: =VLOOKUP(B!$K$1,受注率!$A$3:$P$15,7,FALSE) -> 0.038314176 | Y81: =IFERROR(P81/L81,"") | AF81: 合計 | AL81: =AU54-AO81 -> 0 | AO81: =AU81*AR81 -> 0 | AR81: 0.7 | AU81: =SUMIFS(予算!目標金額,予算!対象ユーザー名,B!K$1,予算!予算月,AF$80) -> 0 | AX81: 合計 | BD81: =AU54-BG81 -> 0 | BG81: =BM81*BJ81 -> 0 | BJ81: 0.8 | BM81: =SUMIFS(予算!目標金額,予算!対象ユーザー名,B!K$1,予算!予算月,AX$80) -> 0 | BQ81: 合計 | BW81: =CC54-BZ81 -> 0 | BZ81: =CF81*CC81 -> 0 | CC81: 1 | CF81: =SUMIFS(予算!目標金額,予算!対象ユーザー名,B!$K$1,予算!予算月,BQ$80) -> 0 | CI81: 合計 | CO81: =BW54-CR81 -> 0 | CR81: =CX81*CU81 -> 0 | CU81: 0.9 | CX81: =SUMIFS(予算!目標金額,予算!対象ユーザー名,B!$K$1,予算!予算月,CI$80) -> 0
A82: AP | G82: =IFERROR(L82*Y82*U82,0) -> 0 | L82: =SUMIFS(見積!見積数,見積!報告者名,B!K$1,見積!月,A$80,見積!工種,A82,見積!年,YEAR(EDATE(B!R1,-1))) -> 0 | P82: =SUMIFS(見積!見積額,見積!報告者名,B!K$1,見積!月,A$80,見積!工種,A82,見積!年,YEAR(EDATE(B!R1,-1))) -> 0 | U82: =VLOOKUP(B!$K$1,受注率!$A$3:$P$15,8,FALSE) -> 0.04610951 | Y82: =IFERROR(P82/L82,"") | AF82: AP | AL82: =AU55-AO82 -> 0 | AO82: =AU82*AR82 -> 0 | AR82: 0.7 | AU82: =SUMIFS(予算!AP,予算!対象ユーザー名,B!$K$1,予算!予算月,AF$80) -> 0 | AX82: AP | BD82: =AU55-BG82 -> 0 | BG82: =BM82*BJ82 -> 0 | BJ82: 0.8 | BM82: =SUMIFS(予算!AP,予算!対象ユーザー名,B!$K$1,予算!予算月,AX$80) -> 0 | BQ82: AP | BW82: =CC55-BZ82 -> 0 | BZ82: =CF82*CC82 -> 0 | CC82: 1 | CF82: =SUMIFS(予算!AP,予算!対象ユーザー名,B!$K$1,予算!予算月,BQ$80) -> 0 | CI82: AP | CO82: =BW55-CR82 -> 0 | CR82: =CX82*CU82 -> 0 | CU82: 0.9 | CX82: =SUMIFS(予算!AP,予算!対象ユーザー名,B!$K$1,予算!予算月,CI$80) -> 0
A83: SP | G83: =IFERROR(L83*Y83*U83,0) -> 0 | L83: =SUMIFS(見積!見積数,見積!報告者名,B!K$1,見積!月,A$80,見積!工種,A83,見積!年,YEAR(EDATE(B!R1,-1))) -> 0 | P83: =SUMIFS(見積!見積額,見積!報告者名,B!K$1,見積!月,A$80,見積!工種,A83,見積!年,YEAR(EDATE(B!R1,-1))) -> 0 | U83: =VLOOKUP(B!$K$1,受注率!$A$3:$P$15,9,FALSE) -> 0.04494382 | Y83: =IFERROR(P83/L83,"") | AF83: SP | AL83: =AU56-AO83 -> 0 | AO83: =AU83*AR83 -> 0 | AR83: 0.7 | AU83: =SUMIFS(予算!SP,予算!対象ユーザー名,B!$K$1,予算!予算月,AF$80) -> 0 | AX83: SP | BD83: =AU56-BG83 -> 0 | BG83: =BM83*BJ83 -> 0 | BJ83: 0.8 | BM83: =SUMIFS(予算!SP,予算!対象ユーザー名,B!$K$1,予算!予算月,AX$80) -> 0 | BQ83: SP | BW83: =CC56-BZ83 -> 0 | BZ83: =CF83*CC83 -> 0 | CC83: 1 | CF83: =SUMIFS(予算!SP,予算!対象ユーザー名,B!$K$1,予算!予算月,BQ$80) -> 0 | CI83: SP | CO83: =BW56-CR83 -> 0 | CR83: =CX83*CU83 -> 0 | CU83: 0.9 | CX83: =SUMIFS(予算!SP,予算!対象ユーザー名,B!$K$1,予算!予算月,CI$80) -> 0
A84: TB | G84: =IFERROR(L84*Y84*U84,0) -> 0 | L84: =SUMIFS(見積!見積数,見積!報告者名,B!K$1,見積!月,A$80,見積!工種,A84,見積!年,YEAR(EDATE(B!R1,-1))) -> 0 | P84: =SUMIFS(見積!見積額,見積!報告者名,B!K$1,見積!月,A$80,見積!工種,A84,見積!年,YEAR(EDATE(B!R1,-1))) -> 0 | U84: =VLOOKUP(B!$K$1,受注率!$A$3:$P$15,10,FALSE) -> 0.033868093 | Y84: =IFERROR(P84/L84,"") | AF84: TB | AL84: =AU57-AO84 -> 0 | AO84: =AU84*AR84 -> 0 | AR84: 0.7 | AU84: =SUMIFS(予算!TB,予算!対象ユーザー名,B!$K$1,予算!予算月,AF$80) -> 0 | AX84: TB | BD84: =AU57-BG84 -> 0 | BG84: =BM84*BJ84 -> 0 | BJ84: 0.8 | BM84: =SUMIFS(予算!TB,予算!対象ユーザー名,B!$K$1,予算!予算月,AX$80) -> 0 | BQ84: TB | BW84: =CC57-BZ84 -> 0 | BZ84: =CF84*CC84 -> 0 | CC84: 1 | CF84: =SUMIFS(予算!TB,予算!対象ユーザー名,B!$K$1,予算!予算月,BQ$80) -> 0 | CI84: TB | CO84: =BW57-CR84 -> 0 | CR84: =CX84*CU84 -> 0 | CU84: 0.9 | CX84: =SUMIFS(予算!TB,予算!対象ユーザー名,B!$K$1,予算!予算月,CI$80) -> 0
